Workbook

Sheet Inputs
A1: Pre-weaned lamb feed: | E1: Profit calculator for producing lamb for the ethnic market
A2: Weaning weight | B2: 48 | C2: lb | E2: Dr. Richard Ehrhardt and Dr. Erin Recktenwald
A3: Weaning age | B3: 65 | C3: days | E3: Michigan State University
A4: Number of days creep fed | B4: 0 | C4: days | E4: Version 1.1; April 9, 2018
A5: Average lb creep fed per day | B5: 0.4 | C5: lb DM/day
A6: Average creep feed price | B6: 0.15 | C6: $/lb DM
A7: Cost of creep feed | B7: =B4*B5*B6 -> 0 | C7: $/lamb
A8: Number of days fed hay | B8: 0 | C8: days
A9: Average lb hay fed per day | B9: 0.2 | C9: lb DM/day
A10: Average hay price | B10: 0.07 | C10: $/lb DM
A11: Cost of hay fed to pre-weaned lambs | B11: =B8*B9*B10 -> 0 | C11: $/lamb
A12: Cost of pre-weaned lamb feed | B12: =B7+B11 -> 0 | C12: $/lamb
A14: Ewe performance and feed costs:
A15: Number of breeding ewes | B15: 100 | C15: ewes | E15: Ewe feed during maintenance | F15: 2.4 | G15: % BW
A16: Ewe body weight | B16: 175 | C16: lbs | E16: Ewe feed during pregnancy | F16: =IF(B21<1.5,2.8,3.2) -> 3.2 | G16: % BW
A17: Ewe maintenance feed price | B17: 0.042 | C17: $/lb DM | E17: Ewe feed during lactation | F17: =IF(B21<1.5,3.5,3.9) -> 3.9 | G17: % BW
A18: Ewe pregnancy/lactation feed price | B18: 0.057 | C18: $/lb DM | E18: Ewe feed during maintenance | F18: =B16*F15/100*B17 -> 0.1764 | G18: $/ewe/day
A19: Number of months between breedings | B19: 12 | C19: months/lambing period | E19: Ewe feed during pregnancy | F19: =F16/100*B16*B18 -> 0.3192 | G19: $/ewe/day
A20: Conception rate | B20: 94 | C20: % | E20: Ewe feed during lactation | F20: =B16*F17/100*B18 -> 0.389025 | G20: $/ewe/day
A21: Lambing rate | B21: 1.9 | C21: lambs/ewe | E21: Ewe feed for maintenance | F21: =(B19*30-4*7-B3)*F18 -> 47.0988 | G21: $/ewe/lambing period
A22: Newborn lamb mortality (birth to 1 week) | B22: 11 | C22: % died during first week/lambs born | E22: Ewe feed for pregnancy | F22: =4*7*F19 -> 8.9376 | G22: $/ewe/lambing period
A23: Pre-weaned lamb mortality (1 week old to weaning) | B23: 3 | C23: % died by weaning/lambs who survived first week | E23: Ewe feed for lactation | F23: =B3*F20 -> 25.286625 | G23: $/ewe/lambing period
A24: Number of lambs weaned: | B24: =B15*B20/100*B21*(1-B22/100)*(1-B23/100) -> 154.18538 | C24: lambs/lambing period | E24: Ewe feed costs (productive ewes) | F24: =F21+F22+F23 -> 81.323025 | G24: $/ewe/lambing period (only productive ewes)
A25: Number of lambs born per ewe | B25: =B21*B20/100 -> 1.786 | C25: lambs born/ewe/lambing period (includes non-preg) | E25: Ewe feed costs (all ewes) | F25: =(F18*365)*(1-B20/100)+F24*B20/100 -> 80.306804 | G25: $/ewe/lambing period (includes non-preg)
A26: Number of lambs weaned | B26: =B20/100*B21*(1-B22/100)*(1-B23/100) -> 1.5418538 | C26: lambs weaned/ewe/lambing period (includes non-preg) | E26: Ewe feed costs on a per lamb basis | F26: =F25/B26 -> 52.084577 | G26: $/weaned lamb/lambing period (includes non-preg)
A28: Ewe Labor and Health costs:
A29: Labor rate | B29: 10 | C29: $/hour
A30: Lambing labor | B30: 0.4 | C30: hours/ewe/lambing period
A31: Ewe general labor (feeding, checks, maintenance) | B31: 2.25 | C31: hours/ewe/lambing period
A32: Pregnant/Lactating ewe health costs | B32: 8 | C32: $/ewe/lambing period
A33: Non-pregnant or lactating ewe health costs | B33: 3 | C33: $/ewe/lambing period
A34: Ewe labor costs | B34: =B31*B29+B30*B29*(B20/100) -> 26.26 | C34: $/ewe/lambing period (includes non-preg)
A35: Ewe health costs | B35: =B32*B20/100+B33*(1-B20/100) -> 7.7 | C35: $/ewe/lambing period (includes non-preg)
A36: Ewe labor and health costs | B36: =SUM(B34:B35) -> 33.96 | C36: $/ewe/lambing period (includes non-preg)
A37: Ewe health and labor costs | B37: =B36/B26 -> 22.025435 | C37: $/weaned lamb/lambing period (includes non-preg)
A39: Ewe replacements:
A40: Replacement rate | B40: 15 | C40: % of lambs weaned kept at replacements
A41: Replacement feed price | B41: 0.065 | C41: $/lb DM
A42: Replacement body weight at first breeding | B42: 115 | C42: lbs
A43: Replacement age at first breeding | B43: 230 | C43: days
A44: Feed costs for ewe replacements | B44: =0.032*(B42-B2)/(LN(B42/B2)/(B43-B3))*B41 -> 26.317479 | C44: $/ewe replacement
A45: Feed costs for ewe replacements | B45: =B44*(B40/100) -> 3.9476218 | C45: $/weaned lamb/lambing period (includes non-preg; if culling ewes who will be replaced)
A47: Health and labor costs for ewe replacements | B47: 10 | C47: $/ewe replacement
A48: Health and labor costs for ewe replacements | B48: =B47*(B40/100) -> 1.5 | C48: $/weaned lamb/lambing period (includes non-preg; if culling ewes who will be replaced)
A50: Cull ewe market price | B50: 0.75 | C50: $/lb
A51: Cull ewe revenue | B51: =B50*B16*B40/100/B26 -> 12.76872 | C51: $/weaned lamb/lambing period (includes non-preg; if culling ewes who will be replaced)

Sheet Finishing
A1: Finishing lambs by weight: | D1: Select frame size and growth | G1: Intermittent costs, add $/lamb when occurs | K1: Costs that depend on lamb weight, enter $/lamb for each weight | P1: Cumulative values
A2: Lamb weight | B2: % Mature size | C2: Lamb age | D2: ADG | E2: Feed:gain | F2: Feed cost | G2: Health costs | H2: Mortality | I2: Bedding, misc. | J2: Labor | K2: Transportation | L2: Commission | M2: Shearing costs | N2: Wool revenue | O2: Shrink | P2: Health costs | Q2: Mortality | R2: Bedding, misc. | S2: Labor
A3: lb/lamb | B3: % | C3: days | D3: lb/day | E3: ratio | F3: $/lb DM | G3: $/lamb | H3: % of lambs weaned | I3: $/lamb | J3: hrs/lamb/day | K3: $/lamb sold | L3: $/lamb sold | M3: $/lamb | N3: $/lamb | O3: % | P3: $/lamb | Q3: % of lambs weaned | R3: $/lamb | S3: $/lamb
A4: =Inputs!B2 -> 48 | B4: =A4/Inputs!$B$16*100 -> 27.428571 | C4: =Inputs!B3 -> 65 | D4: 0.79958127 | E4: 2.9890645 | F4: 0.115 | G4: 0.85 | H4: 0.3 | I4: 1 | J4: 0.002 | K4: 2 | L4: 4 | M4: 0 | N4: 2 | O4: 5 | P4: =G4 -> 0.85 | Q4: =H4 -> 0.3 | R4: =I4 -> 1 | S4: =J4*(C5-C4)*Inputs!$B$29 -> 0.25013092
A5: =A4+10 -> 58 | B5: =A5/Inputs!$B$16*100 -> 33.142857 | C5: =C4+(A5-A4)/D4 -> 77.506546 | D5: 0.80548946 | E5: 3.4115903 | F5: 0.115 | H5: 0.3 | I5: 0.4 | J5: 0.002 | K5: 2.1 | L5: 4 | M5: 0 | N5: 2 | O5: 5 | P5: =G5+P4 -> 0.85 | Q5: =H5+Q4 -> 0.6 | R5: =I5+R4 -> 1.4 | S5: =J5*(C6-C5)*Inputs!$B$29+S4 -> 0.49842716
A6: =A5+10 -> 68 | B6: =A6/Inputs!$B$16*100 -> 38.857143 | C6: =C5+(A6-A5)/D5 -> 89.921358 | D6: 0.77446415 | E6: 3.9588663 | F6: 0.115 | H6: 0.2 | I6: 0.4 | J6: 0.002 | K6: 2.2 | L6: 4.5 | M6: 0 | N6: 2 | O6: 5 | P6: =G6+P5 -> 0.85 | Q6: 2 | R6: =I6+R5 -> 1.8 | S6: =J6*(C7-C6)*Inputs!$B$29+S5 -> 0.75667023
A7: =A6+10 -> 78 | B7: =A7/Inputs!$B$16*100 -> 44.571429 | C7: =C6+(A7-A6)/D6 -> 102.83351 | D7: 0.72062551 | E7: 4.640413 | F7: 0.115 | H7: 0.2 | I7: 0.4 | J7: 0.002 | K7: 2.3 | L7: 4.5 | M7: 0 | N7: 2 | O7: 5 | P7: =G7+P6 -> 0.85 | Q7: =H7+Q6 -> 2.2 | R7: =I7+R6 -> 2.2 | S7: =J7*(C8-C7)*Inputs!$B$29+S6 -> 1.0342069
A8: =A7+10 -> 88 | B8: =A8/Inputs!$B$16*100 -> 50.285714 | C8: =C7+(A8-A7)/D7 -> 116.71034 | D8: 0.65537759 | E8: 5.4655515 | F8: 0.115 | H8: 0.15 | I8: 0.4 | J8: 0.002 | K8: 2.4 | L8: 5 | M8: 0 | N8: 2 | O8: 4 | P8: =G8+P7 -> 0.85 | Q8: =H8+Q7 -> 2.35 | R8: =I8+R7 -> 2.6 | S8: =J8*(C9-C8)*Inputs!$B$29+S7 -> 1.3393745
A9: =A8+10 -> 98 | B9: =A9/Inputs!$B$16*100 -> 56 | C9: =C8+(A9-A8)/D8 -> 131.96872 | D9: 0.5866387 | E9: 6.443489 | F9: 0.11 | H9: 0.15 | I9: 0.4 | J9: 0.002 | K9: 2.5 | L9: 5 | M9: 0 | N9: 2 | O9: 4 | P9: =G9+P8 -> 0.85 | Q9: =H9+Q8 -> 2.5 | R9: =I9+R8 -> 3 | S9: =J9*(C10-C9)*Inputs!$B$29+S8 -> 1.6802998
A10: =A9+10 -> 108 | B10: =A10/Inputs!$B$16*100 -> 61.714286 | C10: =C9+(A10-A9)/D9 -> 149.01499 | D10: 0.51923927 | E10: 7.5841721 | F10: 0.11 | G10: 0.85 | H10: 0.15 | I10: 0.4 | J10: 0.002 | K10: 2.6 | L10: 5.5 | M10: 0 | N10: 2 | O10: 4 | P10: =G10+P9 -> 1.7 | Q10: =H10+Q9 -> 2.65 | R10: =I10+R9 -> 3.4 | S10: =J10*(C11-C10)*Inputs!$B$29+S9 -> 2.0654787
A11: =A10+10 -> 118 | B11: =A11/Inputs!$B$16*100 -> 67.428571 | C11: =C10+(A11-A10)/D10 -> 168.27394 | D11: 0.45573186 | E11: 8.8999702 | F11: 0.11 | H11: 0.15 | I11: 0.4 | J11: 0.002 | K11: 2.7 | L11: 5.5 | M11: 0 | N11: 2 | O11: 4 | P11: =G11+P10 -> 1.7 | Q11: =H11+Q10 -> 2.8 | R11: =I11+R10 -> 3.8 | S11: =J11*(C12-C11)*Inputs!$B$29+S10 -> 2.5043333
A12: =A11+10 -> 128 | B12: =A12/Inputs!$B$16*100 -> 73.142857 | C12: =C11+(A12-A11)/D11 -> 190.21666 | D12: 0.39717641 | E12: 10.408473 | F12: 0.11 | H12: 0.15 | I12: 0.4 | J12: 0.002 | K12: 2.8 | L12: 6 | M12: 0 | N12: 2 | O12: 4 | P12: =G12+P11 -> 1.7 | Q12: =H12+Q11 -> 2.95 | R12: =I12+R11 -> 4.2 | S12: =J12*(C13-C12)*Inputs!$B$29+S11 -> 3.0078878
A13: =A12+10 -> 138 | B13: =A13/Inputs!$B$16*100 -> 78.857143 | C13: =C12+(A13-A12)/D12 -> 215.39439 | D13: 0.34374155 | E13: 12.137025 | F13: 0.11 | H13: 0.15 | I13: 0.4 | J13: 0.002 | K13: 2.9 | L13: 6 | M13: 0 | N13: 2.75 | O13: 3 | P13: =G13+P12 -> 1.7 | Q13: =H13+Q12 -> 3.1 | R13: =I13+R12 -> 4.6 | S13: =J13*(C14-C13)*Inputs!$B$29+S12 -> 3.5897203
A14: =A13+10 -> 148 | B14: =A14/Inputs!$B$16*100 -> 84.571429 | C14: =C13+(A14-A13)/D13 -> 244.48602 | D14: 0.29511059 | E14: 14.130296 | F14: 0.11 | H14: 0.15 | I14: 0.4 | J14: 0.002 | K14: 3 | L14: 6.5 | M14: 3.5 | N14: 2.75 | O14: 3 | P14: =G14+P13 -> 1.7 | Q14: =H14+Q13 -> 3.25 | R14: =I14+R13 -> 5 | S14: =J14*(C15-C14)*Inputs!$B$29+S13 -> 4.2674323
A15: =A14+10 -> 158 | B15: =A15/Inputs!$B$16*100 -> 90.285714 | C15: =C14+(A15-A14)/D14 -> 278.37162 | D15: 0.25073374 | E15: 16.463679 | F15: 0.11 | H15: 0.15 | I15: 0.4 | J15: 0.002 | K15: 3.1 | L15: 6.5 | M15: 3.5 | N15: 2.75 | O15: 3 | P15: =G15+P14 -> 1.7 | Q15: =H15+Q14 -> 3.4 | R15: =I15+R14 -> 5.4 | S15: =J15*(C16-C15)*Inputs!$B$29+S14 -> 5.0650912
A16: =A15+10 -> 168 | B16: =A16/Inputs!$B$16*100 -> 96 | C16: =C15+(A16-A15)/D15 -> 318.25456 | D16: 0.20997478 | E16: 19.268981 | F16: 0.11 | H16: 0.15 | I16: 0.4 | J16: 0.002 | K16: 3.2 | L16: 6 | M16: 3.5 | N16: 2.75 | O16: 3 | P16: =G16+P15 -> 1.7 | Q16: =H16+Q15 -> 3.55 | R16: =I16+R15 -> 5.8 | S16: =J16*(C17-C16)*Inputs!$B$29+S15 -> 6.0175866
A17: =A16+10 -> 178 | B17: =A17/Inputs!$B$16*100 -> 101.71429 | C17: =C16+(A17-A16)/D16 -> 365.87933 | F17: 0.11 | H17: 0.15 | I17: 0.4 | J17: 0.002 | K17: 3.3 | L17: 6 | M17: 3.5 | N17: 2.75 | O17: 3 | P17: =G17+P16 -> 1.7 | Q17: =H17+Q16 -> 3.7 | R17: =I17+R16 -> 6.2 | S17: =J17*(C18-C17)*Inputs!$B$29+S16 -> #DIV/0!
A18: =A17+10 -> 188 | B18: =A18/Inputs!$B$16*100 -> 107.42857 | C18: =C17+(A18-A17)/D17 -> #DIV/0! | F18: 0.11 | H18: 0.15 | I18: 0.4 | J18: 0.002 | K18: 3.4 | L18: 6 | M18: 3.5 | N18: 2.75 | O18: 3 | P18: =G18+P17 -> 1.7 | Q18: =H18+Q17 -> 3.85 | R18: =I18+R17 -> 6.6 | S18: =J18*(C18-C17)*Inputs!$B$29+S17 -> #DIV/0!
L24: =100/35 -> 2.8571429
K25: =0.25/200 -> 0.00125 | L25: 150 | M25: =251/7433 -> 0.03376833 | N25: =L25*M25 -> 5.0652496
L26: 200 | M26: =251/7433 -> 0.03376833 | N26: =L26*M26 -> 6.7536661
L27: 250 | M27: =251/7433 -> 0.03376833 | N27: =L27*M27 -> 8.4420826

Sheet ADG_FG templates
A1: Frame | B1: Small= 136 lb | H1: Medium=170 lb | N1: Large= 204 lb
A2: Growth rate | B2: Slow | D2: Medium | F2: Fast | H2: Slow | J2: Medium | L2: Fast | N2: Slow | P2: Medium | R2: Fast
A3: Weight | B3: ADG | C3: Feed:Gain | D3: ADG | E3: Feed:Gain | F3: ADG | G3: Feed:Gain | H3: ADG | I3: Feed:Gain | J3: ADG | K3: Feed:Gain | L3: ADG | M3: Feed:Gain | N3: ADG | O3: Feed:Gain | P3: ADG | Q3: Feed:Gain | R3: ADG | S3: Feed:Gain
A4: 30 | B4: 0.30868281 | C4: 4.0258344 | D4: 0.54977192 | E4: 2.7447746 | F4: 0.81077977 | G4: 2.1896133 | H4: 0.35179825 | I4: 3.6377802 | J4: 0.62491499 | K4: 2.4867382 | L4: 0.92627678 | M4: 1.9737462 | N4: 0.37928126 | O4: 3.4393225 | P4: 0.67259887 | Q4: 2.3550441 | R4: 1.0000323 | S4: 1.8634692
A5: 40 | B5: 0.35243219 | C5: 4.4677765 | D5: 0.61000371 | E5: 3.1344072 | F5: 0.88136347 | G5: 2.5521954 | H5: 0.43017788 | I5: 3.8134704 | J5: 0.74259686 | K5: 2.6824784 | L5: 1.0801621 | M5: 2.169609 | N5: 0.48227629 | O5: 3.4925875 | P5: 0.83185877 | Q5: 2.4587507 | R5: 1.2158078 | S5: 1.9791569
A6: 50 | B6: 0.35876372 | C6: 5.1992273 | D6: 0.60959021 | E6: 3.7156109 | F6: 0.86716063 | G6: 3.0729092 | H6: 0.47295488 | I6: 4.161571 | J6: 0.79958127 | K6: 2.9890645 | L6: 1.1449372 | M6: 2.4558244 | N6: 0.55515061 | O6: 3.6690273 | P6: 0.93797507 | Q6: 2.636886 | R6: 1.3510965 | S6: 2.153661
A7: 60 | B7: 0.33877197 | C7: 6.2426166 | D7: 0.56992671 | E7: 4.5058425 | F7: 0.80207971 | G7: 3.7666786 | H7: 0.48385237 | I7: 4.677168 | J7: 0.80548946 | K7: 3.4115903 | L7: 1.1385893 | M7: 2.839427 | N7: 0.59735713 | O7: 3.9538866 | P7: 0.99283932 | Q7: 2.8886849 | R7: 1.4120304 | S7: 2.3895502
A8: 70 | B8: 0.30402251 | C8: 7.6414621 | D8: 0.51060761 | E8: 5.5247903 | F8: 0.71430237 | G8: 4.6462446 | H8: 0.47014606 | I8: 5.3705463 | J8: 0.77446415 | K8: 3.9588663 | L8: 1.0837668 | M8: 3.328261 | N8: 0.61179405 | O8: 4.346971 | P8: 1.0035925 | Q8: 3.2177735 | R8: 1.4117288 | S8: 2.6911796
A9: 80 | B9: 0.26328471 | C9: 9.4587831 | D9: 0.4451796 | E9: 6.7927641 | F9: 0.62186143 | G9: 5.7209644 | H9: 0.4399949 | I9: 6.2588961 | J9: 0.72062551 | K9: 4.640413 | L9: 1.0012276 | M9: 3.9292939 | N9: 0.60355447 | O9: 4.8538596 | P9: 0.98019817 | Q9: 3.6291981 | R9: 1.366272 | S9: 3.0631515
A10: 90 | B10: 0.22192892 | C10: 11.789148 | D10: 0.38125689 | E10: 8.3329642 | F10: 0.53412432 | G10: 6.9977099 | H10: 0.40055114 | I10: 7.3645587 | J10: 0.65537759 | K10: 5.4655515 | L10: 0.90665192 | M10: 4.6479995 | N10: 0.57855807 | O10: 5.4830024 | P10: 0.93307175 | Q10: 4.1282999 | R10: 1.2912252 | S10: 3.5096625
A11: 100 | B11: 0.18265807 | C11: 14.788158 | D11: 0.32228115 | E11: 10.177449 | F11: 0.45485689 | G11: 8.4835992 | H11: 0.35714408 | I11: 8.7162055 | J11: 0.5866387 | K11: 6.443489 | L11: 0.81027899 | M11: 5.4883057 | N11: 0.54244555 | O11: 6.244776 | P11: 0.8714214 | Q11: 4.7202574 | R11: 1.1995485 | S11: 4.0341976
A12: 110 | B12: 0.1464825 | C12: 18.738235 | D12: 0.26925578 | E12: 12.378564 | F12: 0.38477137 | G12: 10.190926 | H12: 0.31326247 | I12: 10.352529 | J12: 0.51923927 | K12: 7.5841721 | L12: 0.71795305 | M12: 6.4529863 | N12: 0.49992723 | O12: 7.1514722 | P12: 0.8024688 | Q12: 5.4099715 | R12: 1.1008809 | S12: 4.6394218
A13: 120 | B13: 0.11348229 | C13: 24.209013 | D13: 0.22194642 | E13: 15.030654 | F13: 0.32314228 | G13: 12.145442 | H13: 0.27091736 | I13: 12.329351 | J13: 0.45573186 | K13: 8.8999702 | L13: 0.63248363 | M13: 7.5444873 | N13: 0.454557 | O13: 8.217956 | P13: 0.7313541 | Q13: 6.202194 | R13: 1.0017363 | S13: 5.327221
A14: 130 | B14: 0.083290186 | C14: 32.519897 | D14: 0.17958279 | E14: 18.314673 | F14: 0.26869203 | G14: 14.400917 | H14: 0.23108376 | I14: 14.732626 | J14: 0.39717641 | K14: 10.408473 | L14: 0.55480149 | M14: 8.7662515 | N14: 0.40879041 | O14: 9.4630208 | P14: 0.66142093 | Q14: 7.1018819 | R14: 0.90611336 | S14: 6.0988777
A15: 140 | H15: 0.19407764 | I15: 17.703042 | J15: 0.34374155 | K15: 12.137025 | L15: 0.48477848 | M15: 10.124697 | N15: 0.36417917 | O15: 10.911673 | P15: 0.59463359 | Q15: 8.1148011 | R15: 0.81618267 | S15: 6.9553826
A16: 150 | H16: 0.15982981 | I16: 21.48609 | J16: 0.29511059 | K16: 14.130296 | L16: 0.42175057 | M16: 11.632189 | N16: 0.32159825 | O16: 12.598839 | P16: 0.53198136 | Q16: 9.2484443 | R16: 0.73288301 | S16: 7.897898
A17: 160 | H17: 0.1280662 | I17: 26.545095 | J17: 0.25073374 | K17: 16.463679 | L17: 0.36482738 | M17: 13.311694 | N17: 0.2814506 | O17: 14.575469 | P17: 0.47380865 | Q17: 10.513386 | R17: 0.65637633 | S17: 8.9284026
A18: 170 | H18: 0.098418697 | I18: 33.855356 | J18: 0.20997478 | K18: 19.268981 | L18: 0.31306328 | M18: 15.204594 | N18: 0.24382919 | O18: 16.918948 | P18: 0.42005925 | Q18: 11.925302 | R18: 0.58636739 | S18: 10.050582
A19: 180 | N19: 0.20863532 | O19: 19.751887 | P19: 0.37044531 | Q19: 13.508067 | R19: 0.52231571 | S19: 11.271074
A20: 190 | N20: 0.17566023 | O20: 23.278451 | P20: 0.32455853 | Q20: 15.29873 | R20: 0.46356933 | S20: 12.601284
A21: 200 | N21: 0.1446388 | O21: 27.861153 | P21: 0.28194008 | Q21: 17.355934 | R21: 0.40944543 | S21: 14.060146

Sheet Profit
A1: Profit by lamb weight: | K1: Cumulative
A2: Lamb weight | B2: Market price | C2: Profit | D2: Profit | E2: Cost of production | F2: Cost of production | G2: Sales revenue | H2: Feed intake | I2: Feed cost | J2: Feed cost | K2: Feed costs | L2: Lamb revenue | M2: Checkoff | N2: Ewe feed | O2: Ewe labor and health | P2: Feed costs replmt | Q2: Replmt labor and health | R2: Cull ewe revenue
A3: lb/lamb | B3: $/lb | C3: $/lamb sold | D3: $/ewe | E3: $/lamb sold | F3: $/lamb that died | G3: $/lamb sold | H3: lb/day/lamb | I3: $/day/lamb | J3: $/period/lamb | K3: $/lamb sold | L3: $/lamb sold | M3: $/lamb sold | N3: $/lamb weaned for sale | O3: $/lamb weaned for sale | P3: $/lamb weaned | Q3: $/lamb weaned | R3: $/lamb weaned
A4: =Finishing!A4 -> 48 | B4: 2.4 | C4: =G4-E4-F4 -> 20.693848 | D4: =C4*Inputs!$B$26*(1-Finishing!Q4/100) -> 31.811168 | E4: =K4+M4+Finishing!P4+Finishing!R4+Finishing!S4+Finishing!K4+Finishing!L4+Finishing!M4+(N4+O4+P4+Q4) -> 105.47077 | F4: =(K4+Finishing!P4+Finishing!R4+Finishing!S4+Finishing!M4+(N4+O4+P4+Q4))*(Finishing!Q4/100) -> 0.29740431 | G4: =L4+Finishing!N4+R4 -> 126.46202 | H4: =Finishing!E4*Finishing!D4 -> 2.39 | I4: =H4*Finishing!F4 -> 0.27485 | J4: =I4*(Finishing!C5-Finishing!C4) -> 3.4374242 | K4: =J4+Inputs!B12 -> 3.4374242 | L4: =A4*(1-Finishing!O4/100)*B4 -> 109.44 | M4: =0.007*A4 -> 0.336 | N4: =Inputs!$F$26/(1-Inputs!$B$40/100) -> 61.275973 | O4: =Inputs!$B$37/(1-Inputs!$B$40/100) -> 25.912276 | P4: =Inputs!$B$45/(1-Inputs!$B$40/100) -> 4.6442609 | Q4: =Inputs!$B$48/(1-Inputs!$B$40/100) -> 1.7647059 | R4: =Inputs!$B$51/(1-Inputs!$B$40/100) -> 15.022024
A5: =Finishing!A5 -> 58 | B5: 2.3 | C5: =G5-E5-F5 -> 32.917389 | D5: =C5*Inputs!$B$26*(1-Finishing!Q5/100) -> 50.449279 | E5: =K5+M5+Finishing!P5+Finishing!R5+Finishing!S5+Finishing!K5+Finishing!L5+Finishing!M5+(N5+O5+P5+Q5) -> 110.2124 | F5: =(K5+Finishing!P5+Finishing!R5+Finishing!S5+Finishing!M5+(N5+O5+P5+Q5))*(Finishing!Q5/100) -> 0.62223838 | G5: =L5+Finishing!N5+R5 -> 143.75202 | H5: =Finishing!E5*Finishing!D5 -> 2.748 | I5: =H5*Finishing!F5 -> 0.31602 | J5: =I5*(Finishing!C6-Finishing!C5) -> 3.9233288 | K5: =J5+K4 -> 7.360753 | L5: =A5*(1-Finishing!O5/100)*B5 -> 126.73 | M5: =0.007*A5 -> 0.406 | N5: =Inputs!$F$26/(1-Inputs!$B$40/100) -> 61.275973 | O5: =Inputs!$B$37/(1-Inputs!$B$40/100) -> 25.912276 | P5: =Inputs!$B$45/(1-Inputs!$B$40/100) -> 4.6442609 | Q5: =Inputs!$B$48/(1-Inputs!$B$40/100) -> 1.7647059 | R5: =Inputs!$B$51/(1-Inputs!$B$40/100) -> 15.022024
A6: =Finishing!A6 -> 68 | B6: 2.25 | C6: =G6-E6-F6 -> 44.100342 | D6: =C6*Inputs!$B$26*(1-Finishing!Q6/100) -> 66.636354 | E6: =K6+M6+Finishing!P6+Finishing!R6+Finishing!S6+Finishing!K6+Finishing!L6+Finishing!M6+(N6+O6+P6+Q6) -> 116.09334 | F6: =(K6+Finishing!P6+Finishing!R6+Finishing!S6+Finishing!M6+(N6+O6+P6+Q6))*(Finishing!Q6/100) -> 2.1783467 | G6: =L6+Finishing!N6+R6 -> 162.37202 | H6: =Finishing!E6*Finishing!D6 -> 3.066 | I6: =H6*Finishing!F6 -> 0.35259 | J6: =I6*(Finishing!C7-Finishing!C6) -> 4.5526962 | K6: =J6+K5 -> 11.913449 | L6: =A6*(1-Finishing!O6/100)*B6 -> 145.35 | M6: =0.007*A6 -> 0.476 | N6: =Inputs!$F$26/(1-Inputs!$B$40/100) -> 61.275973 | O6: =Inputs!$B$37/(1-Inputs!$B$40/100) -> 25.912276 | P6: =Inputs!$B$45/(1-Inputs!$B$40/100) -> 4.6442609 | Q6: =Inputs!$B$48/(1-Inputs!$B$40/100) -> 1.7647059 | R6: =Inputs!$B$51/(1-Inputs!$B$40/100) -> 15.022024
A7: =Finishing!A7 -> 78 | B7: 2.15 | C7: =G7-E7-F7 -> 51.531187 | D7: =C7*Inputs!$B$26*(1-Finishing!Q7/100) -> 77.705578 | E7: =K7+M7+Finishing!P7+Finishing!R7+Finishing!S7+Finishing!K7+Finishing!L7+Finishing!M7+(N7+O7+P7+Q7) -> 122.27735 | F7: =(K7+Finishing!P7+Finishing!R7+Finishing!S7+Finishing!M7+(N7+O7+P7+Q7))*(Finishing!Q7/100) -> 2.5284896 | G7: =L7+Finishing!N7+R7 -> 176.33702 | H7: =Finishing!E7*Finishing!D7 -> 3.344 | I7: =H7*Finishing!F7 -> 0.38456 | J7: =I7*(Finishing!C8-Finishing!C7) -> 5.336475 | K7: =J7+K6 -> 17.249924 | L7: =A7*(1-Finishing!O7/100)*B7 -> 159.315 | M7: =0.007*A7 -> 0.546 | N7: =Inputs!$F$26/(1-Inputs!$B$40/100) -> 61.275973 | O7: =Inputs!$B$37/(1-Inputs!$B$40/100) -> 25.912276 | P7: =Inputs!$B$45/(1-Inputs!$B$40/100) -> 4.6442609 | Q7: =Inputs!$B$48/(1-Inputs!$B$40/100) -> 1.7647059 | R7: =Inputs!$B$51/(1-Inputs!$B$40/100) -> 15.022024
A8: =Finishing!A8 -> 88 | B8: 2.05 | C8: =G8-E8-F8 -> 57.40296 | D8: =C8*Inputs!$B$26*(1-Finishing!Q8/100) -> 86.427058 | E8: =K8+M8+Finishing!P8+Finishing!R8+Finishing!S8+Finishing!K8+Finishing!L8+Finishing!M8+(N8+O8+P8+Q8) -> 129.9379 | F8: =(K8+Finishing!P8+Finishing!R8+Finishing!S8+Finishing!M8+(N8+O8+P8+Q8))*(Finishing!Q8/100) -> 2.8651646 | G8: =L8+Finishing!N8+R8 -> 190.20602 | H8: =Finishing!E8*Finishing!D8 -> 3.582 | I8: =H8*Finishing!F8 -> 0.41193 | J8: =I8*(Finishing!C9-Finishing!C8) -> 6.2853843 | K8: =J8+K7 -> 23.535308 | L8: =A8*(1-Finishing!O8/100)*B8 -> 173.184 | M8: =0.007*A8 -> 0.616 | N8: =Inputs!$F$26/(1-Inputs!$B$40/100) -> 61.275973 | O8: =Inputs!$B$37/(1-Inputs!$B$40/100) -> 25.912276 | P8: =Inputs!$B$45/(1-Inputs!$B$40/100) -> 4.6442609 | Q8: =Inputs!$B$48/(1-Inputs!$B$40/100) -> 1.7647059 | R8: =Inputs!$B$51/(1-Inputs!$B$40/100) -> 15.022024
A9: =Finishing!A9 -> 98 | B9: 1.95 | C9: =G9-E9-F9 -> 59.297595 | D9: =C9*Inputs!$B$26*(1-Finishing!Q9/100) -> 89.142517 | E9: =K9+M9+Finishing!P9+Finishing!R9+Finishing!S9+Finishing!K9+Finishing!L9+Finishing!M9+(N9+O9+P9+Q9) -> 137.93666 | F9: =(K9+Finishing!P9+Finishing!R9+Finishing!S9+Finishing!M9+(N9+O9+P9+Q9))*(Finishing!Q9/100) -> 3.2437666 | G9: =L9+Finishing!N9+R9 -> 200.47802 | H9: =Finishing!E9*Finishing!D9 -> 3.78 | I9: =H9*Finishing!F9 -> 0.4158 | J9: =I9*(Finishing!C10-Finishing!C9) -> 7.0878379 | K9: =J9+K8 -> 30.623146 | L9: =A9*(1-Finishing!O9/100)*B9 -> 183.456 | M9: =0.007*A9 -> 0.686 | N9: =Inputs!$F$26/(1-Inputs!$B$40/100) -> 61.275973 | O9: =Inputs!$B$37/(1-Inputs!$B$40/100) -> 25.912276 | P9: =Inputs!$B$45/(1-Inputs!$B$40/100) -> 4.6442609 | Q9: =Inputs!$B$48/(1-Inputs!$B$40/100) -> 1.7647059 | R9: =Inputs!$B$51/(1-Inputs!$B$40/100) -> 15.022024
A10: =Finishing!A10 -> 108 | B10: 1.85 | C10: =G10-E10-F10 -> 56.54279 | D10: =C10*Inputs!$B$26*(1-Finishing!Q10/100) -> 84.870427 | E10: =K10+M10+Finishing!P10+Finishing!R10+Finishing!S10+Finishing!K10+Finishing!L10+Finishing!M10+(N10+O10+P10+Q10) -> 148.58443 | F10: =(K10+Finishing!P10+Finishing!R10+Finishing!S10+Finishing!M10+(N10+O10+P10+Q10))*(Finishing!Q10/100) -> 3.7028034 | G10: =L10+Finishing!N10+R10 -> 208.83002 | H10: =Finishing!E10*Finishing!D10 -> 3.938 | I10: =H10*Finishing!F10 -> 0.43318 | J10: =I10*(Finishing!C11-Finishing!C10) -> 8.3425894 | K10: =J10+K9 -> 38.965736 | L10: =A10*(1-Finishing!O10/100)*B10 -> 191.808 | M10: =0.007*A10 -> 0.756 | N10: =Inputs!$F$26/(1-Inputs!$B$40/100) -> 61.275973 | O10: =Inputs!$B$37/(1-Inputs!$B$40/100) -> 25.912276 | P10: =Inputs!$B$45/(1-Inputs!$B$40/100) -> 4.6442609 | Q10: =Inputs!$B$48/(1-Inputs!$B$40/100) -> 1.7647059 | R10: =Inputs!$B$51/(1-Inputs!$B$40/100) -> 15.022024
A11: =Finishing!A11 -> 118 | B11: 1.68 | C11: =G11-E11-F11 -> 43.739168 | D11: =C11*Inputs!$B$26*(1-Finishing!Q11/100) -> 65.5511 | E11: =K11+M11+Finishing!P11+Finishing!R11+Finishing!S11+Finishing!K11+Finishing!L11+Finishing!M11+(N11+O11+P11+Q11) -> 159.38325 | F11: =(K11+Finishing!P11+Finishing!R11+Finishing!S11+Finishing!M11+(N11+O11+P11+Q11))*(Finishing!Q11/100) -> 4.2100031 | G11: =L11+Finishing!N11+R11 -> 207.33242 | H11: =Finishing!E11*Finishing!D11 -> 4.056 | I11: =H11*Finishing!F11 -> 0.44616 | J11: =I11*(Finishing!C12-Finishing!C11) -> 9.7899672 | K11: =J11+K10 -> 48.755703 | L11: =A11*(1-Finishing!O11/100)*B11 -> 190.3104 | M11: =0.007*A11 -> 0.826 | N11: =Inputs!$F$26/(1-Inputs!$B$40/100) -> 61.275973 | O11: =Inputs!$B$37/(1-Inputs!$B$40/100) -> 25.912276 | P11: =Inputs!$B$45/(1-Inputs!$B$40/100) -> 4.6442609 | Q11: =Inputs!$B$48/(1-Inputs!$B$40/100) -> 1.7647059 | R11: =Inputs!$B$51/(1-Inputs!$B$40/100) -> 15.022024
A12: =Finishing!A12 -> 128 | B12: 1.65 | C12: =G12-E12-F12 -> 42.567948 | D12: =C12*Inputs!$B$26*(1-Finishing!Q12/100) -> 63.697362 | E12: =K12+M12+Finishing!P12+Finishing!R12+Finishing!S12+Finishing!K12+Finishing!L12+Finishing!M12+(N12+O12+P12+Q12) -> 172.40613 | F12: =(K12+Finishing!P12+Finishing!R12+Finishing!S12+Finishing!M12+(N12+O12+P12+Q12))*(Finishing!Q12/100) -> 4.7999488 | G12: =L12+Finishing!N12+R12 -> 219.77402 | H12: =Finishing!E12*Finishing!D12 -> 4.134 | I12: =H12*Finishing!F12 -> 0.45474 | J12: =I12*(Finishing!C13-Finishing!C12) -> 11.44932 | K12: =J12+K11 -> 60.205023 | L12: =A12*(1-Finishing!O12/100)*B12 -> 202.752 | M12: =0.007*A12 -> 0.896 | N12: =Inputs!$F$26/(1-Inputs!$B$40/100) -> 61.275973 | O12: =Inputs!$B$37/(1-Inputs!$B$40/100) -> 25.912276 | P12: =Inputs!$B$45/(1-Inputs!$B$40/100) -> 4.6442609 | Q12: =Inputs!$B$48/(1-Inputs!$B$40/100) -> 1.7647059 | R12: =Inputs!$B$51/(1-Inputs!$B$40/100) -> 15.022024
A13: =Finishing!A13 -> 138 | B13: 1.6 | C13: =G13-E13-F13 -> 39.551013 | D13: =C13*Inputs!$B$26*(1-Finishing!Q13/100) -> 59.091441 | E13: =K13+M13+Finishing!P13+Finishing!R13+Finishing!S13+Finishing!K13+Finishing!L13+Finishing!M13+(N13+O13+P13+Q13) -> 186.90869 | F13: =(K13+Finishing!P13+Finishing!R13+Finishing!S13+Finishing!M13+(N13+O13+P13+Q13))*(Finishing!Q13/100) -> 5.4883233 | G13: =L13+Finishing!N13+R13 -> 231.94802 | H13: =Finishing!E13*Finishing!D13 -> 4.172 | I13: =H13*Finishing!F13 -> 0.45892 | J13: =I13*(Finishing!C14-Finishing!C13) -> 13.350728 | K13: =J13+K12 -> 73.555751 | L13: =A13*(1-Finishing!O13/100)*B13 -> 214.176 | M13: =0.007*A13 -> 0.966 | N13: =Inputs!$F$26/(1-Inputs!$B$40/100) -> 61.275973 | O13: =Inputs!$B$37/(1-Inputs!$B$40/100) -> 25.912276 | P13: =Inputs!$B$45/(1-Inputs!$B$40/100) -> 4.6442609 | Q13: =Inputs!$B$48/(1-Inputs!$B$40/100) -> 1.7647059 | R13: =Inputs!$B$51/(1-Inputs!$B$40/100) -> 15.022024
A14: =Finishing!A14 -> 148 | B14: 1.55 | C14: =G14-E14-F14 -> 26.182478 | D14: =C14*Inputs!$B$26*(1-Finishing!Q14/100) -> 39.057542 | E14: =K14+M14+Finishing!P14+Finishing!R14+Finishing!S14+Finishing!K14+Finishing!L14+Finishing!M14+(N14+O14+P14+Q14) -> 207.69973 | F14: =(K14+Finishing!P14+Finishing!R14+Finishing!S14+Finishing!M14+(N14+O14+P14+Q14))*(Finishing!Q14/100) -> 6.4078211 | G14: =L14+Finishing!N14+R14 -> 240.29002 | H14: =Finishing!E14*Finishing!D14 -> 4.17 | I14: =H14*Finishing!F14 -> 0.4587 | J14: =I14*(Finishing!C15-Finishing!C14) -> 15.543325 | K14: =J14+K13 -> 89.099077 | L14: =A14*(1-Finishing!O14/100)*B14 -> 222.518 | M14: =0.007*A14 -> 1.036 | N14: =Inputs!$F$26/(1-Inputs!$B$40/100) -> 61.275973 | O14: =Inputs!$B$37/(1-Inputs!$B$40/100) -> 25.912276 | P14: =Inputs!$B$45/(1-Inputs!$B$40/100) -> 4.6442609 | Q14: =Inputs!$B$48/(1-Inputs!$B$40/100) -> 1.7647059 | R14: =Inputs!$B$51/(1-Inputs!$B$40/100) -> 15.022024
A15: =Finishing!A15 -> 158 | B15: 1.4 | C15: =G15-E15-F15 -> -2.2014363 | D15: =C15*Inputs!$B$26*(1-Finishing!Q15/100) -> -3.278887 | E15: =K15+M15+Finishing!P15+Finishing!R15+Finishing!S15+Finishing!K15+Finishing!L15+Finishing!M15+(N15+O15+P15+Q15) -> 227.17743 | F15: =(K15+Finishing!P15+Finishing!R15+Finishing!S15+Finishing!M15+(N15+O15+P15+Q15))*(Finishing!Q15/100) -> 7.3600287 | G15: =L15+Finishing!N15+R15 -> 232.33602 | H15: =Finishing!E15*Finishing!D15 -> 4.128 | I15: =H15*Finishing!F15 -> 0.45408 | J15: =I15*(Finishing!C16-Finishing!C15) -> 18.110047 | K15: =J15+K14 -> 107.20912 | L15: =A15*(1-Finishing!O15/100)*B15 -> 214.564 | M15: =0.007*A15 -> 1.106 | N15: =Inputs!$F$26/(1-Inputs!$B$40/100) -> 61.275973 | O15: =Inputs!$B$37/(1-Inputs!$B$40/100) -> 25.912276 | P15: =Inputs!$B$45/(1-Inputs!$B$40/100) -> 4.6442609 | Q15: =Inputs!$B$48/(1-Inputs!$B$40/100) -> 1.7647059 | R15: =Inputs!$B$51/(1-Inputs!$B$40/100) -> 15.022024
A16: =Finishing!A16 -> 168 | B16: 1.3 | C16: =G16-E16-F16 -> -28.260985 | D16: =C16*Inputs!$B$26*(1-Finishing!Q16/100) -> -42.027419 | E16: =K16+M16+Finishing!P16+Finishing!R16+Finishing!S16+Finishing!K16+Finishing!L16+Finishing!M16+(N16+O16+P16+Q16) -> 249.39581 | F16: =(K16+Finishing!P16+Finishing!R16+Finishing!S16+Finishing!M16+(N16+O16+P16+Q16))*(Finishing!Q16/100) -> 8.4852031 | G16: =L16+Finishing!N16+R16 -> 229.62002 | H16: =Finishing!E16*Finishing!D16 -> 4.046 | I16: =H16*Finishing!F16 -> 0.44506 | J16: =I16*(Finishing!C17-Finishing!C16) -> 21.195879 | K16: =J16+K15 -> 128.405 | L16: =A16*(1-Finishing!O16/100)*B16 -> 211.848 | M16: =0.007*A16 -> 1.176 | N16: =Inputs!$F$26/(1-Inputs!$B$40/100) -> 61.275973 | O16: =Inputs!$B$37/(1-Inputs!$B$40/100) -> 25.912276 | P16: =Inputs!$B$45/(1-Inputs!$B$40/100) -> 4.6442609 | Q16: =Inputs!$B$48/(1-Inputs!$B$40/100) -> 1.7647059 | R16: =Inputs!$B$51/(1-Inputs!$B$40/100) -> 15.022024
A17: =Finishing!A17 -> 178 | C17: =G17-E17-F17 -> #DIV/0! | D17: =C17*Inputs!$B$26*(1-Finishing!Q17/100) -> #DIV/0! | E17: =K17+M17+Finishing!P17+Finishing!R17+Finishing!S17+Finishing!K17+Finishing!L17+Finishing!M17+(N17+O17+P17+Q17) -> #DIV/0! | F17: =(K17+Finishing!P17+Finishing!R17+Finishing!S17+Finishing!M17+(N17+O17+P17+Q17))*(Finishing!Q17/100) -> #DIV/0! | G17: =L17+Finishing!N17+R17 -> 17.772024 | H17: =Finishing!E17*Finishing!D17 -> 0 | I17: =H17*Finishing!F17 -> 0 | J17: =I17*(Finishing!C18-Finishing!C17) -> #DIV/0! | K17: =J17+K16 -> #DIV/0! | L17: =A17*(1-Finishing!O17/100)*B17 -> 0 | M17: =0.007*A17 -> 1.246 | N17: =Inputs!$F$26/(1-Inputs!$B$40/100) -> 61.275973 | O17: =Inputs!$B$37/(1-Inputs!$B$40/100) -> 25.912276 | P17: =Inputs!$B$45/(1-Inputs!$B$40/100) -> 4.6442609 | Q17: =Inputs!$B$48/(1-Inputs!$B$40/100) -> 1.7647059 | R17: =Inputs!$B$51/(1-Inputs!$B$40/100) -> 15.022024
A18: =Finishing!A18 -> 188 | C18: =G18-E18-F18 -> #DIV/0! | D18: =C18*Inputs!$B$26*(1-Finishing!Q18/100) -> #DIV/0! | E18: =K18+M18+Finishing!P18+Finishing!R18+Finishing!S18+Finishing!K18+Finishing!L18+Finishing!M18+(N18+O18+P18+Q18) -> #DIV/0! | F18: =(K18+Finishing!P18+Finishing!R18+Finishing!S18+Finishing!M18+(N18+O18+P18+Q18))*(Finishing!Q18/100) -> #DIV/0! | G18: =L18+Finishing!N18+R18 -> 17.772024 | H18: =Finishing!E18*Finishing!D18 -> 0 | I18: =H18*Finishing!F18 -> 0 | J18: =I18*(Finishing!C18-Finishing!C17) -> #DIV/0! | K18: =J18+K17 -> #DIV/0! | L18: =A18*(1-Finishing!O18/100)*B18 -> 0 | M18: =0.007*A18 -> 1.316 | N18: =Inputs!$F$26/(1-Inputs!$B$40/100) -> 61.275973 | O18: =Inputs!$B$37/(1-Inputs!$B$40/100) -> 25.912276 | P18: =Inputs!$B$45/(1-Inputs!$B$40/100) -> 4.6442609 | Q18: =Inputs!$B$48/(1-Inputs!$B$40/100) -> 1.7647059 | R18: =Inputs!$B$51/(1-Inputs!$B$40/100) -> 15.022024

Sheet Comparisons
A1: Inputs: | B1: Current | D1: A | E1: B | F1: C | G1: D | H1: E | I1: F | J1: G | K1: H | M1: A | N1: B | O1: C | P1: D | Q1: E | R1: F | S1: G | T1: H
C2: Units | D2: New value | E2: New value | F2: New value | G2: New value | H2: New value | I2: New value | J2: New value | K2: New value | M2: % Change | N2: % Change | O2: % Change | P2: % Change | Q2: % Change | R2: % Change | S2: % Change | T2: % Change
A3: Weaning weight | B3: =Inputs!B2 -> 48 | C3: lb | D3: =$B3 -> 48 | E3: =$B3 -> 48 | F3: =$B3 -> 48 | G3: =$B3 -> 48 | H3: =$B3 -> 48 | I3: =$B3 -> 48 | J3: =$B3 -> 48 | K3: =$B3 -> 48 | M3: =(D3/$B3-1)*100 -> 0 | N3: =(E3/$B3-1)*100 -> 0 | O3: =(F3/$B3-1)*100 -> 0 | P3: =(G3/$B3-1)*100 -> 0 | Q3: =(H3/$B3-1)*100 -> 0 | R3: =(I3/$B3-1)*100 -> 0 | S3: =(J3/$B3-1)*100 -> 0 | T3: =(K3/$B3-1)*100 -> 0
A4: Weaning age | B4: =Inputs!B3 -> 65 | C4: days | D4: =$B4 -> 65 | E4: =$B4 -> 65 | F4: =$B4 -> 65 | G4: =$B4 -> 65 | H4: =$B4 -> 65 | I4: =$B4 -> 65 | J4: =$B4 -> 65 | K4: =$B4 -> 65 | M4: =(D4/$B4-1)*100 -> 0 | N4: =(E4/$B4-1)*100 -> 0 | O4: =(F4/$B4-1)*100 -> 0 | P4: =(G4/$B4-1)*100 -> 0 | Q4: =(H4/$B4-1)*100 -> 0 | R4: =(I4/$B4-1)*100 -> 0 | S4: =(J4/$B4-1)*100 -> 0 | T4: =(K4/$B4-1)*100 -> 0
A5: Number of days creep fed | B5: =Inputs!B4 -> 0 | C5: days | D5: =$B5 -> 0 | E5: =$B5 -> 0 | F5: =$B5 -> 0 | G5: =$B5 -> 0 | H5: =$B5 -> 0 | I5: =$B5 -> 0 | J5: =$B5 -> 0 | K5: =$B5 -> 0 | M5: =(D5/$B5-1)*100 -> #DIV/0! | N5: =(E5/$B5-1)*100 -> #DIV/0! | O5: =(F5/$B5-1)*100 -> #DIV/0! | P5: =(G5/$B5-1)*100 -> #DIV/0! | Q5: =(H5/$B5-1)*100 -> #DIV/0! | R5: =(I5/$B5-1)*100 -> #DIV/0! | S5: =(J5/$B5-1)*100 -> #DIV/0! | T5: =(K5/$B5-1)*100 -> #DIV/0!
A6: Average lb creep fed per day | B6: =Inputs!B5 -> 0.4 | C6: lb DM/day | D6: =$B6 -> 0.4 | E6: =$B6 -> 0.4 | F6: =$B6 -> 0.4 | G6: =$B6 -> 0.4 | H6: =$B6 -> 0.4 | I6: =$B6 -> 0.4 | J6: =$B6 -> 0.4 | K6: =$B6 -> 0.4 | M6: =(D6/$B6-1)*100 -> 0 | N6: =(E6/$B6-1)*100 -> 0 | O6: =(F6/$B6-1)*100 -> 0 | P6: =(G6/$B6-1)*100 -> 0 | Q6: =(H6/$B6-1)*100 -> 0 | R6: =(I6/$B6-1)*100 -> 0 | S6: =(J6/$B6-1)*100 -> 0 | T6: =(K6/$B6-1)*100 -> 0
A7: Average creep feed price | B7: =Inputs!B6 -> 0.15 | C7: $/lb DM | D7: =$B7 -> 0.15 | E7: =$B7 -> 0.15 | F7: =$B7 -> 0.15 | G7: =$B7 -> 0.15 | H7: =$B7 -> 0.15 | I7: =$B7 -> 0.15 | J7: =$B7 -> 0.15 | K7: =$B7 -> 0.15 | M7: =(D7/$B7-1)*100 -> 0 | N7: =(E7/$B7-1)*100 -> 0 | O7: =(F7/$B7-1)*100 -> 0 | P7: =(G7/$B7-1)*100 -> 0 | Q7: =(H7/$B7-1)*100 -> 0 | R7: =(I7/$B7-1)*100 -> 0 | S7: =(J7/$B7-1)*100 -> 0 | T7: =(K7/$B7-1)*100 -> 0
A8: Number of days fed hay | B8: =Inputs!B8 -> 0 | C8: days | D8: =$B8 -> 0 | E8: =$B8 -> 0 | F8: =$B8 -> 0 | G8: =$B8 -> 0 | H8: =$B8 -> 0 | I8: =$B8 -> 0 | J8: =$B8 -> 0 | K8: =$B8 -> 0 | M8: =(D8/$B8-1)*100 -> #DIV/0! | N8: =(E8/$B8-1)*100 -> #DIV/0! | O8: =(F8/$B8-1)*100 -> #DIV/0! | P8: =(G8/$B8-1)*100 -> #DIV/0! | Q8: =(H8/$B8-1)*100 -> #DIV/0! | R8: =(I8/$B8-1)*100 -> #DIV/0! | S8: =(J8/$B8-1)*100 -> #DIV/0! | T8: =(K8/$B8-1)*100 -> #DIV/0!
A9: Average lb hay fed per day | B9: =Inputs!B9 -> 0.2 | C9: lb DM/day | D9: =$B9 -> 0.2 | E9: =$B9 -> 0.2 | F9: =$B9 -> 0.2 | G9: =$B9 -> 0.2 | H9: =$B9 -> 0.2 | I9: =$B9 -> 0.2 | J9: =$B9 -> 0.2 | K9: =$B9 -> 0.2 | M9: =(D9/$B9-1)*100 -> 0 | N9: =(E9/$B9-1)*100 -> 0 | O9: =(F9/$B9-1)*100 -> 0 | P9: =(G9/$B9-1)*100 -> 0 | Q9: =(H9/$B9-1)*100 -> 0 | R9: =(I9/$B9-1)*100 -> 0 | S9: =(J9/$B9-1)*100 -> 0 | T9: =(K9/$B9-1)*100 -> 0
A10: Average hay price | B10: =Inputs!B10 -> 0.07 | C10: $/lb DM | D10: =$B10 -> 0.07 | E10: =$B10 -> 0.07 | F10: =$B10 -> 0.07 | G10: =$B10 -> 0.07 | H10: =$B10 -> 0.07 | I10: =$B10 -> 0.07 | J10: =$B10 -> 0.07 | K10: =$B10 -> 0.07 | M10: =(D10/$B10-1)*100 -> 0 | N10: =(E10/$B10-1)*100 -> 0 | O10: =(F10/$B10-1)*100 -> 0 | P10: =(G10/$B10-1)*100 -> 0 | Q10: =(H10/$B10-1)*100 -> 0 | R10: =(I10/$B10-1)*100 -> 0 | S10: =(J10/$B10-1)*100 -> 0 | T10: =(K10/$B10-1)*100 -> 0
A11: Ewe body weight | B11: =Inputs!B16 -> 175 | C11: lbs | D11: =$B11 -> 175 | E11: =$B11 -> 175 | F11: =$B11 -> 175 | G11: =$B11 -> 175 | H11: =$B11 -> 175 | I11: =$B11 -> 175 | J11: =$B11 -> 175 | K11: =$B11 -> 175 | M11: =(D11/$B11-1)*100 -> 0 | N11: =(E11/$B11-1)*100 -> 0 | O11: =(F11/$B11-1)*100 -> 0 | P11: =(G11/$B11-1)*100 -> 0 | Q11: =(H11/$B11-1)*100 -> 0 | R11: =(I11/$B11-1)*100 -> 0 | S11: =(J11/$B11-1)*100 -> 0 | T11: =(K11/$B11-1)*100 -> 0
A12: Ewe maintenance feed price | B12: =Inputs!B17 -> 0.042 | C12: $/lb DM | D12: =$B12 -> 0.042 | E12: =$B12 -> 0.042 | F12: =$B12 -> 0.042 | G12: =$B12 -> 0.042 | H12: =$B12 -> 0.042 | I12: =$B12 -> 0.042 | J12: =$B12 -> 0.042 | K12: =$B12 -> 0.042 | M12: =(D12/$B12-1)*100 -> 0 | N12: =(E12/$B12-1)*100 -> 0 | O12: =(F12/$B12-1)*100 -> 0 | P12: =(G12/$B12-1)*100 -> 0 | Q12: =(H12/$B12-1)*100 -> 0 | R12: =(I12/$B12-1)*100 -> 0 | S12: =(J12/$B12-1)*100 -> 0 | T12: =(K12/$B12-1)*100 -> 0
A13: Ewe pregnancy/lactation feed price | B13: =Inputs!B18 -> 0.057 | C13: $/lb DM | D13: =$B13 -> 0.057 | E13: =$B13 -> 0.057 | F13: =$B13 -> 0.057 | G13: =$B13 -> 0.057 | H13: =$B13 -> 0.057 | I13: =$B13 -> 0.057 | J13: =$B13 -> 0.057 | K13: =$B13 -> 0.057 | M13: =(D13/$B13-1)*100 -> 0 | N13: =(E13/$B13-1)*100 -> 0 | O13: =(F13/$B13-1)*100 -> 0 | P13: =(G13/$B13-1)*100 -> 0 | Q13: =(H13/$B13-1)*100 -> 0 | R13: =(I13/$B13-1)*100 -> 0 | S13: =(J13/$B13-1)*100 -> 0 | T13: =(K13/$B13-1)*100 -> 0
A14: Number of months between breedings | B14: =Inputs!B19 -> 12 | C14: months/lambing period | D14: =$B14 -> 12 | E14: =$B14 -> 12 | F14: =$B14 -> 12 | G14: =$B14 -> 12 | H14: =$B14 -> 12 | I14: =$B14 -> 12 | J14: =$B14 -> 12 | K14: =$B14 -> 12 | M14: =(D14/$B14-1)*100 -> 0 | N14: =(E14/$B14-1)*100 -> 0 | O14: =(F14/$B14-1)*100 -> 0 | P14: =(G14/$B14-1)*100 -> 0 | Q14: =(H14/$B14-1)*100 -> 0 | R14: =(I14/$B14-1)*100 -> 0 | S14: =(J14/$B14-1)*100 -> 0 | T14: =(K14/$B14-1)*100 -> 0
A15: Conception rate | B15: =Inputs!B20 -> 94 | C15: % | D15: =$B15 -> 94 | E15: =$B15 -> 94 | F15: =$B15 -> 94 | G15: =$B15 -> 94 | H15: =$B15 -> 94 | I15: =$B15 -> 94 | J15: =$B15 -> 94 | K15: =$B15 -> 94 | M15: =(D15/$B15-1)*100 -> 0 | N15: =(E15/$B15-1)*100 -> 0 | O15: =(F15/$B15-1)*100 -> 0 | P15: =(G15/$B15-1)*100 -> 0 | Q15: =(H15/$B15-1)*100 -> 0 | R15: =(I15/$B15-1)*100 -> 0 | S15: =(J15/$B15-1)*100 -> 0 | T15: =(K15/$B15-1)*100 -> 0
A16: Lambing rate | B16: =Inputs!B21 -> 1.9 | C16: lambs/ewe | D16: =$B16 -> 1.9 | E16: =$B16 -> 1.9 | F16: =$B16 -> 1.9 | G16: =$B16 -> 1.9 | H16: =$B16 -> 1.9 | I16: =$B16 -> 1.9 | J16: =$B16 -> 1.9 | K16: =$B16 -> 1.9 | M16: =(D16/$B16-1)*100 -> 0 | N16: =(E16/$B16-1)*100 -> 0 | O16: =(F16/$B16-1)*100 -> 0 | P16: =(G16/$B16-1)*100 -> 0 | Q16: =(H16/$B16-1)*100 -> 0 | R16: =(I16/$B16-1)*100 -> 0 | S16: =(J16/$B16-1)*100 -> 0 | T16: =(K16/$B16-1)*100 -> 0
A17: Newborn lamb mortality (birth to 1 week) | B17: =Inputs!B22 -> 11 | C17: % died during first week/lambs born | D17: =$B17 -> 11 | E17: =$B17 -> 11 | F17: =$B17 -> 11 | G17: =$B17 -> 11 | H17: =$B17 -> 11 | I17: =$B17 -> 11 | J17: =$B17 -> 11 | K17: =$B17 -> 11 | M17: =(D17/$B17-1)*100 -> 0 | N17: =(E17/$B17-1)*100 -> 0 | O17: =(F17/$B17-1)*100 -> 0 | P17: =(G17/$B17-1)*100 -> 0 | Q17: =(H17/$B17-1)*100 -> 0 | R17: =(I17/$B17-1)*100 -> 0 | S17: =(J17/$B17-1)*100 -> 0 | T17: =(K17/$B17-1)*100 -> 0
A18: Pre-weaned lamb mortality (1 week old to weaning) | B18: =Inputs!B23 -> 3 | C18: % died by weaning/lambs who survived first week | D18: =$B18 -> 3 | E18: =$B18 -> 3 | F18: =$B18 -> 3 | G18: =$B18 -> 3 | H18: =$B18 -> 3 | I18: =$B18 -> 3 | J18: =$B18 -> 3 | K18: =$B18 -> 3 | M18: =(D18/$B18-1)*100 -> 0 | N18: =(E18/$B18-1)*100 -> 0 | O18: =(F18/$B18-1)*100 -> 0 | P18: =(G18/$B18-1)*100 -> 0 | Q18: =(H18/$B18-1)*100 -> 0 | R18: =(I18/$B18-1)*100 -> 0 | S18: =(J18/$B18-1)*100 -> 0 | T18: =(K18/$B18-1)*100 -> 0
A19: Labor rate | B19: =Inputs!B29 -> 10 | C19: $/hour | D19: =$B19 -> 10 | E19: =$B19 -> 10 | F19: =$B19 -> 10 | G19: =$B19 -> 10 | H19: =$B19 -> 10 | I19: =$B19 -> 10 | J19: =$B19 -> 10 | K19: =$B19 -> 10 | M19: =(D19/$B19-1)*100 -> 0 | N19: =(E19/$B19-1)*100 -> 0 | O19: =(F19/$B19-1)*100 -> 0 | P19: =(G19/$B19-1)*100 -> 0 | Q19: =(H19/$B19-1)*100 -> 0 | R19: =(I19/$B19-1)*100 -> 0 | S19: =(J19/$B19-1)*100 -> 0 | T19: =(K19/$B19-1)*100 -> 0
A20: Lambing labor | B20: =Inputs!B30 -> 0.4 | C20: hours/ewe/lambing period | D20: =$B20 -> 0.4 | E20: =$B20 -> 0.4 | F20: =$B20 -> 0.4 | G20: =$B20 -> 0.4 | H20: =$B20 -> 0.4 | I20: =$B20 -> 0.4 | J20: =$B20 -> 0.4 | K20: =$B20 -> 0.4 | M20: =(D20/$B20-1)*100 -> 0 | N20: =(E20/$B20-1)*100 -> 0 | O20: =(F20/$B20-1)*100 -> 0 | P20: =(G20/$B20-1)*100 -> 0 | Q20: =(H20/$B20-1)*100 -> 0 | R20: =(I20/$B20-1)*100 -> 0 | S20: =(J20/$B20-1)*100 -> 0 | T20: =(K20/$B20-1)*100 -> 0
A21: Ewe general labor (feeding, checks, maintenance) | B21: =Inputs!B31 -> 2.25 | C21: hours/ewe/lambing period | D21: =$B21 -> 2.25 | E21: =$B21 -> 2.25 | F21: =$B21 -> 2.25 | G21: =$B21 -> 2.25 | H21: =$B21 -> 2.25 | I21: =$B21 -> 2.25 | J21: =$B21 -> 2.25 | K21: =$B21 -> 2.25 | M21: =(D21/$B21-1)*100 -> 0 | N21: =(E21/$B21-1)*100 -> 0 | O21: =(F21/$B21-1)*100 -> 0 | P21: =(G21/$B21-1)*100 -> 0 | Q21: =(H21/$B21-1)*100 -> 0 | R21: =(I21/$B21-1)*100 -> 0 | S21: =(J21/$B21-1)*100 -> 0 | T21: =(K21/$B21-1)*100 -> 0
A22: Pregnant/Lactating ewe health costs | B22: =Inputs!B32 -> 8 | C22: $/ewe/lambing period | D22: =$B22 -> 8 | E22: =$B22 -> 8 | F22: =$B22 -> 8 | G22: =$B22 -> 8 | H22: =$B22 -> 8 | I22: =$B22 -> 8 | J22: =$B22 -> 8 | K22: =$B22 -> 8 | M22: =(D22/$B22-1)*100 -> 0 | N22: =(E22/$B22-1)*100 -> 0 | O22: =(F22/$B22-1)*100 -> 0 | P22: =(G22/$B22-1)*100 -> 0 | Q22: =(H22/$B22-1)*100 -> 0 | R22: =(I22/$B22-1)*100 -> 0 | S22: =(J22/$B22-1)*100 -> 0 | T22: =(K22/$B22-1)*100 -> 0
A23: Non-pregnant or lactating ewe health costs | B23: =Inputs!B33 -> 3 | C23: $/ewe/lambing period | D23: =$B23 -> 3 | E23: =$B23 -> 3 | F23: =$B23 -> 3 | G23: =$B23 -> 3 | H23: =$B23 -> 3 | I23: =$B23 -> 3 | J23: =$B23 -> 3 | K23: =$B23 -> 3 | M23: =(D23/$B23-1)*100 -> 0 | N23: =(E23/$B23-1)*100 -> 0 | O23: =(F23/$B23-1)*100 -> 0 | P23: =(G23/$B23-1)*100 -> 0 | Q23: =(H23/$B23-1)*100 -> 0 | R23: =(I23/$B23-1)*100 -> 0 | S23: =(J23/$B23-1)*100 -> 0 | T23: =(K23/$B23-1)*100 -> 0
A24: Replacement rate | B24: =Inputs!B40 -> 15 | C24: % of lambs weaned kept at replacements | D24: =$B24 -> 15 | E24: =$B24 -> 15 | F24: =$B24 -> 15 | G24: =$B24 -> 15 | H24: =$B24 -> 15 | I24: =$B24 -> 15 | J24: =$B24 -> 15 | K24: =$B24 -> 15 | M24: =(D24/$B24-1)*100 -> 0 | N24: =(E24/$B24-1)*100 -> 0 | O24: =(F24/$B24-1)*100 -> 0 | P24: =(G24/$B24-1)*100 -> 0 | Q24: =(H24/$B24-1)*100 -> 0 | R24: =(I24/$B24-1)*100 -> 0 | S24: =(J24/$B24-1)*100 -> 0 | T24: =(K24/$B24-1)*100 -> 0
A25: Replacement feed price | B25: =Inputs!B41 -> 0.065 | C25: $/lb DM | D25: =$B25 -> 0.065 | E25: =$B25 -> 0.065 | F25: =$B25 -> 0.065 | G25: =$B25 -> 0.065 | H25: =$B25 -> 0.065 | I25: =$B25 -> 0.065 | J25: =$B25 -> 0.065 | K25: =$B25 -> 0.065 | M25: =(D25/$B25-1)*100 -> 0 | N25: =(E25/$B25-1)*100 -> 0 | O25: =(F25/$B25-1)*100 -> 0 | P25: =(G25/$B25-1)*100 -> 0 | Q25: =(H25/$B25-1)*100 -> 0 | R25: =(I25/$B25-1)*100 -> 0 | S25: =(J25/$B25-1)*100 -> 0 | T25: =(K25/$B25-1)*100 -> 0
A26: Replacement body weight at first breeding | B26: =Inputs!B42 -> 115 | C26: lbs | D26: =$B26 -> 115 | E26: =$B26 -> 115 | F26: =$B26 -> 115 | G26: =$B26 -> 115 | H26: =$B26 -> 115 | I26: =$B26 -> 115 | J26: =$B26 -> 115 | K26: =$B26 -> 115 | M26: =(D26/$B26-1)*100 -> 0 | N26: =(E26/$B26-1)*100 -> 0 | O26: =(F26/$B26-1)*100 -> 0 | P26: =(G26/$B26-1)*100 -> 0 | Q26: =(H26/$B26-1)*100 -> 0 | R26: =(I26/$B26-1)*100 -> 0 | S26: =(J26/$B26-1)*100 -> 0 | T26: =(K26/$B26-1)*100 -> 0
A27: Replacement age at first breeding | B27: =Inputs!B43 -> 230 | C27: days | D27: =$B27 -> 230 | E27: =$B27 -> 230 | F27: =$B27 -> 230 | G27: =$B27 -> 230 | H27: =$B27 -> 230 | I27: =$B27 -> 230 | J27: =$B27 -> 230 | K27: =$B27 -> 230 | M27: =(D27/$B27-1)*100 -> 0 | N27: =(E27/$B27-1)*100 -> 0 | O27: =(F27/$B27-1)*100 -> 0 | P27: =(G27/$B27-1)*100 -> 0 | Q27: =(H27/$B27-1)*100 -> 0 | R27: =(I27/$B27-1)*100 -> 0 | S27: =(J27/$B27-1)*100 -> 0 | T27: =(K27/$B27-1)*100 -> 0
A28: Health and labor costs for ewe replacements | B28: =Inputs!B47 -> 10 | C28: $/ewe replacement | D28: =$B28 -> 10 | E28: =$B28 -> 10 | F28: =$B28 -> 10 | G28: =$B28 -> 10 | H28: =$B28 -> 10 | I28: =$B28 -> 10 | J28: =$B28 -> 10 | K28: =$B28 -> 10 | M28: =(D28/$B28-1)*100 -> 0 | N28: =(E28/$B28-1)*100 -> 0 | O28: =(F28/$B28-1)*100 -> 0 | P28: =(G28/$B28-1)*100 -> 0 | Q28: =(H28/$B28-1)*100 -> 0 | R28: =(I28/$B28-1)*100 -> 0 | S28: =(J28/$B28-1)*100 -> 0 | T28: =(K28/$B28-1)*100 -> 0
A29: Cull ewe market price | B29: =Inputs!B50 -> 0.75 | C29: $/lb | D29: =$B29 -> 0.75 | E29: =$B29 -> 0.75 | F29: =$B29 -> 0.75 | G29: =$B29 -> 0.75 | H29: =$B29 -> 0.75 | I29: =$B29 -> 0.75 | J29: =$B29 -> 0.75 | K29: =$B29 -> 0.75 | M29: =(D29/$B29-1)*100 -> 0 | N29: =(E29/$B29-1)*100 -> 0 | O29: =(F29/$B29-1)*100 -> 0 | P29: =(G29/$B29-1)*100 -> 0 | Q29: =(H29/$B29-1)*100 -> 0 | R29: =(I29/$B29-1)*100 -> 0 | S29: =(J29/$B29-1)*100 -> 0 | T29: =(K29/$B29-1)*100 -> 0
A30: Market price by lamb weight:
A31: =Finishing!A4 -> 48 | B31: =Profit!B4 -> 2.4 | C31: $/lb | D31: =$B31 -> 2.4 | E31: =$B31 -> 2.4 | F31: =$B31 -> 2.4 | G31: =$B31 -> 2.4 | H31: =$B31 -> 2.4 | I31: =$B31 -> 2.4 | J31: =$B31 -> 2.4 | K31: =$B31 -> 2.4 | M31: =(D31/$B31-1)*100 -> 0 | N31: =(E31/$B31-1)*100 -> 0 | O31: =(F31/$B31-1)*100 -> 0 | P31: =(G31/$B31-1)*100 -> 0 | Q31: =(H31/$B31-1)*100 -> 0 | R31: =(I31/$B31-1)*100 -> 0 | S31: =(J31/$B31-1)*100 -> 0 | T31: =(K31/$B31-1)*100 -> 0
A32: =Finishing!A5 -> 58 | B32: =Profit!B5 -> 2.3 | C32: $/lb | D32: =$B32 -> 2.3 | E32: =$B32 -> 2.3 | F32: =$B32 -> 2.3 | G32: =$B32 -> 2.3 | H32: =$B32 -> 2.3 | I32: =$B32 -> 2.3 | J32: =$B32 -> 2.3 | K32: =$B32 -> 2.3 | M32: =(D32/$B32-1)*100 -> 0 | N32: =(E32/$B32-1)*100 -> 0 | O32: =(F32/$B32-1)*100 -> 0 | P32: =(G32/$B32-1)*100 -> 0 | Q32: =(H32/$B32-1)*100 -> 0 | R32: =(I32/$B32-1)*100 -> 0 | S32: =(J32/$B32-1)*100 -> 0 | T32: =(K32/$B32-1)*100 -> 0
A33: =Finishing!A6 -> 68 | B33: =Profit!B6 -> 2.25 | C33: $/lb | D33: =$B33 -> 2.25 | E33: =$B33 -> 2.25 | F33: =$B33 -> 2.25 | G33: =$B33 -> 2.25 | H33: =$B33 -> 2.25 | I33: =$B33 -> 2.25 | J33: =$B33 -> 2.25 | K33: =$B33 -> 2.25 | M33: =(D33/$B33-1)*100 -> 0 | N33: =(E33/$B33-1)*100 -> 0 | O33: =(F33/$B33-1)*100 -> 0 | P33: =(G33/$B33-1)*100 -> 0 | Q33: =(H33/$B33-1)*100 -> 0 | R33: =(I33/$B33-1)*100 -> 0 | S33: =(J33/$B33-1)*100 -> 0 | T33: =(K33/$B33-1)*100 -> 0
A34: =Finishing!A7 -> 78 | B34: =Profit!B7 -> 2.15 | C34: $/lb | D34: =$B34 -> 2.15 | E34: =$B34 -> 2.15 | F34: =$B34 -> 2.15 | G34: =$B34 -> 2.15 | H34: =$B34 -> 2.15 | I34: =$B34 -> 2.15 | J34: =$B34 -> 2.15 | K34: =$B34 -> 2.15 | M34: =(D34/$B34-1)*100 -> 0 | N34: =(E34/$B34-1)*100 -> 0 | O34: =(F34/$B34-1)*100 -> 0 | P34: =(G34/$B34-1)*100 -> 0 | Q34: =(H34/$B34-1)*100 -> 0 | R34: =(I34/$B34-1)*100 -> 0 | S34: =(J34/$B34-1)*100 -> 0 | T34: =(K34/$B34-1)*100 -> 0
A35: =Finishing!A8 -> 88 | B35: =Profit!B8 -> 2.05 | C35: $/lb | D35: =$B35 -> 2.05 | E35: =$B35 -> 2.05 | F35: =$B35 -> 2.05 | G35: =$B35 -> 2.05 | H35: =$B35 -> 2.05 | I35: =$B35 -> 2.05 | J35: =$B35 -> 2.05 | K35: =$B35 -> 2.05 | M35: =(D35/$B35-1)*100 -> 0 | N35: =(E35/$B35-1)*100 -> 0 | O35: =(F35/$B35-1)*100 -> 0 | P35: =(G35/$B35-1)*100 -> 0 | Q35: =(H35/$B35-1)*100 -> 0 | R35: =(I35/$B35-1)*100 -> 0 | S35: =(J35/$B35-1)*100 -> 0 | T35: =(K35/$B35-1)*100 -> 0
A36: =Finishing!A9 -> 98 | B36: =Profit!B9 -> 1.95 | C36: $/lb | D36: =$B36 -> 1.95 | E36: =$B36 -> 1.95 | F36: =$B36 -> 1.95 | G36: =$B36 -> 1.95 | H36: =$B36 -> 1.95 | I36: =$B36 -> 1.95 | J36: =$B36 -> 1.95 | K36: =$B36 -> 1.95 | M36: =(D36/$B36-1)*100 -> 0 | N36: =(E36/$B36-1)*100 -> 0 | O36: =(F36/$B36-1)*100 -> 0 | P36: =(G36/$B36-1)*100 -> 0 | Q36: =(H36/$B36-1)*100 -> 0 | R36: =(I36/$B36-1)*100 -> 0 | S36: =(J36/$B36-1)*100 -> 0 | T36: =(K36/$B36-1)*100 -> 0
A37: =Finishing!A10 -> 108 | B37: =Profit!B10 -> 1.85 | C37: $/lb | D37: =$B37 -> 1.85 | E37: =$B37 -> 1.85 | F37: =$B37 -> 1.85 | G37: =$B37 -> 1.85 | H37: =$B37 -> 1.85 | I37: =$B37 -> 1.85 | J37: =$B37 -> 1.85 | K37: =$B37 -> 1.85 | M37: =(D37/$B37-1)*100 -> 0 | N37: =(E37/$B37-1)*100 -> 0 | O37: =(F37/$B37-1)*100 -> 0 | P37: =(G37/$B37-1)*100 -> 0 | Q37: =(H37/$B37-1)*100 -> 0 | R37: =(I37/$B37-1)*100 -> 0 | S37: =(J37/$B37-1)*100 -> 0 | T37: =(K37/$B37-1)*100 -> 0
A38: =Finishing!A11 -> 118 | B38: =Profit!B11 -> 1.68 | C38: $/lb | D38: =$B38 -> 1.68 | E38: =$B38 -> 1.68 | F38: =$B38 -> 1.68 | G38: =$B38 -> 1.68 | H38: =$B38 -> 1.68 | I38: =$B38 -> 1.68 | J38: =$B38 -> 1.68 | K38: =$B38 -> 1.68 | M38: =(D38/$B38-1)*100 -> 0 | N38: =(E38/$B38-1)*100 -> 0 | O38: =(F38/$B38-1)*100 -> 0 | P38: =(G38/$B38-1)*100 -> 0 | Q38: =(H38/$B38-1)*100 -> 0 | R38: =(I38/$B38-1)*100 -> 0 | S38: =(J38/$B38-1)*100 -> 0 | T38: =(K38/$B38-1)*100 -> 0
A39: =Finishing!A12 -> 128 | B39: =Profit!B12 -> 1.65 | C39: $/lb | D39: =$B39 -> 1.65 | E39: =$B39 -> 1.65 | F39: =$B39 -> 1.65 | G39: =$B39 -> 1.65 | H39: =$B39 -> 1.65 | I39: =$B39 -> 1.65 | J39: =$B39 -> 1.65 | K39: =$B39 -> 1.65 | M39: =(D39/$B39-1)*100 -> 0 | N39: =(E39/$B39-1)*100 -> 0 | O39: =(F39/$B39-1)*100 -> 0 | P39: =(G39/$B39-1)*100 -> 0 | Q39: =(H39/$B39-1)*100 -> 0 | R39: =(I39/$B39-1)*100 -> 0 | S39: =(J39/$B39-1)*100 -> 0 | T39: =(K39/$B39-1)*100 -> 0
A40: =Finishing!A13 -> 138 | B40: =Profit!B13 -> 1.6 | C40: $/lb | D40: =$B40 -> 1.6 | E40: =$B40 -> 1.6 | F40: =$B40 -> 1.6 | G40: =$B40 -> 1.6 | H40: =$B40 -> 1.6 | I40: =$B40 -> 1.6 | J40: =$B40 -> 1.6 | K40: =$B40 -> 1.6 | M40: =(D40/$B40-1)*100 -> 0 | N40: =(E40/$B40-1)*100 -> 0 | O40: =(F40/$B40-1)*100 -> 0 | P40: =(G40/$B40-1)*100 -> 0 | Q40: =(H40/$B40-1)*100 -> 0 | R40: =(I40/$B40-1)*100 -> 0 | S40: =(J40/$B40-1)*100 -> 0 | T40: =(K40/$B40-1)*100 -> 0
A41: =Finishing!A14 -> 148 | B41: =Profit!B14 -> 1.55 | C41: $/lb | D41: =$B41 -> 1.55 | E41: =$B41 -> 1.55 | F41: =$B41 -> 1.55 | G41: =$B41 -> 1.55 | H41: =$B41 -> 1.55 | I41: =$B41 -> 1.55 | J41: =$B41 -> 1.55 | K41: =$B41 -> 1.55 | M41: =(D41/$B41-1)*100 -> 0 | N41: =(E41/$B41-1)*100 -> 0 | O41: =(F41/$B41-1)*100 -> 0 | P41: =(G41/$B41-1)*100 -> 0 | Q41: =(H41/$B41-1)*100 -> 0 | R41: =(I41/$B41-1)*100 -> 0 | S41: =(J41/$B41-1)*100 -> 0 | T41: =(K41/$B41-1)*100 -> 0
A42: =Finishing!A15 -> 158 | B42: =Profit!B15 -> 1.4 | C42: $/lb | D42: =$B42 -> 1.4 | E42: =$B42 -> 1.4 | F42: =$B42 -> 1.4 | G42: =$B42 -> 1.4 | H42: =$B42 -> 1.4 | I42: =$B42 -> 1.4 | J42: =$B42 -> 1.4 | K42: =$B42 -> 1.4 | M42: =(D42/$B42-1)*100 -> 0 | N42: =(E42/$B42-1)*100 -> 0 | O42: =(F42/$B42-1)*100 -> 0 | P42: =(G42/$B42-1)*100 -> 0 | Q42: =(H42/$B42-1)*100 -> 0 | R42: =(I42/$B42-1)*100 -> 0 | S42: =(J42/$B42-1)*100 -> 0 | T42: =(K42/$B42-1)*100 -> 0
... A45: =Finishing!A18 -> 188 | B45: =Profit!B18 -> 0 | C45: $/lb | D45: =$B45 -> 0 | E45: =$B45 -> 0 | F45: =$B45 -> 0 | G45: =$B45 -> 0 | H45: =$B45 -> 0 | I45: =$B45 -> 0 | J45: =$B45 -> 0 | K45: =$B45 -> 0 | M45: =(D45/$B45-1)*100 -> #DIV/0! | N45: =(E45/$B45-1)*100 -> #DIV/0! | O45: =(F45/$B45-1)*100 -> #DIV/0! | P45: =(G45/$B45-1)*100 -> #DIV/0! | Q45: =(H45/$B45-1)*100 -> #DIV/0! | R45: =(I45/$B45-1)*100 -> #DIV/0! | S45: =(J45/$B45-1)*100 -> #DIV/0! | T45: =(K45/$B45-1)*100 -> #DIV/0!
B47: Current | D47: A | E47: B | F47: C | G47: D | H47: E | I47: F | J47: G | K47: H
A48: Lamb weight | B48: Profit | D48: Profit | E48: Profit | F48: Profit | G48: Profit | H48: Profit | I48: Profit | J48: Profit | K48: Profit
A49: lbs/lamb | B49: $/lamb | C49: $/lamb | D49: $/lamb | E49: $/lamb | F49: $/lamb | G49: $/lamb | H49: $/lamb | I49: $/lamb | J49: $/lamb | K49: $/lamb
A50: =Profit!A4 -> 48 | B50: =Profit!C4 -> 20.693848 | C50: $/lamb | D50: =Comparison_calc!C75 -> 20.693848 | E50: =Comparison_calc!C175 -> 20.693848 | F50: =Comparison_calc!C275 -> 20.693848 | G50: =Comparison_calc!C375 -> 20.693848 | H50: =Comparison_calc!C475 -> 20.693848 | I50: =Comparison_calc!C575 -> 20.693848 | J50: =Comparison_calc!C675 -> 20.693848 | K50: =Comparison_calc!C775 -> 20.693848
A51: =Profit!A5 -> 58 | B51: =Profit!C5 -> 32.917389 | C51: $/lamb | D51: =Comparison_calc!C76 -> 32.917389 | E51: =Comparison_calc!C176 -> 32.917389 | F51: =Comparison_calc!C276 -> 32.917389 | G51: =Comparison_calc!C376 -> 32.917389 | H51: =Comparison_calc!C476 -> 32.917389 | I51: =Comparison_calc!C576 -> 32.917389 | J51: =Comparison_calc!C676 -> 32.917389 | K51: =Comparison_calc!C776 -> 32.917389
A52: =Profit!A6 -> 68 | B52: =Profit!C6 -> 44.100342 | C52: $/lamb | D52: =Comparison_calc!C77 -> 45.40735 | E52: =Comparison_calc!C177 -> 45.40735 | F52: =Comparison_calc!C277 -> 45.40735 | G52: =Comparison_calc!C377 -> 45.40735 | H52: =Comparison_calc!C477 -> 45.40735 | I52: =Comparison_calc!C577 -> 45.40735 | J52: =Comparison_calc!C677 -> 45.40735 | K52: =Comparison_calc!C777 -> 45.40735
A53: =Profit!A7 -> 78 | B53: =Profit!C7 -> 51.531187 | C53: $/lamb | D53: =Comparison_calc!C78 -> 52.910363 | E53: =Comparison_calc!C178 -> 52.910363 | F53: =Comparison_calc!C278 -> 52.910363 | G53: =Comparison_calc!C378 -> 52.910363 | H53: =Comparison_calc!C478 -> 52.910363 | I53: =Comparison_calc!C578 -> 52.910363 | J53: =Comparison_calc!C678 -> 52.910363 | K53: =Comparison_calc!C778 -> 52.910363
A54: =Profit!A8 -> 88 | B54: =Profit!C8 -> 57.40296 | C54: $/lamb | D54: =Comparison_calc!C79 -> 58.866023 | E54: =Comparison_calc!C179 -> 58.866023 | F54: =Comparison_calc!C279 -> 58.866023 | G54: =Comparison_calc!C379 -> 58.866023 | H54: =Comparison_calc!C479 -> 58.866023 | I54: =Comparison_calc!C579 -> 58.866023 | J54: =Comparison_calc!C679 -> 58.866023 | K54: =Comparison_calc!C779 -> 58.866023
A55: =Profit!A9 -> 98 | B55: =Profit!C9 -> 59.297595 | C55: $/lamb | D55: =Comparison_calc!C80 -> 60.854603 | E55: =Comparison_calc!C180 -> 60.854603 | F55: =Comparison_calc!C280 -> 60.854603 | G55: =Comparison_calc!C380 -> 60.854603 | H55: =Comparison_calc!C480 -> 60.854603 | I55: =Comparison_calc!C580 -> 60.854603 | J55: =Comparison_calc!C680 -> 60.854603 | K55: =Comparison_calc!C780 -> 60.854603
A56: =Profit!A10 -> 108 | B56: =Profit!C10 -> 56.54279 | C56: $/lamb | D56: =Comparison_calc!C81 -> 58.219531 | E56: =Comparison_calc!C181 -> 58.219531 | F56: =Comparison_calc!C281 -> 58.219531 | G56: =Comparison_calc!C381 -> 58.219531 | H56: =Comparison_calc!C481 -> 58.219531 | I56: =Comparison_calc!C581 -> 58.219531 | J56: =Comparison_calc!C681 -> 58.219531 | K56: =Comparison_calc!C781 -> 58.219531
A57: =Profit!A11 -> 118 | B57: =Profit!C11 -> 43.739168 | C57: $/lamb | D57: =Comparison_calc!C82 -> 45.543456 | E57: =Comparison_calc!C182 -> 45.543456 | F57: =Comparison_calc!C282 -> 45.543456 | G57: =Comparison_calc!C382 -> 45.543456 | H57: =Comparison_calc!C482 -> 45.543456 | I57: =Comparison_calc!C582 -> 45.543456 | J57: =Comparison_calc!C682 -> 45.543456 | K57: =Comparison_calc!C782 -> 45.543456
A58: =Profit!A12 -> 128 | B58: =Profit!C12 -> 42.567948 | C58: $/lamb | D58: =Comparison_calc!C83 -> 44.520469 | E58: =Comparison_calc!C183 -> 44.520469 | F58: =Comparison_calc!C283 -> 44.520469 | G58: =Comparison_calc!C383 -> 44.520469 | H58: =Comparison_calc!C483 -> 44.520469 | I58: =Comparison_calc!C583 -> 44.520469 | J58: =Comparison_calc!C683 -> 44.520469 | K58: =Comparison_calc!C783 -> 44.520469
A59: =Profit!A13 -> 138 | B59: =Profit!C13 -> 39.551013 | C59: $/lamb | D59: =Comparison_calc!C84 -> 41.675525 | E59: =Comparison_calc!C184 -> 41.675525 | F59: =Comparison_calc!C284 -> 41.675525 | G59: =Comparison_calc!C384 -> 41.675525 | H59: =Comparison_calc!C484 -> 41.675525 | I59: =Comparison_calc!C584 -> 41.675525 | J59: =Comparison_calc!C684 -> 41.675525 | K59: =Comparison_calc!C784 -> 41.675525
A60: =Profit!A14 -> 148 | B60: =Profit!C14 -> 26.182478 | C60: $/lamb | D60: =Comparison_calc!C85 -> 28.548442 | E60: =Comparison_calc!C185 -> 28.548442 | F60: =Comparison_calc!C285 -> 28.548442 | G60: =Comparison_calc!C385 -> 28.548442 | H60: =Comparison_calc!C485 -> 28.548442 | I60: =Comparison_calc!C585 -> 28.548442 | J60: =Comparison_calc!C685 -> 28.548442 | K60: =Comparison_calc!C785 -> 28.548442
A61: =Profit!A15 -> 158 | B61: =Profit!C15 -> -2.2014363 | C61: $/lamb | D61: =Comparison_calc!C86 -> 0.39622088 | E61: =Comparison_calc!C186 -> 0.39622088 | F61: =Comparison_calc!C286 -> 0.39622088 | G61: =Comparison_calc!C386 -> 0.39622088 | H61: =Comparison_calc!C486 -> 0.39622088 | I61: =Comparison_calc!C586 -> 0.39622088 | J61: =Comparison_calc!C686 -> 0.39622088 | K61: =Comparison_calc!C786 -> 0.39622088
... A64: =Profit!A18 -> 188 | B64: =Profit!C18 -> #DIV/0! | C64: $/lamb | D64: =Comparison_calc!C89 -> #DIV/0! | E64: =Comparison_calc!C189 -> #DIV/0! | F64: =Comparison_calc!C289 -> #DIV/0! | G64: =Comparison_calc!C389 -> #DIV/0! | H64: =Comparison_calc!C489 -> #DIV/0! | I64: =Comparison_calc!C589 -> #DIV/0! | J64: =Comparison_calc!C689 -> #DIV/0! | K64: =Comparison_calc!C789 -> #DIV/0!
A66: Lamb weight | B66: Profit | D66: Profit | E66: Profit | F66: Profit | G66: Profit | H66: Profit | I66: Profit | J66: Profit | K66: Profit
A67: lbs/lamb | B67: $/ewe | D67: $/ewe | E67: $/ewe | F67: $/ewe | G67: $/ewe | H67: $/ewe | I67: $/ewe | J67: $/ewe | K67: $/ewe
A68: =Profit!A4 -> 48 | B68: =Profit!D4 -> 31.811168 | C68: $/ewe | D68: =Comparison_calc!D75 -> 31.811168 | E68: =Comparison_calc!D175 -> 31.811168 | F68: =Comparison_calc!D275 -> 31.811168 | G68: =Comparison_calc!D375 -> 31.811168 | H68: =Comparison_calc!D475 -> 31.811168 | I68: =Comparison_calc!D575 -> 31.811168 | J68: =Comparison_calc!D675 -> 31.811168 | K68: =Comparison_calc!D775 -> 31.811168
A69: =Profit!A5 -> 58 | B69: =Profit!D5 -> 50.449279 | C69: $/ewe | D69: =Comparison_calc!D76 -> 50.449279 | E69: =Comparison_calc!D176 -> 50.449279 | F69: =Comparison_calc!D276 -> 50.449279 | G69: =Comparison_calc!D376 -> 50.449279 | H69: =Comparison_calc!D476 -> 50.449279 | I69: =Comparison_calc!D576 -> 50.449279 | J69: =Comparison_calc!D676 -> 50.449279 | K69: =Comparison_calc!D776 -> 50.449279
A70: =Profit!A6 -> 68 | B70: =Profit!D6 -> 66.636354 | C70: $/ewe | D70: =Comparison_calc!D77 -> 69.451403 | E70: =Comparison_calc!D177 -> 69.451403 | F70: =Comparison_calc!D277 -> 69.451403 | G70: =Comparison_calc!D377 -> 69.451403 | H70: =Comparison_calc!D477 -> 69.451403 | I70: =Comparison_calc!D577 -> 69.451403 | J70: =Comparison_calc!D677 -> 69.451403 | K70: =Comparison_calc!D777 -> 69.451403
A71: =Profit!A7 -> 78 | B71: =Profit!D7 -> 77.705578 | C71: $/ewe | D71: =Comparison_calc!D78 -> 80.764244 | E71: =Comparison_calc!D178 -> 80.764244 | F71: =Comparison_calc!D278 -> 80.764244 | G71: =Comparison_calc!D378 -> 80.764244 | H71: =Comparison_calc!D478 -> 80.764244 | I71: =Comparison_calc!D578 -> 80.764244 | J71: =Comparison_calc!D678 -> 80.764244 | K71: =Comparison_calc!D778 -> 80.764244
A72: =Profit!A8 -> 88 | B72: =Profit!D8 -> 86.427058 | C72: $/ewe | D72: =Comparison_calc!D79 -> 89.719029 | E72: =Comparison_calc!D179 -> 89.719029 | F72: =Comparison_calc!D279 -> 89.719029 | G72: =Comparison_calc!D379 -> 89.719029 | H72: =Comparison_calc!D479 -> 89.719029 | I72: =Comparison_calc!D579 -> 89.719029 | J72: =Comparison_calc!D679 -> 89.719029 | K72: =Comparison_calc!D779 -> 89.719029
A73: =Profit!A9 -> 98 | B73: =Profit!D9 -> 89.142517 | C73: $/ewe | D73: =Comparison_calc!D80 -> 92.609125 | E73: =Comparison_calc!D180 -> 92.609125 | F73: =Comparison_calc!D280 -> 92.609125 | G73: =Comparison_calc!D380 -> 92.609125 | H73: =Comparison_calc!D480 -> 92.609125 | I73: =Comparison_calc!D580 -> 92.609125 | J73: =Comparison_calc!D680 -> 92.609125 | K73: =Comparison_calc!D780 -> 92.609125
A74: =Profit!A10 -> 108 | B74: =Profit!D10 -> 84.870427 | C74: $/ewe | D74: =Comparison_calc!D81 -> 88.464398 | E74: =Comparison_calc!D181 -> 88.464398 | F74: =Comparison_calc!D281 -> 88.464398 | G74: =Comparison_calc!D381 -> 88.464398 | H74: =Comparison_calc!D481 -> 88.464398 | I74: =Comparison_calc!D581 -> 88.464398 | J74: =Comparison_calc!D681 -> 88.464398 | K74: =Comparison_calc!D781 -> 88.464398
A75: =Profit!A11 -> 118 | B75: =Profit!D11 -> 65.5511 | C75: $/ewe | D75: =Comparison_calc!D82 -> 69.097808 | E75: =Comparison_calc!D182 -> 69.097808 | F75: =Comparison_calc!D282 -> 69.097808 | G75: =Comparison_calc!D382 -> 69.097808 | H75: =Comparison_calc!D482 -> 69.097808 | I75: =Comparison_calc!D582 -> 69.097808 | J75: =Comparison_calc!D682 -> 69.097808 | K75: =Comparison_calc!D782 -> 69.097808
A76: =Profit!A12 -> 128 | B76: =Profit!D12 -> 63.697362 | C76: $/ewe | D76: =Comparison_calc!D83 -> 67.442784 | E76: =Comparison_calc!D183 -> 67.442784 | F76: =Comparison_calc!D283 -> 67.442784 | G76: =Comparison_calc!D383 -> 67.442784 | H76: =Comparison_calc!D483 -> 67.442784 | I76: =Comparison_calc!D583 -> 67.442784 | J76: =Comparison_calc!D683 -> 67.442784 | K76: =Comparison_calc!D783 -> 67.442784
A77: =Profit!A13 -> 138 | B77: =Profit!D13 -> 59.091441 | C77: $/ewe | D77: =Comparison_calc!D84 -> 63.036673 | E77: =Comparison_calc!D184 -> 63.036673 | F77: =Comparison_calc!D284 -> 63.036673 | G77: =Comparison_calc!D384 -> 63.036673 | H77: =Comparison_calc!D484 -> 63.036673 | I77: =Comparison_calc!D584 -> 63.036673 | J77: =Comparison_calc!D684 -> 63.036673 | K77: =Comparison_calc!D784 -> 63.036673
A78: =Profit!A14 -> 148 | B78: =Profit!D14 -> 39.057542 | C78: $/ewe | D78: =Comparison_calc!D85 -> 43.115165 | E78: =Comparison_calc!D185 -> 43.115165 | F78: =Comparison_calc!D285 -> 43.115165 | G78: =Comparison_calc!D385 -> 43.115165 | H78: =Comparison_calc!D485 -> 43.115165 | I78: =Comparison_calc!D585 -> 43.115165 | J78: =Comparison_calc!D685 -> 43.115165 | K78: =Comparison_calc!D785 -> 43.115165
A79: =Profit!A15 -> 158 | B79: =Profit!D15 -> -3.278887 | C79: $/ewe | D79: =Comparison_calc!D86 -> 0.59747455 | E79: =Comparison_calc!D186 -> 0.59747455 | F79: =Comparison_calc!D286 -> 0.59747455 | G79: =Comparison_calc!D386 -> 0.59747455 | H79: =Comparison_calc!D486 -> 0.59747455 | I79: =Comparison_calc!D586 -> 0.59747455 | J79: =Comparison_calc!D686 -> 0.59747455 | K79: =Comparison_calc!D786 -> 0.59747455
... A82: =Profit!A18 -> 188 | B82: =Profit!D18 -> #DIV/0! | C82: $/ewe | D82: =Comparison_calc!D89 -> #DIV/0! | E82: =Comparison_calc!D189 -> #DIV/0! | F82: =Comparison_calc!D289 -> #DIV/0! | G82: =Comparison_calc!D389 -> #DIV/0! | H82: =Comparison_calc!D489 -> #DIV/0! | I82: =Comparison_calc!D589 -> #DIV/0! | J82: =Comparison_calc!D689 -> #DIV/0! | K82: =Comparison_calc!D789 -> #DIV/0!

Sheet Comparison_calc
A1: Pre-weaned lamb feed: | E1: Scenario A
A2: Weaning weight | B2: =Comparisons!D3 -> 48 | C2: lb
A3: Weaning age | B3: =Comparisons!D4 -> 65 | C3: days
A4: Number of days creep fed | B4: =Comparisons!D5 -> 0 | C4: days
A5: Average lb creep fed per day | B5: =Comparisons!D6 -> 0.4 | C5: lb DM/day
A6: Average creep feed price | B6: =Comparisons!D7 -> 0.15 | C6: $/lb DM
A7: Cost of creep feed | B7: =B4*B5*B6 -> 0 | C7: $/lamb
A8: Number of days fed hay | B8: =Comparisons!D8 -> 0 | C8: days
A9: Average lb hay fed per day | B9: =Comparisons!D9 -> 0.2 | C9: lb DM/day
A10: Average hay price | B10: =Comparisons!D10 -> 0.07 | C10: $/lb DM
A11: Cost of hay fed to pre-weaned lambs | B11: =B8*B9*B10 -> 0 | C11: $/lamb
A12: Cost of pre-weaned lamb feed | B12: =B7+B11 -> 0 | C12: $/lamb
A14: Ewe performance and feed costs:
A15: Number of breeding ewes | B15: 100 | C15: ewes | E15: Ewe feed during maintenance | F15: 2.4 | G15: % BW
A16: Ewe body weight | B16: =Comparisons!D11 -> 175 | C16: lbs | E16: Ewe feed during pregnancy | F16: =IF(B21<1.5,2.8,3.2) -> 3.2 | G16: % BW
A17: Ewe maintenance feed price | B17: =Comparisons!D12 -> 0.042 | C17: $/lb DM | E17: Ewe feed during lactation | F17: =IF(B21<1.5,3.5,3.9) -> 3.9 | G17: % BW
A18: Ewe pregnancy/lactation feed price | B18: =Comparisons!D13 -> 0.057 | C18: $/lb DM | E18: Ewe feed during maintenance | F18: =B16*F15/100*B17 -> 0.1764 | G18: $/ewe/day
A19: Number of months between breedings | B19: =Comparisons!D14 -> 12 | C19: months/lambing period | E19: Ewe feed during pregnancy | F19: =F16/100*B16*B18 -> 0.3192 | G19: $/ewe/day
A20: Conception rate | B20: =Comparisons!D15 -> 94 | C20: % | E20: Ewe feed during lactation | F20: =B16*F17/100*B18 -> 0.389025 | G20: $/ewe/day
A21: Lambing rate | B21: =Comparisons!D16 -> 1.9 | C21: lambs/ewe | E21: Ewe feed for maintenance | F21: =(B19*30-4*7-B3)*F18 -> 47.0988 | G21: $/ewe/lambing period
A22: Newborn lamb mortality (birth to 1 week) | B22: =Comparisons!D17 -> 11 | C22: % died during first week/lambs born | E22: Ewe feed for pregnancy | F22: =4*7*F19 -> 8.9376 | G22: $/ewe/lambing period
A23: Pre-weaned lamb mortality (1 week old to weaning) | B23: =Comparisons!D18 -> 3 | C23: % died by weaning/lambs who survived first week | E23: Ewe feed for lactation | F23: =B3*F20 -> 25.286625 | G23: $/ewe/lambing period
A24: Number of lambs weaned: | B24: =B15*B20/100*B21*(1-B22/100)*(1-B23/100) -> 154.18538 | C24: lambs/lambing period | E24: Ewe feed costs (productive ewes) | F24: =F21+F22+F23 -> 81.323025 | G24: $/ewe/lambing period (only productive ewes)
A25: Number of lambs born per ewe | B25: =B21*B20/100 -> 1.786 | C25: lambs born/ewe/lambing period (includes non-preg) | E25: Ewe feed costs (all ewes) | F25: =(F18*365)*(1-B20/100)+F24*B20/100 -> 80.306804 | G25: $/ewe/lambing period (includes non-preg)
A26: Number of lambs weaned | B26: =B20/100*B21*(1-B22/100)*(1-B23/100) -> 1.5418538 | C26: lambs weaned/ewe/lambing period (includes non-preg) | E26: Ewe feed costs on a per lamb basis | F26: =F25/B26 -> 52.084577 | G26: $/weaned lamb/lambing period (includes non-preg)
A28: Ewe Labor and Health costs:
A29: Labor rate | B29: =Comparisons!D19 -> 10 | C29: $/hour
A30: Lambing labor | B30: =Comparisons!D20 -> 0.4 | C30: hours/ewe/lambing period
A31: Ewe general labor (feeding, checks, maintenance) | B31: =Comparisons!D21 -> 2.25 | C31: hours/ewe/lambing period
A32: Pregnant/Lactating ewe health costs | B32: =Comparisons!D22 -> 8 | C32: $/ewe/lambing period
A33: Non-pregnant or lactating ewe health costs | B33: =Comparisons!D23 -> 3 | C33: $/ewe/lambing period
A34: Ewe labor costs | B34: =B31*B29+B30*B29*(B20/100) -> 26.26 | C34: $/ewe/lambing period (includes non-preg)
A35: Ewe health costs | B35: =B32*B20/100+B33*(1-B20/100) -> 7.7 | C35: $/ewe/lambing period (includes non-preg)
A36: Ewe labor and health costs | B36: =SUM(B34:B35) -> 33.96 | C36: $/ewe/lambing period (includes non-preg)
A37: Ewe health and labor costs | B37: =B36/B26 -> 22.025435 | C37: $/weaned lamb/lambing period (includes non-preg)
A39: Ewe replacements:
A40: Replacement rate | B40: =Comparisons!D24 -> 15 | C40: % of lambs weaned kept at replacements
A41: Replacement feed price | B41: =Comparisons!D25 -> 0.065 | C41: $/lb DM
A42: Replacement body weight at first breeding | B42: =Comparisons!D26 -> 115 | C42: lbs
A43: Replacement age at first breeding | B43: =Comparisons!D27 -> 230 | C43: days
A44: Feed costs for ewe replacements | B44: =0.032*(B42-B2)/(LN(B42/B2)/(B43-B3))*B41 -> 26.317479 | C44: $/ewe replacement
A45: Feed costs for ewe replacements | B45: =B44*(B40/100) -> 3.9476218 | C45: $/weaned lamb/lambing period (includes non-preg; if culling ewes who will be replaced)
A47: Health and labor costs for ewe replacements | B47: =Comparisons!D28 -> 10 | C47: $/ewe replacement
A48: Health and labor costs for ewe replacements | B48: =B47*(B40/100) -> 1.5 | C48: $/weaned lamb/lambing period (includes non-preg; if culling ewes who will be replaced)
A50: Cull ewe market price | B50: =Comparisons!D29 -> 0.75 | C50: $/lb
A51: Cull ewe revenue | B51: =B50*B16*B40/100/B26 -> 12.76872 | C51: $/weaned lamb/lambing period (includes non-preg; if culling ewes who will be replaced)
A53: Finishing lambs by weight: | D53: Select frame size and growth | G53: Intermittent costs, add $/lamb when occurs | K53: Costs that depend on lamb weight, enter $/lamb for each weight | P53: Cumulative values
A54: Lamb weight | B54: % Mature size | C54: Lamb age | D54: ADG | E54: Feed:gain | F54: Feed cost | G54: Health costs | H54: Mortality | I54: Bedding, misc. | J54: Labor | K54: Transportation | L54: Commission | M54: Shearing costs | N54: Wool revenue | O54: Shrink | P54: Health costs | Q54: Mortality | R54: Bedding, misc. | S54: Labor
A55: lb/lamb | B55: % | C55: days | D55: lb/day | E55: ratio | F55: $/lb DM | G55: $/lamb | H55: % of lambs weaned | I55: $/lamb | J55: hrs/lamb/day | K55: $/lamb sold | L55: $/lamb sold | M55: $/lamb | N55: $/lamb | O55: % | P55: $/lamb | Q55: % of lambs weaned | R55: $/lamb | S55: $/lamb
A56: =B2 -> 48 | B56: =A56/$B$16*100 -> 27.428571 | C56: =B3 -> 65 | D56: =Finishing!D4 -> 0.79958127 | E56: =Finishing!E4 -> 2.9890645 | F56: =Finishing!F4 -> 0.115 | G56: =Finishing!G4 -> 0.85 | H56: =Finishing!H4 -> 0.3 | I56: =Finishing!I4 -> 1 | J56: =Finishing!J4 -> 0.002 | K56: =Finishing!K4 -> 2 | ... O56: =Finishing!O4 -> 5 | P56: =G56 -> 0.85 | Q56: =H56 -> 0.3 | R56: =I56 -> 1 | S56: =J56*(C57-C56)*$B$29 -> 0.25013092
A57: =A56+10 -> 58 | B57: =A57/$B$16*100 -> 33.142857 | C57: =C56+(A57-A56)/D56 -> 77.506546 | D57: =Finishing!D5 -> 0.80548946 | E57: =Finishing!E5 -> 3.4115903 | F57: =Finishing!F5 -> 0.115 | G57: =Finishing!G5 -> 0 | H57: =Finishing!H5 -> 0.3 | I57: =Finishing!I5 -> 0.4 | J57: =Finishing!J5 -> 0.002 | K57: =Finishing!K5 -> 2.1 | ... O57: =Finishing!O5 -> 5 | P57: =P56+G57 -> 0.85 | Q57: =H57+Q56 -> 0.6 | R57: =I57+R56 -> 1.4 | S57: =J57*(C58-C57)*$B$29+S56 -> 0.49842716
A58: =A57+10 -> 68 | B58: =A58/$B$16*100 -> 38.857143 | C58: =C57+(A58-A57)/D57 -> 89.921358 | D58: =Finishing!D6 -> 0.77446415 | E58: =Finishing!E6 -> 3.9588663 | F58: =Finishing!F6 -> 0.115 | G58: =Finishing!G6 -> 0 | H58: =Finishing!H6 -> 0.2 | I58: =Finishing!I6 -> 0.4 | J58: =Finishing!J6 -> 0.002 | K58: =Finishing!K6 -> 2.2 | ... O58: =Finishing!O6 -> 5 | P58: =P57+G58 -> 0.85 | Q58: =H58+Q57 -> 0.8 | R58: =I58+R57 -> 1.8 | S58: =J58*(C59-C58)*$B$29+S57 -> 0.75667023
A59: =A58+10 -> 78 | B59: =A59/$B$16*100 -> 44.571429 | C59: =C58+(A59-A58)/D58 -> 102.83351 | D59: =Finishing!D7 -> 0.72062551 | E59: =Finishing!E7 -> 4.640413 | F59: =Finishing!F7 -> 0.115 | G59: =Finishing!G7 -> 0 | H59: =Finishing!H7 -> 0.2 | I59: =Finishing!I7 -> 0.4 | J59: =Finishing!J7 -> 0.002 | K59: =Finishing!K7 -> 2.3 | ... O59: =Finishing!O7 -> 5 | P59: =P58+G59 -> 0.85 | Q59: =H59+Q58 -> 1 | R59: =I59+R58 -> 2.2 | S59: =J59*(C60-C59)*$B$29+S58 -> 1.0342069
A60: =A59+10 -> 88 | B60: =A60/$B$16*100 -> 50.285714 | C60: =C59+(A60-A59)/D59 -> 116.71034 | D60: =Finishing!D8 -> 0.65537759 | E60: =Finishing!E8 -> 5.4655515 | F60: =Finishing!F8 -> 0.115 | G60: =Finishing!G8 -> 0 | H60: =Finishing!H8 -> 0.15 | I60: =Finishing!I8 -> 0.4 | J60: =Finishing!J8 -> 0.002 | K60: =Finishing!K8 -> 2.4 | ... O60: =Finishing!O8 -> 4 | P60: =P59+G60 -> 0.85 | Q60: =H60+Q59 -> 1.15 | R60: =I60+R59 -> 2.6 | S60: =J60*(C61-C60)*$B$29+S59 -> 1.3393745
A61: =A60+10 -> 98 | B61: =A61/$B$16*100 -> 56 | C61: =C60+(A61-A60)/D60 -> 131.96872 | D61: =Finishing!D9 -> 0.5866387 | E61: =Finishing!E9 -> 6.443489 | F61: =Finishing!F9 -> 0.11 | G61: =Finishing!G9 -> 0 | H61: =Finishing!H9 -> 0.15 | I61: =Finishing!I9 -> 0.4 | J61: =Finishing!J9 -> 0.002 | K61: =Finishing!K9 -> 2.5 | ... O61: =Finishing!O9 -> 4 | P61: =P60+G61 -> 0.85 | Q61: =H61+Q60 -> 1.3 | R61: =I61+R60 -> 3 | S61: =J61*(C62-C61)*$B$29+S60 -> 1.6802998
A62: =A61+10 -> 108 | B62: =A62/$B$16*100 -> 61.714286 | C62: =C61+(A62-A61)/D61 -> 149.01499 | D62: =Finishing!D10 -> 0.51923927 | E62: =Finishing!E10 -> 7.5841721 | F62: =Finishing!F10 -> 0.11 | G62: =Finishing!G10 -> 0.85 | H62: =Finishing!H10 -> 0.15 | I62: =Finishing!I10 -> 0.4 | J62: =Finishing!J10 -> 0.002 | K62: =Finishing!K10 -> 2.6 | ... O62: =Finishing!O10 -> 4 | P62: =P61+G62 -> 1.7 | Q62: =H62+Q61 -> 1.45 | R62: =I62+R61 -> 3.4 | S62: =J62*(C63-C62)*$B$29+S61 -> 2.0654787
A63: =A62+10 -> 118 | B63: =A63/$B$16*100 -> 67.428571 | C63: =C62+(A63-A62)/D62 -> 168.27394 | D63: =Finishing!D11 -> 0.45573186 | E63: =Finishing!E11 -> 8.8999702 | F63: =Finishing!F11 -> 0.11 | G63: =Finishing!G11 -> 0 | H63: =Finishing!H11 -> 0.15 | I63: =Finishing!I11 -> 0.4 | J63: =Finishing!J11 -> 0.002 | K63: =Finishing!K11 -> 2.7 | ... O63: =Finishing!O11 -> 4 | P63: =P62+G63 -> 1.7 | Q63: =H63+Q62 -> 1.6 | R63: =I63+R62 -> 3.8 | S63: =J63*(C64-C63)*$B$29+S62 -> 2.5043333
A64: =A63+10 -> 128 | B64: =A64/$B$16*100 -> 73.142857 | C64: =C63+(A64-A63)/D63 -> 190.21666 | D64: =Finishing!D12 -> 0.39717641 | E64: =Finishing!E12 -> 10.408473 | F64: =Finishing!F12 -> 0.11 | G64: =Finishing!G12 -> 0 | H64: =Finishing!H12 -> 0.15 | I64: =Finishing!I12 -> 0.4 | J64: =Finishing!J12 -> 0.002 | K64: =Finishing!K12 -> 2.8 | ... O64: =Finishing!O12 -> 4 | P64: =P63+G64 -> 1.7 | Q64: =H64+Q63 -> 1.75 | R64: =I64+R63 -> 4.2 | S64: =J64*(C65-C64)*$B$29+S63 -> 3.0078878
A65: =A64+10 -> 138 | B65: =A65/$B$16*100 -> 78.857143 | C65: =C64+(A65-A64)/D64 -> 215.39439 | D65: =Finishing!D13 -> 0.34374155 | E65: =Finishing!E13 -> 12.137025 | F65: =Finishing!F13 -> 0.11 | G65: =Finishing!G13 -> 0 | H65: =Finishing!H13 -> 0.15 | I65: =Finishing!I13 -> 0.4 | J65: =Finishing!J13 -> 0.002 | K65: =Finishing!K13 -> 2.9 | ... O65: =Finishing!O13 -> 3 | P65: =P64+G65 -> 1.7 | Q65: =H65+Q64 -> 1.9 | R65: =I65+R64 -> 4.6 | S65: =J65*(C66-C65)*$B$29+S64 -> 3.5897203
A66: =A65+10 -> 148 | B66: =A66/$B$16*100 -> 84.571429 | C66: =C65+(A66-A65)/D65 -> 244.48602 | D66: =Finishing!D14 -> 0.29511059 | E66: =Finishing!E14 -> 14.130296 | F66: =Finishing!F14 -> 0.11 | G66: =Finishing!G14 -> 0 | H66: =Finishing!H14 -> 0.15 | I66: =Finishing!I14 -> 0.4 | J66: =Finishing!J14 -> 0.002 | K66: =Finishing!K14 -> 3 | ... O66: =Finishing!O14 -> 3 | P66: =P65+G66 -> 1.7 | Q66: =H66+Q65 -> 2.05 | R66: =I66+R65 -> 5 | S66: =J66*(C67-C66)*$B$29+S65 -> 4.2674323
A67: =A66+10 -> 158 | B67: =A67/$B$16*100 -> 90.285714 | C67: =C66+(A67-A66)/D66 -> 278.37162 | D67: =Finishing!D15 -> 0.25073374 | E67: =Finishing!E15 -> 16.463679 | F67: =Finishing!F15 -> 0.11 | G67: =Finishing!G15 -> 0 | H67: =Finishing!H15 -> 0.15 | I67: =Finishing!I15 -> 0.4 | J67: =Finishing!J15 -> 0.002 | K67: =Finishing!K15 -> 3.1 | ... O67: =Finishing!O15 -> 3 | P67: =P66+G67 -> 1.7 | Q67: =H67+Q66 -> 2.2 | R67: =I67+R66 -> 5.4 | S67: =J67*(C68-C67)*$B$29+S66 -> 5.0650912
A68: =A67+10 -> 168 | B68: =A68/$B$16*100 -> 96 | C68: =C67+(A68-A67)/D67 -> 318.25456 | D68: =Finishing!D16 -> 0.20997478 | E68: =Finishing!E16 -> 19.268981 | F68: =Finishing!F16 -> 0.11 | G68: =Finishing!G16 -> 0 | H68: =Finishing!H16 -> 0.15 | I68: =Finishing!I16 -> 0.4 | J68: =Finishing!J16 -> 0.002 | K68: =Finishing!K16 -> 3.2 | ... O68: =Finishing!O16 -> 3 | P68: =P67+G68 -> 1.7 | Q68: =H68+Q67 -> 2.35 | R68: =I68+R67 -> 5.8 | S68: =J68*(C69-C68)*$B$29+S67 -> 6.0175866
A69: =A68+10 -> 178 | B69: =A69/$B$16*100 -> 101.71429 | C69: =C68+(A69-A68)/D68 -> 365.87933 | D69: =Finishing!D17 -> 0 | E69: =Finishing!E17 -> 0 | F69: =Finishing!F17 -> 0.11 | G69: =Finishing!G17 -> 0 | H69: =Finishing!H17 -> 0.15 | I69: =Finishing!I17 -> 0.4 | J69: =Finishing!J17 -> 0.002 | K69: =Finishing!K17 -> 3.3 | ... O69: =Finishing!O17 -> 3 | P69: =P68+G69 -> 1.7 | Q69: =H69+Q68 -> 2.5 | R69: =I69+R68 -> 6.2 | S69: =J69*(C70-C69)*$B$29+S68 -> #DIV/0!
A70: =A69+10 -> 188 | B70: =A70/$B$16*100 -> 107.42857 | C70: =C69+(A70-A69)/D69 -> #DIV/0! | D70: =Finishing!D18 -> 0 | E70: =Finishing!E18 -> 0 | F70: =Finishing!F18 -> 0.11 | G70: =Finishing!G18 -> 0 | H70: =Finishing!H18 -> 0.15 | I70: =Finishing!I18 -> 0.4 | J70: =Finishing!J18 -> 0.002 | K70: =Finishing!K18 -> 3.4 | ... O70: =Finishing!O18 -> 3 | P70: =P69+G70 -> 1.7 | Q70: =H70+Q69 -> 2.65 | R70: =I70+R69 -> 6.6 | S70: =J70*(C70-C69)*$B$29+S69 -> #DIV/0!
A72: Profit by lamb weight: | J72: Cumulative
A73: Lamb weight | B73: Market price | C73: Profit | D73: Profit | E73: Cost of production | F73: Cost of production | G73: Sales revenue | H73: Feed intake | I73: Feed cost | J73: Feed cost | K73: Feed costs | L73: Lamb revenue | M73: Checkoff | N73: Ewe feed | O73: Ewe labor and health | P73: Feed costs replmt | Q73: Replmt labor and health | R73: Cull ewe revenue
A74: lb/lamb | B74: $/lb | C74: $/lamb sold | D74: $/ewe | E74: $/lamb sold | F74: $/lamb that died | G74: $/lamb sold | H74: lb/day/lamb | I74: $/day/lamb | J74: $/period/lamb | K74: $/lamb sold | L74: $/lamb sold | M74: $/lamb sold | N74: $/lamb weaned for sale | O74: $/lamb weaned for sale | P74: $/lamb weaned | Q74: $/lamb weaned | R74: $/lamb weaned
A75: =Finishing!A4 -> 48 | B75: =Comparisons!D31 -> 2.4 | C75: =G75-E75-F75 -> 20.693848 | D75: =C75*$B$26*(1-Q56/100) -> 31.811168 | E75: =K75+M75+P56+R56+S56+K56+L56+M56+(N75+O75+P75+Q75) -> 105.47077 | F75: =(K75+P56+R56+S56+M56+(N75+O75+P75+Q75))*(Q56/100) -> 0.29740431 | G75: =L75+N56+R75 -> 126.46202 | H75: =D56*E56 -> 2.39 | I75: =H75*F56 -> 0.27485 | J75: =I75*(C57-C56) -> 3.4374242 | K75: =$B$12+J75 -> 3.4374242 | L75: =A75*(1-O56/100)*B75 -> 109.44 | M75: =0.007*A75 -> 0.336 | N75: =$F$26/(1-$B$40/100) -> 61.275973 | O75: =$B$37/(1-$B$40/100) -> 25.912276 | P75: =$B$45/(1-$B$40/100) -> 4.6442609 | Q75: =$B$48/(1-$B$40/100) -> 1.7647059 | R75: =$B$51/(1-$B$40/100) -> 15.022024
A76: =Finishing!A5 -> 58 | B76: =Comparisons!D32 -> 2.3 | C76: =G76-E76-F76 -> 32.917389 | D76: =C76*$B$26*(1-Q57/100) -> 50.449279 | E76: =K76+M76+P57+R57+S57+K57+L57+M57+(N76+O76+P76+Q76) -> 110.2124 | F76: =(K76+P57+R57+S57+M57+(N76+O76+P76+Q76))*(Q57/100) -> 0.62223838 | G76: =L76+N57+R76 -> 143.75202 | H76: =D57*E57 -> 2.748 | I76: =H76*F57 -> 0.31602 | J76: =I76*(C58-C57) -> 3.9233288 | K76: =J76+K75 -> 7.360753 | L76: =A76*(1-O57/100)*B76 -> 126.73 | M76: =0.007*A76 -> 0.406 | N76: =$F$26/(1-$B$40/100) -> 61.275973 | O76: =$B$37/(1-$B$40/100) -> 25.912276 | P76: =$B$45/(1-$B$40/100) -> 4.6442609 | Q76: =$B$48/(1-$B$40/100) -> 1.7647059 | R76: =$B$51/(1-$B$40/100) -> 15.022024
A77: =Finishing!A6 -> 68 | B77: =Comparisons!D33 -> 2.25 | C77: =G77-E77-F77 -> 45.40735 | D77: =C77*$B$26*(1-Q58/100) -> 69.451403 | E77: =K77+M77+P58+R58+S58+K58+L58+M58+(N77+O77+P77+Q77) -> 116.09334 | F77: =(K77+P58+R58+S58+M58+(N77+O77+P77+Q77))*(Q58/100) -> 0.87133868 | G77: =L77+N58+R77 -> 162.37202 | H77: =D58*E58 -> 3.066 | I77: =H77*F58 -> 0.35259 | J77: =I77*(C59-C58) -> 4.5526962 | K77: =J77+K76 -> 11.913449 | L77: =A77*(1-O58/100)*B77 -> 145.35 | M77: =0.007*A77 -> 0.476 | N77: =$F$26/(1-$B$40/100) -> 61.275973 | O77: =$B$37/(1-$B$40/100) -> 25.912276 | P77: =$B$45/(1-$B$40/100) -> 4.6442609 | Q77: =$B$48/(1-$B$40/100) -> 1.7647059 | R77: =$B$51/(1-$B$40/100) -> 15.022024
A78: =Finishing!A7 -> 78 | B78: =Comparisons!D34 -> 2.15 | C78: =G78-E78-F78 -> 52.910363 | D78: =C78*$B$26*(1-Q59/100) -> 80.764244 | E78: =K78+M78+P59+R59+S59+K59+L59+M59+(N78+O78+P78+Q78) -> 122.27735 | F78: =(K78+P59+R59+S59+M59+(N78+O78+P78+Q78))*(Q59/100) -> 1.1493135 | G78: =L78+N59+R78 -> 176.33702 | H78: =D59*E59 -> 3.344 | I78: =H78*F59 -> 0.38456 | J78: =I78*(C60-C59) -> 5.336475 | K78: =J78+K77 -> 17.249924 | L78: =A78*(1-O59/100)*B78 -> 159.315 | M78: =0.007*A78 -> 0.546 | N78: =$F$26/(1-$B$40/100) -> 61.275973 | O78: =$B$37/(1-$B$40/100) -> 25.912276 | P78: =$B$45/(1-$B$40/100) -> 4.6442609 | Q78: =$B$48/(1-$B$40/100) -> 1.7647059 | R78: =$B$51/(1-$B$40/100) -> 15.022024
A79: =Finishing!A8 -> 88 | B79: =Comparisons!D35 -> 2.05 | C79: =G79-E79-F79 -> 58.866023 | D79: =C79*$B$26*(1-Q60/100) -> 89.719029 | E79: =K79+M79+P60+R60+S60+K60+L60+M60+(N79+O79+P79+Q79) -> 129.9379 | F79: =(K79+P60+R60+S60+M60+(N79+O79+P79+Q79))*(Q60/100) -> 1.4021018 | G79: =L79+N60+R79 -> 190.20602 | H79: =D60*E60 -> 3.582 | I79: =H79*F60 -> 0.41193 | J79: =I79*(C61-C60) -> 6.2853843 | K79: =J79+K78 -> 23.535308 | L79: =A79*(1-O60/100)*B79 -> 173.184 | M79: =0.007*A79 -> 0.616 | N79: =$F$26/(1-$B$40/100) -> 61.275973 | O79: =$B$37/(1-$B$40/100) -> 25.912276 | P79: =$B$45/(1-$B$40/100) -> 4.6442609 | Q79: =$B$48/(1-$B$40/100) -> 1.7647059 | R79: =$B$51/(1-$B$40/100) -> 15.022024
A80: =Finishing!A9 -> 98 | B80: =Comparisons!D36 -> 1.95 | C80: =G80-E80-F80 -> 60.854603 | D80: =C80*$B$26*(1-Q61/100) -> 92.609125 | E80: =K80+M80+P61+R61+S61+K61+L61+M61+(N80+O80+P80+Q80) -> 137.93666 | F80: =(K80+P61+R61+S61+M61+(N80+O80+P80+Q80))*(Q61/100) -> 1.6867586 | G80: =L80+N61+R80 -> 200.47802 | H80: =D61*E61 -> 3.78 | I80: =H80*F61 -> 0.4158 | J80: =I80*(C62-C61) -> 7.0878379 | K80: =J80+K79 -> 30.623146 | L80: =A80*(1-O61/100)*B80 -> 183.456 | M80: =0.007*A80 -> 0.686 | N80: =$F$26/(1-$B$40/100) -> 61.275973 | O80: =$B$37/(1-$B$40/100) -> 25.912276 | P80: =$B$45/(1-$B$40/100) -> 4.6442609 | Q80: =$B$48/(1-$B$40/100) -> 1.7647059 | R80: =$B$51/(1-$B$40/100) -> 15.022024
A81: =Finishing!A10 -> 108 | B81: =Comparisons!D37 -> 1.85 | C81: =G81-E81-F81 -> 58.219531 | D81: =C81*$B$26*(1-Q62/100) -> 88.464398 | E81: =K81+M81+P62+R62+S62+K62+L62+M62+(N81+O81+P81+Q81) -> 148.58443 | F81: =(K81+P62+R62+S62+M62+(N81+O81+P81+Q81))*(Q62/100) -> 2.0260622 | G81: =L81+N62+R81 -> 208.83002 | H81: =D62*E62 -> 3.938 | I81: =H81*F62 -> 0.43318 | J81: =I81*(C63-C62) -> 8.3425894 | K81: =J81+K80 -> 38.965736 | L81: =A81*(1-O62/100)*B81 -> 191.808 | M81: =0.007*A81 -> 0.756 | N81: =$F$26/(1-$B$40/100) -> 61.275973 | O81: =$B$37/(1-$B$40/100) -> 25.912276 | P81: =$B$45/(1-$B$40/100) -> 4.6442609 | Q81: =$B$48/(1-$B$40/100) -> 1.7647059 | R81: =$B$51/(1-$B$40/100) -> 15.022024
A82: =Finishing!A11 -> 118 | B82: =Comparisons!D38 -> 1.68 | C82: =G82-E82-F82 -> 45.543456 | D82: =C82*$B$26*(1-Q63/100) -> 69.097808 | E82: =K82+M82+P63+R63+S63+K63+L63+M63+(N82+O82+P82+Q82) -> 159.38325 | F82: =(K82+P63+R63+S63+M63+(N82+O82+P82+Q82))*(Q63/100) -> 2.405716 | G82: =L82+N63+R82 -> 207.33242 | H82: =D63*E63 -> 4.056 | I82: =H82*F63 -> 0.44616 | J82: =I82*(C64-C63) -> 9.7899672 | K82: =J82+K81 -> 48.755703 | L82: =A82*(1-O63/100)*B82 -> 190.3104 | M82: =0.007*A82 -> 0.826 | N82: =$F$26/(1-$B$40/100) -> 61.275973 | O82: =$B$37/(1-$B$40/100) -> 25.912276 | P82: =$B$45/(1-$B$40/100) -> 4.6442609 | Q82: =$B$48/(1-$B$40/100) -> 1.7647059 | R82: =$B$51/(1-$B$40/100) -> 15.022024
A83: =Finishing!A12 -> 128 | B83: =Comparisons!D39 -> 1.65 | C83: =G83-E83-F83 -> 44.520469 | D83: =C83*$B$26*(1-Q64/100) -> 67.442784 | E83: =K83+M83+P64+R64+S64+K64+L64+M64+(N83+O83+P83+Q83) -> 172.40613 | F83: =(K83+P64+R64+S64+M64+(N83+O83+P83+Q83))*(Q64/100) -> 2.8474272 | G83: =L83+N64+R83 -> 219.77402 | H83: =D64*E64 -> 4.134 | I83: =H83*F64 -> 0.45474 | J83: =I83*(C65-C64) -> 11.44932 | K83: =J83+K82 -> 60.205023 | L83: =A83*(1-O64/100)*B83 -> 202.752 | M83: =0.007*A83 -> 0.896 | N83: =$F$26/(1-$B$40/100) -> 61.275973 | O83: =$B$37/(1-$B$40/100) -> 25.912276 | P83: =$B$45/(1-$B$40/100) -> 4.6442609 | Q83: =$B$48/(1-$B$40/100) -> 1.7647059 | R83: =$B$51/(1-$B$40/100) -> 15.022024
A84: =Finishing!A13 -> 138 | B84: =Comparisons!D40 -> 1.6 | C84: =G84-E84-F84 -> 41.675525 | D84: =C84*$B$26*(1-Q65/100) -> 63.036673 | E84: =K84+M84+P65+R65+S65+K65+L65+M65+(N84+O84+P84+Q84) -> 186.90869 | F84: =(K84+P65+R65+S65+M65+(N84+O84+P84+Q84))*(Q65/100) -> 3.3638111 | G84: =L84+N65+R84 -> 231.94802 | H84: =D65*E65 -> 4.172 | I84: =H84*F65 -> 0.45892 | J84: =I84*(C66-C65) -> 13.350728 | K84: =J84+K83 -> 73.555751 | L84: =A84*(1-O65/100)*B84 -> 214.176 | M84: =0.007*A84 -> 0.966 | N84: =$F$26/(1-$B$40/100) -> 61.275973 | O84: =$B$37/(1-$B$40/100) -> 25.912276 | P84: =$B$45/(1-$B$40/100) -> 4.6442609 | Q84: =$B$48/(1-$B$40/100) -> 1.7647059 | R84: =$B$51/(1-$B$40/100) -> 15.022024
A85: =Finishing!A14 -> 148 | B85: =Comparisons!D41 -> 1.55 | C85: =G85-E85-F85 -> 28.548442 | D85: =C85*$B$26*(1-Q66/100) -> 43.115165 | E85: =K85+M85+P66+R66+S66+K66+L66+M66+(N85+O85+P85+Q85) -> 207.69973 | F85: =(K85+P66+R66+S66+M66+(N85+O85+P85+Q85))*(Q66/100) -> 4.0418564 | G85: =L85+N66+R85 -> 240.29002 | H85: =D66*E66 -> 4.17 | I85: =H85*F66 -> 0.4587 | J85: =I85*(C67-C66) -> 15.543325 | K85: =J85+K84 -> 89.099077 | L85: =A85*(1-O66/100)*B85 -> 222.518 | M85: =0.007*A85 -> 1.036 | N85: =$F$26/(1-$B$40/100) -> 61.275973 | O85: =$B$37/(1-$B$40/100) -> 25.912276 | P85: =$B$45/(1-$B$40/100) -> 4.6442609 | Q85: =$B$48/(1-$B$40/100) -> 1.7647059 | R85: =$B$51/(1-$B$40/100) -> 15.022024
A86: =Finishing!A15 -> 158 | B86: =Comparisons!D42 -> 1.4 | C86: =G86-E86-F86 -> 0.39622088 | D86: =C86*$B$26*(1-Q67/100) -> 0.59747455 | E86: =K86+M86+P67+R67+S67+K67+L67+M67+(N86+O86+P86+Q86) -> 227.17743 | F86: =(K86+P67+R67+S67+M67+(N86+O86+P86+Q86))*(Q67/100) -> 4.7623715 | G86: =L86+N67+R86 -> 232.33602 | H86: =D67*E67 -> 4.128 | I86: =H86*F67 -> 0.45408 | J86: =I86*(C68-C67) -> 18.110047 | K86: =J86+K85 -> 107.20912 | L86: =A86*(1-O67/100)*B86 -> 214.564 | M86: =0.007*A86 -> 1.106 | N86: =$F$26/(1-$B$40/100) -> 61.275973 | O86: =$B$37/(1-$B$40/100) -> 25.912276 | P86: =$B$45/(1-$B$40/100) -> 4.6442609 | Q86: =$B$48/(1-$B$40/100) -> 1.7647059 | R86: =$B$51/(1-$B$40/100) -> 15.022024
A87: =Finishing!A16 -> 168 | B87: =Comparisons!D43 -> 1.3 | C87: =G87-E87-F87 -> -25.392747 | D87: =C87*$B$26*(1-Q68/100) -> -38.231834 | E87: =K87+M87+P68+R68+S68+K68+L68+M68+(N87+O87+P87+Q87) -> 249.39581 | F87: =(K87+P68+R68+S68+M68+(N87+O87+P87+Q87))*(Q68/100) -> 5.6169654 | G87: =L87+N68+R87 -> 229.62002 | H87: =D68*E68 -> 4.046 | I87: =H87*F68 -> 0.44506 | J87: =I87*(C69-C68) -> 21.195879 | K87: =J87+K86 -> 128.405 | L87: =A87*(1-O68/100)*B87 -> 211.848 | M87: =0.007*A87 -> 1.176 | N87: =$F$26/(1-$B$40/100) -> 61.275973 | O87: =$B$37/(1-$B$40/100) -> 25.912276 | P87: =$B$45/(1-$B$40/100) -> 4.6442609 | Q87: =$B$48/(1-$B$40/100) -> 1.7647059 | R87: =$B$51/(1-$B$40/100) -> 15.022024
A88: =Finishing!A17 -> 178 | B88: =Comparisons!D44 -> 0 | C88: =G88-E88-F88 -> #DIV/0! | D88: =C88*$B$26*(1-Q69/100) -> #DIV/0! | E88: =K88+M88+P69+R69+S69+K69+L69+M69+(N88+O88+P88+Q88) -> #DIV/0! | F88: =(K88+P69+R69+S69+M69+(N88+O88+P88+Q88))*(Q69/100) -> #DIV/0! | G88: =L88+N69+R88 -> 17.772024 | H88: =D69*E69 -> 0 | I88: =H88*F69 -> 0 | J88: =I88*(C70-C69) -> #DIV/0! | K88: =J88+K87 -> #DIV/0! | L88: =A88*(1-O69/100)*B88 -> 0 | M88: =0.007*A88 -> 1.246 | N88: =$F$26/(1-$B$40/100) -> 61.275973 | O88: =$B$37/(1-$B$40/100) -> 25.912276 | P88: =$B$45/(1-$B$40/100) -> 4.6442609 | Q88: =$B$48/(1-$B$40/100) -> 1.7647059 | R88: =$B$51/(1-$B$40/100) -> 15.022024
A89: =Finishing!A18 -> 188 | B89: =Comparisons!D45 -> 0 | C89: =G89-E89-F89 -> #DIV/0! | D89: =C89*$B$26*(1-Q70/100) -> #DIV/0! | E89: =K89+M89+P70+R70+S70+K70+L70+M70+(N89+O89+P89+Q89) -> #DIV/0! | F89: =(K89+P70+R70+S70+M70+(N89+O89+P89+Q89))*(Q70/100) -> #DIV/0! | G89: =L89+N70+R89 -> 17.772024 | H89: =D70*E70 -> 0 | I89: =H89*F70 -> 0 | J89: =I89*(C70-C69) -> #DIV/0! | K89: =J89+K88 -> #DIV/0! | L89: =A89*(1-O70/100)*B89 -> 0 | M89: =0.007*A89 -> 1.316 | N89: =$F$26/(1-$B$40/100) -> 61.275973 | O89: =$B$37/(1-$B$40/100) -> 25.912276 | P89: =$B$45/(1-$B$40/100) -> 4.6442609 | Q89: =$B$48/(1-$B$40/100) -> 1.7647059 | R89: =$B$51/(1-$B$40/100) -> 15.022024
A101: Pre-weaned lamb feed: | E101: Scenario B
A102: Weaning weight | B102: =Comparisons!E3 -> 48 | C102: lb
A103: Weaning age | B103: =Comparisons!E4 -> 65 | C103: days
A104: Number of days creep fed | B104: =Comparisons!E5 -> 0 | C104: days
A105: Average lb creep fed per day | B105: =Comparisons!E6 -> 0.4 | C105: lb DM/day
A106: Average creep feed price | B106: =Comparisons!E7 -> 0.15 | C106: $/lb DM
A107: Cost of creep feed | B107: =B104*B105*B106 -> 0 | C107: $/lamb
A108: Number of days fed hay | B108: =Comparisons!E8 -> 0 | C108: days
A109: Average lb hay fed per day | B109: =Comparisons!E9 -> 0.2 | C109: lb DM/day
A110: Average hay price | B110: =Comparisons!E10 -> 0.07 | C110: $/lb DM
A111: Cost of hay fed to pre-weaned lambs | B111: =B108*B109*B110 -> 0 | C111: $/lamb
A112: Cost of pre-weaned lamb feed | B112: =B107+B111 -> 0 | C112: $/lamb
A114: Ewe performance and feed costs:
A115: Number of breeding ewes | B115: 100 | C115: ewes | E115: Ewe feed during maintenance | F115: 2.4 | G115: % BW
A116: Ewe body weight | B116: =Comparisons!E11 -> 175 | C116: lbs | E116: Ewe feed during pregnancy | F116: =IF(B121<1.5,2.8,3.2) -> 3.2 | G116: % BW
A117: Ewe maintenance feed price | B117: =Comparisons!E12 -> 0.042 | C117: $/lb DM | E117: Ewe feed during lactation | F117: =IF(B121<1.5,3.5,3.9) -> 3.9 | G117: % BW
A118: Ewe pregnancy/lactation feed price | B118: =Comparisons!E13 -> 0.057 | C118: $/lb DM | E118: Ewe feed during maintenance | F118: =B116*F115/100*B117 -> 0.1764 | G118: $/ewe/day
A119: Number of months between breedings | B119: =Comparisons!E14 -> 12 | C119: months/lambing period | E119: Ewe feed during pregnancy | F119: =F116/100*B116*B118 -> 0.3192 | G119: $/ewe/day
...

Sheet ADG_FG calculations
B1: Small frame | F1: Medium frame | J1: Large frame
A2: Weight | B2: Maturity | C2: ADG low | D2: ADG med | E2: ADG high | F2: Maturity | G2: ADG low | H2: ADG med | I2: ADG high | J2: Maturity | K2: ADG low | L2: ADG med | M2: ADG high
A3: 50 | B3: =A3/145*100 -> 34.482759 | C3: =D3-0.12 -> 0.28 | D3: 0.4 | E3: =D3+0.15 -> 0.55 | F3: =A3/175*100 -> 28.571429 | G3: =H3-0.2 -> 0.35 | H3: 0.55 | I3: =H3+0.2 -> 0.75 | J3: =A3/200*100 -> 25 | K3: =L3-0.2 -> 0.4 | L3: 0.6 | M3: =L3+0.2 -> 0.8
A4: 60 | B4: =A4/145*100 -> 41.37931 | C4: =D4-0.12 -> 0.3 | D4: 0.42 | E4: =D4+0.15 -> 0.57 | F4: =A4/175*100 -> 34.285714 | G4: =H4-0.2 -> 0.36 | H4: 0.56 | I4: =H4+0.2 -> 0.76 | J4: =A4/200*100 -> 30 | K4: =L4-0.2 -> 0.42 | L4: 0.62 | M4: =L4+0.2 -> 0.82
A5: 70 | B5: =A5/145*100 -> 48.275862 | C5: =D5-0.12 -> 0.31 | D5: 0.43 | E5: =D5+0.15 -> 0.58 | F5: =A5/175*100 -> 40 | G5: =H5-0.2 -> 0.38 | H5: 0.58 | I5: =H5+0.2 -> 0.78 | J5: =A5/200*100 -> 35 | K5: =L5-0.2 -> 0.45 | L5: 0.65 | M5: =L5+0.2 -> 0.85
A6: 80 | B6: =A6/145*100 -> 55.172414 | C6: =D6-0.12 -> 0.33 | D6: 0.45 | E6: =D6+0.15 -> 0.6 | F6: =A6/175*100 -> 45.714286 | G6: =H6-0.2 -> 0.39 | H6: 0.59 | I6: =H6+0.2 -> 0.79 | J6: =A6/200*100 -> 40 | K6: =L6-0.2 -> 0.45 | L6: 0.65 | M6: =L6+0.2 -> 0.85
A7: 90 | B7: =A7/145*100 -> 62.068966 | C7: =D7-0.12 -> 0.36 | D7: 0.48 | E7: =D7+0.15 -> 0.63 | F7: =A7/175*100 -> 51.428571 | G7: =H7-0.2 -> 0.41 | H7: 0.61 | I7: =H7+0.2 -> 0.81 | J7: =A7/200*100 -> 45 | K7: =L7-0.2 -> 0.48 | L7: 0.68 | M7: =L7+0.2 -> 0.88
A8: 100 | B8: =A8/145*100 -> 68.965517 | C8: =D8-0.12 -> 0.38 | D8: 0.5 | E8: =D8+0.15 -> 0.65 | F8: =A8/175*100 -> 57.142857 | G8: =H8-0.2 -> 0.43 | H8: 0.63 | I8: =H8+0.2 -> 0.83 | J8: =A8/200*100 -> 50 | K8: =L8-0.2 -> 0.5 | L8: 0.7 | M8: =L8+0.2 -> 0.9
A9: 110 | B9: =A9/145*100 -> 75.862069 | C9: =D9-0.12 -> 0.38 | D9: 0.5 | E9: =D9+0.15 -> 0.65 | F9: =A9/175*100 -> 62.857143 | G9: =H9-0.2 -> 0.45 | H9: 0.65 | I9: =H9+0.2 -> 0.85 | J9: =A9/200*100 -> 55 | K9: =L9-0.2 -> 0.54 | L9: 0.74 | M9: =L9+0.2 -> 0.94
A10: 120 | B10: =A10/145*100 -> 82.758621 | C10: =D10-0.12 -> 0.36 | D10: 0.48 | E10: =D10+0.15 -> 0.63 | F10: =A10/175*100 -> 68.571429 | G10: =H10-0.2 -> 0.45 | H10: 0.65 | I10: =H10+0.2 -> 0.85 | J10: =A10/200*100 -> 60 | K10: =L10-0.2 -> 0.55 | L10: 0.75 | M10: =L10+0.2 -> 0.95
A11: 130 | B11: =A11/145*100 -> 89.655172 | C11: =D11-0.12 -> 0.3 | D11: 0.42 | E11: =D11+0.15 -> 0.57 | F11: =A11/175*100 -> 74.285714 | G11: =H11-0.2 -> 0.44 | H11: 0.64 | I11: =H11+0.2 -> 0.84 | J11: =A11/200*100 -> 65 | K11: =L11-0.2 -> 0.58 | L11: 0.78 | M11: =L11+0.2 -> 0.98
A12: 140 | B12: =A12/145*100 -> 96.551724 | C12: =D12-0.12 -> 0.23 | D12: 0.35 | E12: =D12+0.15 -> 0.5 | F12: =A12/175*100 -> 80 | G12: =H12-0.2 -> 0.43 | H12: 0.63 | I12: =H12+0.2 -> 0.83 | J12: =A12/200*100 -> 70 | K12: =L12-0.2 -> 0.6 | L12: 0.8 | M12: =L12+0.2 -> 1
A13: 150 | F13: =A13/175*100 -> 85.714286 | G13: =H13-0.2 -> 0.42 | H13: 0.62 | I13: =H13+0.2 -> 0.82 | J13: =A13/200*100 -> 75 | K13: =L13-0.2 -> 0.6 | L13: 0.8 | M13: =L13+0.2 -> 1
A14: 160 | F14: =A14/175*100 -> 91.428571 | G14: =H14-0.2 -> 0.4 | H14: 0.6 | I14: =H14+0.2 -> 0.8 | J14: =A14/200*100 -> 80 | K14: =L14-0.2 -> 0.58 | L14: 0.78 | M14: =L14+0.2 -> 0.98
A15: 170 | F15: =A15/175*100 -> 97.142857 | G15: =H15-0.2 -> 0.3 | H15: 0.5 | I15: =H15+0.2 -> 0.7 | J15: =A15/200*100 -> 85 | K15: =L15-0.2 -> 0.52 | L15: 0.72 | M15: =L15+0.2 -> 0.92
A16: 180 | J16: =A16/200*100 -> 90 | K16: =L16-0.2 -> 0.48 | L16: 0.68 | M16: =L16+0.2 -> 0.88
A17: 190 | J17: =A17/200*100 -> 95 | K17: =L17-0.2 -> 0.42 | L17: 0.62 | M17: =L17+0.2 -> 0.82
A18: 200 | J18: =A18/200*100 -> 100 | K18: =L18-0.2 -> 0.35 | L18: 0.55 | M18: =L18+0.2 -> 0.75
A21: CHART | B21: Small frame | F21: Medium frame | J21: Large frame
A22: Weight | B22: Maturity | C22: DMI low | D22: DMI med | E22: DMI high | F22: Maturity | G22: DMI low | H22: DMI med | I22: DMI high | J22: Maturity | K22: DMI low | L22: DMI med | M22: DMI high | O22: Maturity | P22: % BW
A23: 50 | B23: =A23/145*100 -> 34.482759 | C23: =INDEX($P$23:$P$31,MATCH($B23,$O$23:$O$31,1))+($B23-INDEX($O$23:$O$31,MATCH($B23,$O$23:$O$31,1)))*(INDEX($P$23:$P$31,MATCH($B23,$O$23:$O$31,1)+1)-INDEX($P$23:$P$31,MATCH($B23,$O$23:$O$31,1)))/(INDEX($O$23:$O$31,MATCH($B23,$O$23:$O$31,1)+1)-INDEX($O$23:$O$31,MATCH($B23,$O$23:$O$31,1))) -> 5.3655172 | D23: =INDEX($P$23:$P$31,MATCH($B23,$O$23:$O$31,1))+($B23-INDEX($O$23:$O$31,MATCH($B23,$O$23:$O$31,1)))*(INDEX($P$23:$P$31,MATCH($B23,$O$23:$O$31,1)+1)-INDEX($P$23:$P$31,MATCH($B23,$O$23:$O$31,1)))/(INDEX($O$23:$O$31,MATCH($B23,$O$23:$O$31,1)+1)-INDEX($O$23:$O$31,MATCH($B23,$O$23:$O$31,1))) -> 5.3655172 | E23: =INDEX($P$23:$P$31,MATCH($B23,$O$23:$O$31,1))+($B23-INDEX($O$23:$O$31,MATCH($B23,$O$23:$O$31,1)))*(INDEX($P$23:$P$31,MATCH($B23,$O$23:$O$31,1)+1)-INDEX($P$23:$P$31,MATCH($B23,$O$23:$O$31,1)))/(INDEX($O$23:$O$31,MATCH($B23,$O$23:$O$31,1)+1)-INDEX($O$23:$O$31,MATCH($B23,$O$23:$O$31,1))) -> 5.3655172 | F23: =A23/175*100 -> 28.571429 | G23: =INDEX($P$23:$P$31,MATCH($F23,$O$23:$O$31,1))+($F23-INDEX($O$23:$O$31,MATCH($F23,$O$23:$O$31,1)))*(INDEX($P$23:$P$31,MATCH($F23,$O$23:$O$31,1)+1)-INDEX($P$23:$P$31,MATCH($F23,$O$23:$O$31,1)))/(INDEX($O$23:$O$31,MATCH($F23,$O$23:$O$31,1)+1)-INDEX($O$23:$O$31,MATCH($F23,$O$23:$O$31,1))) -> 5.5714286 | H23: =INDEX($P$23:$P$31,MATCH($F23,$O$23:$O$31,1))+($F23-INDEX($O$23:$O$31,MATCH($F23,$O$23:$O$31,1)))*(INDEX($P$23:$P$31,MATCH($F23,$O$23:$O$31,1)+1)-INDEX($P$23:$P$31,MATCH($F23,$O$23:$O$31,1)))/(INDEX($O$23:$O$31,MATCH($F23,$O$23:$O$31,1)+1)-INDEX($O$23:$O$31,MATCH($F23,$O$23:$O$31,1))) -> 5.5714286 | I23: =INDEX($P$23:$P$31,MATCH($F23,$O$23:$O$31,1))+($F23-INDEX($O$23:$O$31,MATCH($F23,$O$23:$O$31,1)))*(INDEX($P$23:$P$31,MATCH($F23,$O$23:$O$31,1)+1)-INDEX($P$23:$P$31,MATCH($F23,$O$23:$O$31,1)))/(INDEX($O$23:$O$31,MATCH($F23,$O$23:$O$31,1)+1)-INDEX($O$23:$O$31,MATCH($F23,$O$23:$O$31,1))) -> 5.5714286 | J23: =A23/200*100 -> 25 | K23: =INDEX($P$23:$P$31,MATCH($J23,$O$23:$O$31,1))+($J23-INDEX($O$23:$O$31,MATCH($J23,$O$23:$O$31,1)))*(INDEX($P$23:$P$31,MATCH($J23,$O$23:$O$31,1)+1)-INDEX($P$23:$P$31,MATCH($J23,$O$23:$O$31,1)))/(INDEX($O$23:$O$31,MATCH($J23,$O$23:$O$31,1)+1)-INDEX($O$23:$O$31,MATCH($J23,$O$23:$O$31,1))) -> 5.75 | L23: =INDEX($P$23:$P$31,MATCH($J23,$O$23:$O$31,1))+($J23-INDEX($O$23:$O$31,MATCH($J23,$O$23:$O$31,1)))*(INDEX($P$23:$P$31,MATCH($J23,$O$23:$O$31,1)+1)-INDEX($P$23:$P$31,MATCH($J23,$O$23:$O$31,1)))/(INDEX($O$23:$O$31,MATCH($J23,$O$23:$O$31,1)+1)-INDEX($O$23:$O$31,MATCH($J23,$O$23:$O$31,1))) -> 5.75 | M23: =INDEX($P$23:$P$31,MATCH($J23,$O$23:$O$31,1))+($J23-INDEX($O$23:$O$31,MATCH($J23,$O$23:$O$31,1)))*(INDEX($P$23:$P$31,MATCH($J23,$O$23:$O$31,1)+1)-INDEX($P$23:$P$31,MATCH($J23,$O$23:$O$31,1)))/(INDEX($O$23:$O$31,MATCH($J23,$O$23:$O$31,1)+1)-INDEX($O$23:$O$31,MATCH($J23,$O$23:$O$31,1))) -> 5.75 | O23: 20 | P23: 6
A24: 60 | B24: =A24/145*100 -> 41.37931 | C24: =INDEX($P$23:$P$31,MATCH($B24,$O$23:$O$31,1))+($B24-INDEX($O$23:$O$31,MATCH($B24,$O$23:$O$31,1)))*(INDEX($P$23:$P$31,MATCH($B24,$O$23:$O$31,1)+1)-INDEX($P$23:$P$31,MATCH($B24,$O$23:$O$31,1)))/(INDEX($O$23:$O$31,MATCH($B24,$O$23:$O$31,1)+1)-INDEX($O$23:$O$31,MATCH($B24,$O$23:$O$31,1))) -> 5.1448276 | D24: =INDEX($P$23:$P$31,MATCH($B24,$O$23:$O$31,1))+($B24-INDEX($O$23:$O$31,MATCH($B24,$O$23:$O$31,1)))*(INDEX($P$23:$P$31,MATCH($B24,$O$23:$O$31,1)+1)-INDEX($P$23:$P$31,MATCH($B24,$O$23:$O$31,1)))/(INDEX($O$23:$O$31,MATCH($B24,$O$23:$O$31,1)+1)-INDEX($O$23:$O$31,MATCH($B24,$O$23:$O$31,1))) -> 5.1448276 | E24: =INDEX($P$23:$P$31,MATCH($B24,$O$23:$O$31,1))+($B24-INDEX($O$23:$O$31,MATCH($B24,$O$23:$O$31,1)))*(INDEX($P$23:$P$31,MATCH($B24,$O$23:$O$31,1)+1)-INDEX($P$23:$P$31,MATCH($B24,$O$23:$O$31,1)))/(INDEX($O$23:$O$31,MATCH($B24,$O$23:$O$31,1)+1)-INDEX($O$23:$O$31,MATCH($B24,$O$23:$O$31,1))) -> 5.1448276 | F24: =A24/175*100 -> 34.285714 | G24: =INDEX($P$23:$P$31,MATCH($F24,$O$23:$O$31,1))+($F24-INDEX($O$23:$O$31,MATCH($F24,$O$23:$O$31,1)))*(INDEX($P$23:$P$31,MATCH($F24,$O$23:$O$31,1)+1)-INDEX($P$23:$P$31,MATCH($F24,$O$23:$O$31,1)))/(INDEX($O$23:$O$31,MATCH($F24,$O$23:$O$31,1)+1)-INDEX($O$23:$O$31,MATCH($F24,$O$23:$O$31,1))) -> 5.3714286 | H24: =INDEX($P$23:$P$31,MATCH($F24,$O$23:$O$31,1))+($F24-INDEX($O$23:$O$31,MATCH($F24,$O$23:$O$31,1)))*(INDEX($P$23:$P$31,MATCH($F24,$O$23:$O$31,1)+1)-INDEX($P$23:$P$31,MATCH($F24,$O$23:$O$31,1)))/(INDEX($O$23:$O$31,MATCH($F24,$O$23:$O$31,1)+1)-INDEX($O$23:$O$31,MATCH($F24,$O$23:$O$31,1))) -> 5.3714286 | I24: =INDEX($P$23:$P$31,MATCH($F24,$O$23:$O$31,1))+($F24-INDEX($O$23:$O$31,MATCH($F24,$O$23:$O$31,1)))*(INDEX($P$23:$P$31,MATCH($F24,$O$23:$O$31,1)+1)-INDEX($P$23:$P$31,MATCH($F24,$O$23:$O$31,1)))/(INDEX($O$23:$O$31,MATCH($F24,$O$23:$O$31,1)+1)-INDEX($O$23:$O$31,MATCH($F24,$O$23:$O$31,1))) -> 5.3714286 | J24: =A24/200*100 -> 30 | K24: =INDEX($P$23:$P$31,MATCH($J24,$O$23:$O$31,1))+($J24-INDEX($O$23:$O$31,MATCH($J24,$O$23:$O$31,1)))*(INDEX($P$23:$P$31,MATCH($J24,$O$23:$O$31,1)+1)-INDEX($P$23:$P$31,MATCH($J24,$O$23:$O$31,1)))/(INDEX($O$23:$O$31,MATCH($J24,$O$23:$O$31,1)+1)-INDEX($O$23:$O$31,MATCH($J24,$O$23:$O$31,1))) -> 5.5 | L24: =INDEX($P$23:$P$31,MATCH($J24,$O$23:$O$31,1))+($J24-INDEX($O$23:$O$31,MATCH($J24,$O$23:$O$31,1)))*(INDEX($P$23:$P$31,MATCH($J24,$O$23:$O$31,1)+1)-INDEX($P$23:$P$31,MATCH($J24,$O$23:$O$31,1)))/(INDEX($O$23:$O$31,MATCH($J24,$O$23:$O$31,1)+1)-INDEX($O$23:$O$31,MATCH($J24,$O$23:$O$31,1))) -> 5.5 | M24: =INDEX($P$23:$P$31,MATCH($J24,$O$23:$O$31,1))+($J24-INDEX($O$23:$O$31,MATCH($J24,$O$23:$O$31,1)))*(INDEX($P$23:$P$31,MATCH($J24,$O$23:$O$31,1)+1)-INDEX($P$23:$P$31,MATCH($J24,$O$23:$O$31,1)))/(INDEX($O$23:$O$31,MATCH($J24,$O$23:$O$31,1)+1)-INDEX($O$23:$O$31,MATCH($J24,$O$23:$O$31,1))) -> 5.5 | O24: 30 | P24: 5.5
A25: 70 | B25: =A25/145*100 -> 48.275862 | C25: =INDEX($P$23:$P$31,MATCH($B25,$O$23:$O$31,1))+($B25-INDEX($O$23:$O$31,MATCH($B25,$O$23:$O$31,1)))*(INDEX($P$23:$P$31,MATCH($B25,$O$23:$O$31,1)+1)-INDEX($P$23:$P$31,MATCH($B25,$O$23:$O$31,1)))/(INDEX($O$23:$O$31,MATCH($B25,$O$23:$O$31,1)+1)-INDEX($O$23:$O$31,MATCH($B25,$O$23:$O$31,1))) -> 4.8689655 | D25: =INDEX($P$23:$P$31,MATCH($B25,$O$23:$O$31,1))+($B25-INDEX($O$23:$O$31,MATCH($B25,$O$23:$O$31,1)))*(INDEX($P$23:$P$31,MATCH($B25,$O$23:$O$31,1)+1)-INDEX($P$23:$P$31,MATCH($B25,$O$23:$O$31,1)))/(INDEX($O$23:$O$31,MATCH($B25,$O$23:$O$31,1)+1)-INDEX($O$23:$O$31,MATCH($B25,$O$23:$O$31,1))) -> 4.8689655 | E25: =INDEX($P$23:$P$31,MATCH($B25,$O$23:$O$31,1))+($B25-INDEX($O$23:$O$31,MATCH($B25,$O$23:$O$31,1)))*(INDEX($P$23:$P$31,MATCH($B25,$O$23:$O$31,1)+1)-INDEX($P$23:$P$31,MATCH($B25,$O$23:$O$31,1)))/(INDEX($O$23:$O$31,MATCH($B25,$O$23:$O$31,1)+1)-INDEX($O$23:$O$31,MATCH($B25,$O$23:$O$31,1))) -> 4.8689655 | F25: =A25/175*100 -> 40 | G25: =INDEX($P$23:$P$31,MATCH($F25,$O$23:$O$31,1))+($F25-INDEX($O$23:$O$31,MATCH($F25,$O$23:$O$31,1)))*(INDEX($P$23:$P$31,MATCH($F25,$O$23:$O$31,1)+1)-INDEX($P$23:$P$31,MATCH($F25,$O$23:$O$31,1)))/(INDEX($O$23:$O$31,MATCH($F25,$O$23:$O$31,1)+1)-INDEX($O$23:$O$31,MATCH($F25,$O$23:$O$31,1))) -> 5.2 | H25: =INDEX($P$23:$P$31,MATCH($F25,$O$23:$O$31,1))+($F25-INDEX($O$23:$O$31,MATCH($F25,$O$23:$O$31,1)))*(INDEX($P$23:$P$31,MATCH($F25,$O$23:$O$31,1)+1)-INDEX($P$23:$P$31,MATCH($F25,$O$23:$O$31,1)))/(INDEX($O$23:$O$31,MATCH($F25,$O$23:$O$31,1)+1)-INDEX($O$23:$O$31,MATCH($F25,$O$23:$O$31,1))) -> 5.2 | I25: =INDEX($P$23:$P$31,MATCH($F25,$O$23:$O$31,1))+($F25-INDEX($O$23:$O$31,MATCH($F25,$O$23:$O$31,1)))*(INDEX($P$23:$P$31,MATCH($F25,$O$23:$O$31,1)+1)-INDEX($P$23:$P$31,MATCH($F25,$O$23:$O$31,1)))/(INDEX($O$23:$O$31,MATCH($F25,$O$23:$O$31,1)+1)-INDEX($O$23:$O$31,MATCH($F25,$O$23:$O$31,1))) -> 5.2 | J25: =A25/200*100 -> 35 | K25: =INDEX($P$23:$P$31,MATCH($J25,$O$23:$O$31,1))+($J25-INDEX($O$23:$O$31,MATCH($J25,$O$23:$O$31,1)))*(INDEX($P$23:$P$31,MATCH($J25,$O$23:$O$31,1)+1)-INDEX($P$23:$P$31,MATCH($J25,$O$23:$O$31,1)))/(INDEX($O$23:$O$31,MATCH($J25,$O$23:$O$31,1)+1)-INDEX($O$23:$O$31,MATCH($J25,$O$23:$O$31,1))) -> 5.35 | L25: =INDEX($P$23:$P$31,MATCH($J25,$O$23:$O$31,1))+($J25-INDEX($O$23:$O$31,MATCH($J25,$O$23:$O$31,1)))*(INDEX($P$23:$P$31,MATCH($J25,$O$23:$O$31,1)+1)-INDEX($P$23:$P$31,MATCH($J25,$O$23:$O$31,1)))/(INDEX($O$23:$O$31,MATCH($J25,$O$23:$O$31,1)+1)-INDEX($O$23:$O$31,MATCH($J25,$O$23:$O$31,1))) -> 5.35 | M25: =INDEX($P$23:$P$31,MATCH($J25,$O$23:$O$31,1))+($J25-INDEX($O$23:$O$31,MATCH($J25,$O$23:$O$31,1)))*(INDEX($P$23:$P$31,MATCH($J25,$O$23:$O$31,1)+1)-INDEX($P$23:$P$31,MATCH($J25,$O$23:$O$31,1)))/(INDEX($O$23:$O$31,MATCH($J25,$O$23:$O$31,1)+1)-INDEX($O$23:$O$31,MATCH($J25,$O$23:$O$31,1))) -> 5.35 | O25: 40 | P25: 5.2
A26: 80 | B26: =A26/145*100 -> 55.172414 | C26: =INDEX($P$23:$P$31,MATCH($B26,$O$23:$O$31,1))+($B26-INDEX($O$23:$O$31,MATCH($B26,$O$23:$O$31,1)))*(INDEX($P$23:$P$31,MATCH($B26,$O$23:$O$31,1)+1)-INDEX($P$23:$P$31,MATCH($B26,$O$23:$O$31,1)))/(INDEX($O$23:$O$31,MATCH($B26,$O$23:$O$31,1)+1)-INDEX($O$23:$O$31,MATCH($B26,$O$23:$O$31,1))) -> 4.3862069 | D26: =INDEX($P$23:$P$31,MATCH($B26,$O$23:$O$31,1))+($B26-INDEX($O$23:$O$31,MATCH($B26,$O$23:$O$31,1)))*(INDEX($P$23:$P$31,MATCH($B26,$O$23:$O$31,1)+1)-INDEX($P$23:$P$31,MATCH($B26,$O$23:$O$31,1)))/(INDEX($O$23:$O$31,MATCH($B26,$O$23:$O$31,1)+1)-INDEX($O$23:$O$31,MATCH($B26,$O$23:$O$31,1))) -> 4.3862069 | E26: =INDEX($P$23:$P$31,MATCH($B26,$O$23:$O$31,1))+($B26-INDEX($O$23:$O$31,MATCH($B26,$O$23:$O$31,1)))*(INDEX($P$23:$P$31,MATCH($B26,$O$23:$O$31,1)+1)-INDEX($P$23:$P$31,MATCH($B26,$O$23:$O$31,1)))/(INDEX($O$23:$O$31,MATCH($B26,$O$23:$O$31,1)+1)-INDEX($O$23:$O$31,MATCH($B26,$O$23:$O$31,1))) -> 4.3862069 | F26: =A26/175*100 -> 45.714286 | G26: =INDEX($P$23:$P$31,MATCH($F26,$O$23:$O$31,1))+($F26-INDEX($O$23:$O$31,MATCH($F26,$O$23:$O$31,1)))*(INDEX($P$23:$P$31,MATCH($F26,$O$23:$O$31,1)+1)-INDEX($P$23:$P$31,MATCH($F26,$O$23:$O$31,1)))/(INDEX($O$23:$O$31,MATCH($F26,$O$23:$O$31,1)+1)-INDEX($O$23:$O$31,MATCH($F26,$O$23:$O$31,1))) -> 4.9714286 | H26: =INDEX($P$23:$P$31,MATCH($F26,$O$23:$O$31,1))+($F26-INDEX($O$23:$O$31,MATCH($F26,$O$23:$O$31,1)))*(INDEX($P$23:$P$31,MATCH($F26,$O$23:$O$31,1)+1)-INDEX($P$23:$P$31,MATCH($F26,$O$23:$O$31,1)))/(INDEX($O$23:$O$31,MATCH($F26,$O$23:$O$31,1)+1)-INDEX($O$23:$O$31,MATCH($F26,$O$23:$O$31,1))) -> 4.9714286 | I26: =INDEX($P$23:$P$31,MATCH($F26,$O$23:$O$31,1))+($F26-INDEX($O$23:$O$31,MATCH($F26,$O$23:$O$31,1)))*(INDEX($P$23:$P$31,MATCH($F26,$O$23:$O$31,1)+1)-INDEX($P$23:$P$31,MATCH($F26,$O$23:$O$31,1)))/(INDEX($O$23:$O$31,MATCH($F26,$O$23:$O$31,1)+1)-INDEX($O$23:$O$31,MATCH($F26,$O$23:$O$31,1))) -> 4.9714286 | J26: =A26/200*100 -> 40 | K26: =INDEX($P$23:$P$31,MATCH($J26,$O$23:$O$31,1))+($J26-INDEX($O$23:$O$31,MATCH($J26,$O$23:$O$31,1)))*(INDEX($P$23:$P$31,MATCH($J26,$O$23:$O$31,1)+1)-INDEX($P$23:$P$31,MATCH($J26,$O$23:$O$31,1)))/(INDEX($O$23:$O$31,MATCH($J26,$O$23:$O$31,1)+1)-INDEX($O$23:$O$31,MATCH($J26,$O$23:$O$31,1))) -> 5.2 | L26: =INDEX($P$23:$P$31,MATCH($J26,$O$23:$O$31,1))+($J26-INDEX($O$23:$O$31,MATCH($J26,$O$23:$O$31,1)))*(INDEX($P$23:$P$31,MATCH($J26,$O$23:$O$31,1)+1)-INDEX($P$23:$P$31,MATCH($J26,$O$23:$O$31,1)))/(INDEX($O$23:$O$31,MATCH($J26,$O$23:$O$31,1)+1)-INDEX($O$23:$O$31,MATCH($J26,$O$23:$O$31,1))) -> 5.2 | M26: =INDEX($P$23:$P$31,MATCH($J26,$O$23:$O$31,1))+($J26-INDEX($O$23:$O$31,MATCH($J26,$O$23:$O$31,1)))*(INDEX($P$23:$P$31,MATCH($J26,$O$23:$O$31,1)+1)-INDEX($P$23:$P$31,MATCH($J26,$O$23:$O$31,1)))/(INDEX($O$23:$O$31,MATCH($J26,$O$23:$O$31,1)+1)-INDEX($O$23:$O$31,MATCH($J26,$O$23:$O$31,1))) -> 5.2 | O26: 50 | P26: 4.8
A27: 90 | B27: =A27/145*100 -> 62.068966 | C27: =INDEX($P$23:$P$31,MATCH($B27,$O$23:$O$31,1))+($B27-INDEX($O$23:$O$31,MATCH($B27,$O$23:$O$31,1)))*(INDEX($P$23:$P$31,MATCH($B27,$O$23:$O$31,1)+1)-INDEX($P$23:$P$31,MATCH($B27,$O$23:$O$31,1)))/(INDEX($O$23:$O$31,MATCH($B27,$O$23:$O$31,1)+1)-INDEX($O$23:$O$31,MATCH($B27,$O$23:$O$31,1))) -> 3.8965517 | D27: =INDEX($P$23:$P$31,MATCH($B27,$O$23:$O$31,1))+($B27-INDEX($O$23:$O$31,MATCH($B27,$O$23:$O$31,1)))*(INDEX($P$23:$P$31,MATCH($B27,$O$23:$O$31,1)+1)-INDEX($P$23:$P$31,MATCH($B27,$O$23:$O$31,1)))/(INDEX($O$23:$O$31,MATCH($B27,$O$23:$O$31,1)+1)-INDEX($O$23:$O$31,MATCH($B27,$O$23:$O$31,1))) -> 3.8965517 | E27: =INDEX($P$23:$P$31,MATCH($B27,$O$23:$O$31,1))+($B27-INDEX($O$23:$O$31,MATCH($B27,$O$23:$O$31,1)))*(INDEX($P$23:$P$31,MATCH($B27,$O$23:$O$31,1)+1)-INDEX($P$23:$P$31,MATCH($B27,$O$23:$O$31,1)))/(INDEX($O$23:$O$31,MATCH($B27,$O$23:$O$31,1)+1)-INDEX($O$23:$O$31,MATCH($B27,$O$23:$O$31,1))) -> 3.8965517 | F27: =A27/175*100 -> 51.428571 | G27: =INDEX($P$23:$P$31,MATCH($F27,$O$23:$O$31,1))+($F27-INDEX($O$23:$O$31,MATCH($F27,$O$23:$O$31,1)))*(INDEX($P$23:$P$31,MATCH($F27,$O$23:$O$31,1)+1)-INDEX($P$23:$P$31,MATCH($F27,$O$23:$O$31,1)))/(INDEX($O$23:$O$31,MATCH($F27,$O$23:$O$31,1)+1)-INDEX($O$23:$O$31,MATCH($F27,$O$23:$O$31,1))) -> 4.6857143 | H27: =INDEX($P$23:$P$31,MATCH($F27,$O$23:$O$31,1))+($F27-INDEX($O$23:$O$31,MATCH($F27,$O$23:$O$31,1)))*(INDEX($P$23:$P$31,MATCH($F27,$O$23:$O$31,1)+1)-INDEX($P$23:$P$31,MATCH($F27,$O$23:$O$31,1)))/(INDEX($O$23:$O$31,MATCH($F27,$O$23:$O$31,1)+1)-INDEX($O$23:$O$31,MATCH($F27,$O$23:$O$31,1))) -> 4.6857143 | I27: =INDEX($P$23:$P$31,MATCH($F27,$O$23:$O$31,1))+($F27-INDEX($O$23:$O$31,MATCH($F27,$O$23:$O$31,1)))*(INDEX($P$23:$P$31,MATCH($F27,$O$23:$O$31,1)+1)-INDEX($P$23:$P$31,MATCH($F27,$O$23:$O$31,1)))/(INDEX($O$23:$O$31,MATCH($F27,$O$23:$O$31,1)+1)-INDEX($O$23:$O$31,MATCH($F27,$O$23:$O$31,1))) -> 4.6857143 | J27: =A27/200*100 -> 45 | K27: =INDEX($P$23:$P$31,MATCH($J27,$O$23:$O$31,1))+($J27-INDEX($O$23:$O$31,MATCH($J27,$O$23:$O$31,1)))*(INDEX($P$23:$P$31,MATCH($J27,$O$23:$O$31,1)+1)-INDEX($P$23:$P$31,MATCH($J27,$O$23:$O$31,1)))/(INDEX($O$23:$O$31,MATCH($J27,$O$23:$O$31,1)+1)-INDEX($O$23:$O$31,MATCH($J27,$O$23:$O$31,1))) -> 5 | L27: =INDEX($P$23:$P$31,MATCH($J27,$O$23:$O$31,1))+($J27-INDEX($O$23:$O$31,MATCH($J27,$O$23:$O$31,1)))*(INDEX($P$23:$P$31,MATCH($J27,$O$23:$O$31,1)+1)-INDEX($P$23:$P$31,MATCH($J27,$O$23:$O$31,1)))/(INDEX($O$23:$O$31,MATCH($J27,$O$23:$O$31,1)+1)-INDEX($O$23:$O$31,MATCH($J27,$O$23:$O$31,1))) -> 5 | M27: =INDEX($P$23:$P$31,MATCH($J27,$O$23:$O$31,1))+($J27-INDEX($O$23:$O$31,MATCH($J27,$O$23:$O$31,1)))*(INDEX($P$23:$P$31,MATCH($J27,$O$23:$O$31,1)+1)-INDEX($P$23:$P$31,MATCH($J27,$O$23:$O$31,1)))/(INDEX($O$23:$O$31,MATCH($J27,$O$23:$O$31,1)+1)-INDEX($O$23:$O$31,MATCH($J27,$O$23:$O$31,1))) -> 5 | O27: 60 | P27: 4
A28: 100 | B28: =A28/145*100 -> 68.965517 | C28: =INDEX($P$23:$P$31,MATCH($B28,$O$23:$O$31,1))+($B28-INDEX($O$23:$O$31,MATCH($B28,$O$23:$O$31,1)))*(INDEX($P$23:$P$31,MATCH($B28,$O$23:$O$31,1)+1)-INDEX($P$23:$P$31,MATCH($B28,$O$23:$O$31,1)))/(INDEX($O$23:$O$31,MATCH($B28,$O$23:$O$31,1)+1)-INDEX($O$23:$O$31,MATCH($B28,$O$23:$O$31,1))) -> 3.5517241 | D28: =INDEX($P$23:$P$31,MATCH($B28,$O$23:$O$31,1))+($B28-INDEX($O$23:$O$31,MATCH($B28,$O$23:$O$31,1)))*(INDEX($P$23:$P$31,MATCH($B28,$O$23:$O$31,1)+1)-INDEX($P$23:$P$31,MATCH($B28,$O$23:$O$31,1)))/(INDEX($O$23:$O$31,MATCH($B28,$O$23:$O$31,1)+1)-INDEX($O$23:$O$31,MATCH($B28,$O$23:$O$31,1))) -> 3.5517241 | E28: =INDEX($P$23:$P$31,MATCH($B28,$O$23:$O$31,1))+($B28-INDEX($O$23:$O$31,MATCH($B28,$O$23:$O$31,1)))*(INDEX($P$23:$P$31,MATCH($B28,$O$23:$O$31,1)+1)-INDEX($P$23:$P$31,MATCH($B28,$O$23:$O$31,1)))/(INDEX($O$23:$O$31,MATCH($B28,$O$23:$O$31,1)+1)-INDEX($O$23:$O$31,MATCH($B28,$O$23:$O$31,1))) -> 3.5517241 | F28: =A28/175*100 -> 57.142857 | G28: =INDEX($P$23:$P$31,MATCH($F28,$O$23:$O$31,1))+($F28-INDEX($O$23:$O$31,MATCH($F28,$O$23:$O$31,1)))*(INDEX($P$23:$P$31,MATCH($F28,$O$23:$O$31,1)+1)-INDEX($P$23:$P$31,MATCH($F28,$O$23:$O$31,1)))/(INDEX($O$23:$O$31,MATCH($F28,$O$23:$O$31,1)+1)-INDEX($O$23:$O$31,MATCH($F28,$O$23:$O$31,1))) -> 4.2285714 | H28: =INDEX($P$23:$P$31,MATCH($F28,$O$23:$O$31,1))+($F28-INDEX($O$23:$O$31,MATCH($F28,$O$23:$O$31,1)))*(INDEX($P$23:$P$31,MATCH($F28,$O$23:$O$31,1)+1)-INDEX($P$23:$P$31,MATCH($F28,$O$23:$O$31,1)))/(INDEX($O$23:$O$31,MATCH($F28,$O$23:$O$31,1)+1)-INDEX($O$23:$O$31,MATCH($F28,$O$23:$O$31,1))) -> 4.2285714 | I28: =INDEX($P$23:$P$31,MATCH($F28,$O$23:$O$31,1))+($F28-INDEX($O$23:$O$31,MATCH($F28,$O$23:$O$31,1)))*(INDEX($P$23:$P$31,MATCH($F28,$O$23:$O$31,1)+1)-INDEX($P$23:$P$31,MATCH($F28,$O$23:$O$31,1)))/(INDEX($O$23:$O$31,MATCH($F28,$O$23:$O$31,1)+1)-INDEX($O$23:$O$31,MATCH($F28,$O$23:$O$31,1))) -> 4.2285714 | J28: =A28/200*100 -> 50 | K28: =INDEX($P$23:$P$31,MATCH($J28,$O$23:$O$31,1))+($J28-INDEX($O$23:$O$31,MATCH($J28,$O$23:$O$31,1)))*(INDEX($P$23:$P$31,MATCH($J28,$O$23:$O$31,1)+1)-INDEX($P$23:$P$31,MATCH($J28,$O$23:$O$31,1)))/(INDEX($O$23:$O$31,MATCH($J28,$O$23:$O$31,1)+1)-INDEX($O$23:$O$31,MATCH($J28,$O$23:$O$31,1))) -> 4.8 | L28: =INDEX($P$23:$P$31,MATCH($J28,$O$23:$O$31,1))+($J28-INDEX($O$23:$O$31,MATCH($J28,$O$23:$O$31,1)))*(INDEX($P$23:$P$31,MATCH($J28,$O$23:$O$31,1)+1)-INDEX($P$23:$P$31,MATCH($J28,$O$23:$O$31,1)))/(INDEX($O$23:$O$31,MATCH($J28,$O$23:$O$31,1)+1)-INDEX($O$23:$O$31,MATCH($J28,$O$23:$O$31,1))) -> 4.8 | M28: =INDEX($P$23:$P$31,MATCH($J28,$O$23:$O$31,1))+($J28-INDEX($O$23:$O$31,MATCH($J28,$O$23:$O$31,1)))*(INDEX($P$23:$P$31,MATCH($J28,$O$23:$O$31,1)+1)-INDEX($P$23:$P$31,MATCH($J28,$O$23:$O$31,1)))/(INDEX($O$23:$O$31,MATCH($J28,$O$23:$O$31,1)+1)-INDEX($O$23:$O$31,MATCH($J28,$O$23:$O$31,1))) -> 4.8 | O28: 70 | P28: 3.5
A29: 110 | B29: =A29/145*100 -> 75.862069 | C29: =INDEX($P$23:$P$31,MATCH($B29,$O$23:$O$31,1))+($B29-INDEX($O$23:$O$31,MATCH($B29,$O$23:$O$31,1)))*(INDEX($P$23:$P$31,MATCH($B29,$O$23:$O$31,1)+1)-INDEX($P$23:$P$31,MATCH($B29,$O$23:$O$31,1)))/(INDEX($O$23:$O$31,MATCH($B29,$O$23:$O$31,1)+1)-INDEX($O$23:$O$31,MATCH($B29,$O$23:$O$31,1))) -> 3.3241379 | D29: =INDEX($P$23:$P$31,MATCH($B29,$O$23:$O$31,1))+($B29-INDEX($O$23:$O$31,MATCH($B29,$O$23:$O$31,1)))*(INDEX($P$23:$P$31,MATCH($B29,$O$23:$O$31,1)+1)-INDEX($P$23:$P$31,MATCH($B29,$O$23:$O$31,1)))/(INDEX($O$23:$O$31,MATCH($B29,$O$23:$O$31,1)+1)-INDEX($O$23:$O$31,MATCH($B29,$O$23:$O$31,1))) -> 3.3241379 | E29: =INDEX($P$23:$P$31,MATCH($B29,$O$23:$O$31,1))+($B29-INDEX($O$23:$O$31,MATCH($B29,$O$23:$O$31,1)))*(INDEX($P$23:$P$31,MATCH($B29,$O$23:$O$31,1)+1)-INDEX($P$23:$P$31,MATCH($B29,$O$23:$O$31,1)))/(INDEX($O$23:$O$31,MATCH($B29,$O$23:$O$31,1)+1)-INDEX($O$23:$O$31,MATCH($B29,$O$23:$O$31,1))) -> 3.3241379 | F29: =A29/175*100 -> 62.857143 | G29: =INDEX($P$23:$P$31,MATCH($F29,$O$23:$O$31,1))+($F29-INDEX($O$23:$O$31,MATCH($F29,$O$23:$O$31,1)))*(INDEX($P$23:$P$31,MATCH($F29,$O$23:$O$31,1)+1)-INDEX($P$23:$P$31,MATCH($F29,$O$23:$O$31,1)))/(INDEX($O$23:$O$31,MATCH($F29,$O$23:$O$31,1)+1)-INDEX($O$23:$O$31,MATCH($F29,$O$23:$O$31,1))) -> 3.8571429 | H29: =INDEX($P$23:$P$31,MATCH($F29,$O$23:$O$31,1))+($F29-INDEX($O$23:$O$31,MATCH($F29,$O$23:$O$31,1)))*(INDEX($P$23:$P$31,MATCH($F29,$O$23:$O$31,1)+1)-INDEX($P$23:$P$31,MATCH($F29,$O$23:$O$31,1)))/(INDEX($O$23:$O$31,MATCH($F29,$O$23:$O$31,1)+1)-INDEX($O$23:$O$31,MATCH($F29,$O$23:$O$31,1))) -> 3.8571429 | I29: =INDEX($P$23:$P$31,MATCH($F29,$O$23:$O$31,1))+($F29-INDEX($O$23:$O$31,MATCH($F29,$O$23:$O$31,1)))*(INDEX($P$23:$P$31,MATCH($F29,$O$23:$O$31,1)+1)-INDEX($P$23:$P$31,MATCH($F29,$O$23:$O$31,1)))/(INDEX($O$23:$O$31,MATCH($F29,$O$23:$O$31,1)+1)-INDEX($O$23:$O$31,MATCH($F29,$O$23:$O$31,1))) -> 3.8571429 | J29: =A29/200*100 -> 55 | K29: =INDEX($P$23:$P$31,MATCH($J29,$O$23:$O$31,1))+($J29-INDEX($O$23:$O$31,MATCH($J29,$O$23:$O$31,1)))*(INDEX($P$23:$P$31,MATCH($J29,$O$23:$O$31,1)+1)-INDEX($P$23:$P$31,MATCH($J29,$O$23:$O$31,1)))/(INDEX($O$23:$O$31,MATCH($J29,$O$23:$O$31,1)+1)-INDEX($O$23:$O$31,MATCH($J29,$O$23:$O$31,1))) -> 4.4 | L29: =INDEX($P$23:$P$31,MATCH($J29,$O$23:$O$31,1))+($J29-INDEX($O$23:$O$31,MATCH($J29,$O$23:$O$31,1)))*(INDEX($P$23:$P$31,MATCH($J29,$O$23:$O$31,1)+1)-INDEX($P$23:$P$31,MATCH($J29,$O$23:$O$31,1)))/(INDEX($O$23:$O$31,MATCH($J29,$O$23:$O$31,1)+1)-INDEX($O$23:$O$31,MATCH($J29,$O$23:$O$31,1))) -> 4.4 | M29: =INDEX($P$23:$P$31,MATCH($J29,$O$23:$O$31,1))+($J29-INDEX($O$23:$O$31,MATCH($J29,$O$23:$O$31,1)))*(INDEX($P$23:$P$31,MATCH($J29,$O$23:$O$31,1)+1)-INDEX($P$23:$P$31,MATCH($J29,$O$23:$O$31,1)))/(INDEX($O$23:$O$31,MATCH($J29,$O$23:$O$31,1)+1)-INDEX($O$23:$O$31,MATCH($J29,$O$23:$O$31,1))) -> 4.4 | O29: 80 | P29: 3.2
A30: 120 | B30: =A30/145*100 -> 82.758621 | C30: =INDEX($P$23:$P$31,MATCH($B30,$O$23:$O$31,1))+($B30-INDEX($O$23:$O$31,MATCH($B30,$O$23:$O$31,1)))*(INDEX($P$23:$P$31,MATCH($B30,$O$23:$O$31,1)+1)-INDEX($P$23:$P$31,MATCH($B30,$O$23:$O$31,1)))/(INDEX($O$23:$O$31,MATCH($B30,$O$23:$O$31,1)+1)-INDEX($O$23:$O$31,MATCH($B30,$O$23:$O$31,1))) -> 3.0896552 | D30: =INDEX($P$23:$P$31,MATCH($B30,$O$23:$O$31,1))+($B30-INDEX($O$23:$O$31,MATCH($B30,$O$23:$O$31,1)))*(INDEX($P$23:$P$31,MATCH($B30,$O$23:$O$31,1)+1)-INDEX($P$23:$P$31,MATCH($B30,$O$23:$O$31,1)))/(INDEX($O$23:$O$31,MATCH($B30,$O$23:$O$31,1)+1)-INDEX($O$23:$O$31,MATCH($B30,$O$23:$O$31,1))) -> 3.0896552 | E30: =INDEX($P$23:$P$31,MATCH($B30,$O$23:$O$31,1))+($B30-INDEX($O$23:$O$31,MATCH($B30,$O$23:$O$31,1)))*(INDEX($P$23:$P$31,MATCH($B30,$O$23:$O$31,1)+1)-INDEX($P$23:$P$31,MATCH($B30,$O$23:$O$31,1)))/(INDEX($O$23:$O$31,MATCH($B30,$O$23:$O$31,1)+1)-INDEX($O$23:$O$31,MATCH($B30,$O$23:$O$31,1))) -> 3.0896552 | F30: =A30/175*100 -> 68.571429 | G30: =INDEX($P$23:$P$31,MATCH($F30,$O$23:$O$31,1))+($F30-INDEX($O$23:$O$31,MATCH($F30,$O$23:$O$31,1)))*(INDEX($P$23:$P$31,MATCH($F30,$O$23:$O$31,1)+1)-INDEX($P$23:$P$31,MATCH($F30,$O$23:$O$31,1)))/(INDEX($O$23:$O$31,MATCH($F30,$O$23:$O$31,1)+1)-INDEX($O$23:$O$31,MATCH($F30,$O$23:$O$31,1))) -> 3.5714286 | H30: =INDEX($P$23:$P$31,MATCH($F30,$O$23:$O$31,1))+($F30-INDEX($O$23:$O$31,MATCH($F30,$O$23:$O$31,1)))*(INDEX($P$23:$P$31,MATCH($F30,$O$23:$O$31,1)+1)-INDEX($P$23:$P$31,MATCH($F30,$O$23:$O$31,1)))/(INDEX($O$23:$O$31,MATCH($F30,$O$23:$O$31,1)+1)-INDEX($O$23:$O$31,MATCH($F30,$O$23:$O$31,1))) -> 3.5714286 | I30: =INDEX($P$23:$P$31,MATCH($F30,$O$23:$O$31,1))+($F30-INDEX($O$23:$O$31,MATCH($F30,$O$23:$O$31,1)))*(INDEX($P$23:$P$31,MATCH($F30,$O$23:$O$31,1)+1)-INDEX($P$23:$P$31,MATCH($F30,$O$23:$O$31,1)))/(INDEX($O$23:$O$31,MATCH($F30,$O$23:$O$31,1)+1)-INDEX($O$23:$O$31,MATCH($F30,$O$23:$O$31,1))) -> 3.5714286 | J30: =A30/200*100 -> 60 | K30: =INDEX($P$23:$P$31,MATCH($J30,$O$23:$O$31,1))+($J30-INDEX($O$23:$O$31,MATCH($J30,$O$23:$O$31,1)))*(INDEX($P$23:$P$31,MATCH($J30,$O$23:$O$31,1)+1)-INDEX($P$23:$P$31,MATCH($J30,$O$23:$O$31,1)))/(INDEX($O$23:$O$31,MATCH($J30,$O$23:$O$31,1)+1)-INDEX($O$23:$O$31,MATCH($J30,$O$23:$O$31,1))) -> 4 | L30: =INDEX($P$23:$P$31,MATCH($J30,$O$23:$O$31,1))+($J30-INDEX($O$23:$O$31,MATCH($J30,$O$23:$O$31,1)))*(INDEX($P$23:$P$31,MATCH($J30,$O$23:$O$31,1)+1)-INDEX($P$23:$P$31,MATCH($J30,$O$23:$O$31,1)))/(INDEX($O$23:$O$31,MATCH($J30,$O$23:$O$31,1)+1)-INDEX($O$23:$O$31,MATCH($J30,$O$23:$O$31,1))) -> 4 | M30: =INDEX($P$23:$P$31,MATCH($J30,$O$23:$O$31,1))+($J30-INDEX($O$23:$O$31,MATCH($J30,$O$23:$O$31,1)))*(INDEX($P$23:$P$31,MATCH($J30,$O$23:$O$31,1)+1)-INDEX($P$23:$P$31,MATCH($J30,$O$23:$O$31,1)))/(INDEX($O$23:$O$31,MATCH($J30,$O$23:$O$31,1)+1)-INDEX($O$23:$O$31,MATCH($J30,$O$23:$O$31,1))) -> 4 | O30: 90 | P30: 2.8
A31: 130 | B31: =A31/145*100 -> 89.655172 | C31: =INDEX($P$23:$P$31,MATCH($B31,$O$23:$O$31,1))+($B31-INDEX($O$23:$O$31,MATCH($B31,$O$23:$O$31,1)))*(INDEX($P$23:$P$31,MATCH($B31,$O$23:$O$31,1)+1)-INDEX($P$23:$P$31,MATCH($B31,$O$23:$O$31,1)))/(INDEX($O$23:$O$31,MATCH($B31,$O$23:$O$31,1)+1)-INDEX($O$23:$O$31,MATCH($B31,$O$23:$O$31,1))) -> 2.8137931 | D31: =INDEX($P$23:$P$31,MATCH($B31,$O$23:$O$31,1))+($B31-INDEX($O$23:$O$31,MATCH($B31,$O$23:$O$31,1)))*(INDEX($P$23:$P$31,MATCH($B31,$O$23:$O$31,1)+1)-INDEX($P$23:$P$31,MATCH($B31,$O$23:$O$31,1)))/(INDEX($O$23:$O$31,MATCH($B31,$O$23:$O$31,1)+1)-INDEX($O$23:$O$31,MATCH($B31,$O$23:$O$31,1))) -> 2.8137931 | E31: =INDEX($P$23:$P$31,MATCH($B31,$O$23:$O$31,1))+($B31-INDEX($O$23:$O$31,MATCH($B31,$O$23:$O$31,1)))*(INDEX($P$23:$P$31,MATCH($B31,$O$23:$O$31,1)+1)-INDEX($P$23:$P$31,MATCH($B31,$O$23:$O$31,1)))/(INDEX($O$23:$O$31,MATCH($B31,$O$23:$O$31,1)+1)-INDEX($O$23:$O$31,MATCH($B31,$O$23:$O$31,1))) -> 2.8137931 | F31: =A31/175*100 -> 74.285714 | G31: =INDEX($P$23:$P$31,MATCH($F31,$O$23:$O$31,1))+($F31-INDEX($O$23:$O$31,MATCH($F31,$O$23:$O$31,1)))*(INDEX($P$23:$P$31,MATCH($F31,$O$23:$O$31,1)+1)-INDEX($P$23:$P$31,MATCH($F31,$O$23:$O$31,1)))/(INDEX($O$23:$O$31,MATCH($F31,$O$23:$O$31,1)+1)-INDEX($O$23:$O$31,MATCH($F31,$O$23:$O$31,1))) -> 3.3714286 | H31: =INDEX($P$23:$P$31,MATCH($F31,$O$23:$O$31,1))+($F31-INDEX($O$23:$O$31,MATCH($F31,$O$23:$O$31,1)))*(INDEX($P$23:$P$31,MATCH($F31,$O$23:$O$31,1)+1)-INDEX($P$23:$P$31,MATCH($F31,$O$23:$O$31,1)))/(INDEX($O$23:$O$31,MATCH($F31,$O$23:$O$31,1)+1)-INDEX($O$23:$O$31,MATCH($F31,$O$23:$O$31,1))) -> 3.3714286 | I31: =INDEX($P$23:$P$31,MATCH($F31,$O$23:$O$31,1))+($F31-INDEX($O$23:$O$31,MATCH($F31,$O$23:$O$31,1)))*(INDEX($P$23:$P$31,MATCH($F31,$O$23:$O$31,1)+1)-INDEX($P$23:$P$31,MATCH($F31,$O$23:$O$31,1)))/(INDEX($O$23:$O$31,MATCH($F31,$O$23:$O$31,1)+1)-INDEX($O$23:$O$31,MATCH($F31,$O$23:$O$31,1))) -> 3.3714286 | J31: =A31/200*100 -> 65 | K31: =INDEX($P$23:$P$31,MATCH($J31,$O$23:$O$31,1))+($J31-INDEX($O$23:$O$31,MATCH($J31,$O$23:$O$31,1)))*(INDEX($P$23:$P$31,MATCH($J31,$O$23:$O$31,1)+1)-INDEX($P$23:$P$31,MATCH($J31,$O$23:$O$31,1)))/(INDEX($O$23:$O$31,MATCH($J31,$O$23:$O$31,1)+1)-INDEX($O$23:$O$31,MATCH($J31,$O$23:$O$31,1))) -> 3.75 | L31: =INDEX($P$23:$P$31,MATCH($J31,$O$23:$O$31,1))+($J31-INDEX($O$23:$O$31,MATCH($J31,$O$23:$O$31,1)))*(INDEX($P$23:$P$31,MATCH($J31,$O$23:$O$31,1)+1)-INDEX($P$23:$P$31,MATCH($J31,$O$23:$O$31,1)))/(INDEX($O$23:$O$31,MATCH($J31,$O$23:$O$31,1)+1)-INDEX($O$23:$O$31,MATCH($J31,$O$23:$O$31,1))) -> 3.75 | M31: =INDEX($P$23:$P$31,MATCH($J31,$O$23:$O$31,1))+($J31-INDEX($O$23:$O$31,MATCH($J31,$O$23:$O$31,1)))*(INDEX($P$23:$P$31,MATCH($J31,$O$23:$O$31,1)+1)-INDEX($P$23:$P$31,MATCH($J31,$O$23:$O$31,1)))/(INDEX($O$23:$O$31,MATCH($J31,$O$23:$O$31,1)+1)-INDEX($O$23:$O$31,MATCH($J31,$O$23:$O$31,1))) -> 3.75 | O31: 100 | P31: 2.6
A32: 140 | B32: =A32/145*100 -> 96.551724 | C32: =INDEX($P$23:$P$31,MATCH($B32,$O$23:$O$31,1))+($B32-INDEX($O$23:$O$31,MATCH($B32,$O$23:$O$31,1)))*(INDEX($P$23:$P$31,MATCH($B32,$O$23:$O$31,1)+1)-INDEX($P$23:$P$31,MATCH($B32,$O$23:$O$31,1)))/(INDEX($O$23:$O$31,MATCH($B32,$O$23:$O$31,1)+1)-INDEX($O$23:$O$31,MATCH($B32,$O$23:$O$31,1))) -> 2.6689655 | D32: =INDEX($P$23:$P$31,MATCH($B32,$O$23:$O$31,1))+($B32-INDEX($O$23:$O$31,MATCH($B32,$O$23:$O$31,1)))*(INDEX($P$23:$P$31,MATCH($B32,$O$23:$O$31,1)+1)-INDEX($P$23:$P$31,MATCH($B32,$O$23:$O$31,1)))/(INDEX($O$23:$O$31,MATCH($B32,$O$23:$O$31,1)+1)-INDEX($O$23:$O$31,MATCH($B32,$O$23:$O$31,1))) -> 2.6689655 | E32: =INDEX($P$23:$P$31,MATCH($B32,$O$23:$O$31,1))+($B32-INDEX($O$23:$O$31,MATCH($B32,$O$23:$O$31,1)))*(INDEX($P$23:$P$31,MATCH($B32,$O$23:$O$31,1)+1)-INDEX($P$23:$P$31,MATCH($B32,$O$23:$O$31,1)))/(INDEX($O$23:$O$31,MATCH($B32,$O$23:$O$31,1)+1)-INDEX($O$23:$O$31,MATCH($B32,$O$23:$O$31,1))) -> 2.6689655 | F32: =A32/175*100 -> 80 | G32: =INDEX($P$23:$P$31,MATCH($F32,$O$23:$O$31,1))+($F32-INDEX($O$23:$O$31,MATCH($F32,$O$23:$O$31,1)))*(INDEX($P$23:$P$31,MATCH($F32,$O$23:$O$31,1)+1)-INDEX($P$23:$P$31,MATCH($F32,$O$23:$O$31,1)))/(INDEX($O$23:$O$31,MATCH($F32,$O$23:$O$31,1)+1)-INDEX($O$23:$O$31,MATCH($F32,$O$23:$O$31,1))) -> 3.2 | H32: =INDEX($P$23:$P$31,MATCH($F32,$O$23:$O$31,1))+($F32-INDEX($O$23:$O$31,MATCH($F32,$O$23:$O$31,1)))*(INDEX($P$23:$P$31,MATCH($F32,$O$23:$O$31,1)+1)-INDEX($P$23:$P$31,MATCH($F32,$O$23:$O$31,1)))/(INDEX($O$23:$O$31,MATCH($F32,$O$23:$O$31,1)+1)-INDEX($O$23:$O$31,MATCH($F32,$O$23:$O$31,1))) -> 3.2 | I32: =INDEX($P$23:$P$31,MATCH($F32,$O$23:$O$31,1))+($F32-INDEX($O$23:$O$31,MATCH($F32,$O$23:$O$31,1)))*(INDEX($P$23:$P$31,MATCH($F32,$O$23:$O$31,1)+1)-INDEX($P$23:$P$31,MATCH($F32,$O$23:$O$31,1)))/(INDEX($O$23:$O$31,MATCH($F32,$O$23:$O$31,1)+1)-INDEX($O$23:$O$31,MATCH($F32,$O$23:$O$31,1))) -> 3.2 | J32: =A32/200*100 -> 70 | K32: =INDEX($P$23:$P$31,MATCH($J32,$O$23:$O$31,1))+($J32-INDEX($O$23:$O$31,MATCH($J32,$O$23:$O$31,1)))*(INDEX($P$23:$P$31,MATCH($J32,$O$23:$O$31,1)+1)-INDEX($P$23:$P$31,MATCH($J32,$O$23:$O$31,1)))/(INDEX($O$23:$O$31,MATCH($J32,$O$23:$O$31,1)+1)-INDEX($O$23:$O$31,MATCH($J32,$O$23:$O$31,1))) -> 3.5 | L32: =INDEX($P$23:$P$31,MATCH($J32,$O$23:$O$31,1))+($J32-INDEX($O$23:$O$31,MATCH($J32,$O$23:$O$31,1)))*(INDEX($P$23:$P$31,MATCH($J32,$O$23:$O$31,1)+1)-INDEX($P$23:$P$31,MATCH($J32,$O$23:$O$31,1)))/(INDEX($O$23:$O$31,MATCH($J32,$O$23:$O$31,1)+1)-INDEX($O$23:$O$31,MATCH($J32,$O$23:$O$31,1))) -> 3.5 | M32: =INDEX($P$23:$P$31,MATCH($J32,$O$23:$O$31,1))+($J32-INDEX($O$23:$O$31,MATCH($J32,$O$23:$O$31,1)))*(INDEX($P$23:$P$31,MATCH($J32,$O$23:$O$31,1)+1)-INDEX($P$23:$P$31,MATCH($J32,$O$23:$O$31,1)))/(INDEX($O$23:$O$31,MATCH($J32,$O$23:$O$31,1)+1)-INDEX($O$23:$O$31,MATCH($J32,$O$23:$O$31,1))) -> 3.5
A33: 150 | F33: =A33/175*100 -> 85.714286 | G33: =INDEX($P$23:$P$31,MATCH($F33,$O$23:$O$31,1))+($F33-INDEX($O$23:$O$31,MATCH($F33,$O$23:$O$31,1)))*(INDEX($P$23:$P$31,MATCH($F33,$O$23:$O$31,1)+1)-INDEX($P$23:$P$31,MATCH($F33,$O$23:$O$31,1)))/(INDEX($O$23:$O$31,MATCH($F33,$O$23:$O$31,1)+1)-INDEX($O$23:$O$31,MATCH($F33,$O$23:$O$31,1))) -> 2.9714286 | H33: =INDEX($P$23:$P$31,MATCH($F33,$O$23:$O$31,1))+($F33-INDEX($O$23:$O$31,MATCH($F33,$O$23:$O$31,1)))*(INDEX($P$23:$P$31,MATCH($F33,$O$23:$O$31,1)+1)-INDEX($P$23:$P$31,MATCH($F33,$O$23:$O$31,1)))/(INDEX($O$23:$O$31,MATCH($F33,$O$23:$O$31,1)+1)-INDEX($O$23:$O$31,MATCH($F33,$O$23:$O$31,1))) -> 2.9714286 | I33: =INDEX($P$23:$P$31,MATCH($F33,$O$23:$O$31,1))+($F33-INDEX($O$23:$O$31,MATCH($F33,$O$23:$O$31,1)))*(INDEX($P$23:$P$31,MATCH($F33,$O$23:$O$31,1)+1)-INDEX($P$23:$P$31,MATCH($F33,$O$23:$O$31,1)))/(INDEX($O$23:$O$31,MATCH($F33,$O$23:$O$31,1)+1)-INDEX($O$23:$O$31,MATCH($F33,$O$23:$O$31,1))) -> 2.9714286 | J33: =A33/200*100 -> 75 | K33: =INDEX($P$23:$P$31,MATCH($J33,$O$23:$O$31,1))+($J33-INDEX($O$23:$O$31,MATCH($J33,$O$23:$O$31,1)))*(INDEX($P$23:$P$31,MATCH($J33,$O$23:$O$31,1)+1)-INDEX($P$23:$P$31,MATCH($J33,$O$23:$O$31,1)))/(INDEX($O$23:$O$31,MATCH($J33,$O$23:$O$31,1)+1)-INDEX($O$23:$O$31,MATCH($J33,$O$23:$O$31,1))) -> 3.35 | L33: =INDEX($P$23:$P$31,MATCH($J33,$O$23:$O$31,1))+($J33-INDEX($O$23:$O$31,MATCH($J33,$O$23:$O$31,1)))*(INDEX($P$23:$P$31,MATCH($J33,$O$23:$O$31,1)+1)-INDEX($P$23:$P$31,MATCH($J33,$O$23:$O$31,1)))/(INDEX($O$23:$O$31,MATCH($J33,$O$23:$O$31,1)+1)-INDEX($O$23:$O$31,MATCH($J33,$O$23:$O$31,1))) -> 3.35 | M33: =INDEX($P$23:$P$31,MATCH($J33,$O$23:$O$31,1))+($J33-INDEX($O$23:$O$31,MATCH($J33,$O$23:$O$31,1)))*(INDEX($P$23:$P$31,MATCH($J33,$O$23:$O$31,1)+1)-INDEX($P$23:$P$31,MATCH($J33,$O$23:$O$31,1)))/(INDEX($O$23:$O$31,MATCH($J33,$O$23:$O$31,1)+1)-INDEX($O$23:$O$31,MATCH($J33,$O$23:$O$31,1))) -> 3.35
A34: 160 | F34: =A34/175*100 -> 91.428571 | G34: =INDEX($P$23:$P$31,MATCH($F34,$O$23:$O$31,1))+($F34-INDEX($O$23:$O$31,MATCH($F34,$O$23:$O$31,1)))*(INDEX($P$23:$P$31,MATCH($F34,$O$23:$O$31,1)+1)-INDEX($P$23:$P$31,MATCH($F34,$O$23:$O$31,1)))/(INDEX($O$23:$O$31,MATCH($F34,$O$23:$O$31,1)+1)-INDEX($O$23:$O$31,MATCH($F34,$O$23:$O$31,1))) -> 2.7714286 | H34: =INDEX($P$23:$P$31,MATCH($F34,$O$23:$O$31,1))+($F34-INDEX($O$23:$O$31,MATCH($F34,$O$23:$O$31,1)))*(INDEX($P$23:$P$31,MATCH($F34,$O$23:$O$31,1)+1)-INDEX($P$23:$P$31,MATCH($F34,$O$23:$O$31,1)))/(INDEX($O$23:$O$31,MATCH($F34,$O$23:$O$31,1)+1)-INDEX($O$23:$O$31,MATCH($F34,$O$23:$O$31,1))) -> 2.7714286 | I34: =INDEX($P$23:$P$31,MATCH($F34,$O$23:$O$31,1))+($F34-INDEX($O$23:$O$31,MATCH($F34,$O$23:$O$31,1)))*(INDEX($P$23:$P$31,MATCH($F34,$O$23:$O$31,1)+1)-INDEX($P$23:$P$31,MATCH($F34,$O$23:$O$31,1)))/(INDEX($O$23:$O$31,MATCH($F34,$O$23:$O$31,1)+1)-INDEX($O$23:$O$31,MATCH($F34,$O$23:$O$31,1))) -> 2.7714286 | J34: =A34/200*100 -> 80 | K34: =INDEX($P$23:$P$31,MATCH($J34,$O$23:$O$31,1))+($J34-INDEX($O$23:$O$31,MATCH($J34,$O$23:$O$31,1)))*(INDEX($P$23:$P$31,MATCH($J34,$O$23:$O$31,1)+1)-INDEX($P$23:$P$31,MATCH($J34,$O$23:$O$31,1)))/(INDEX($O$23:$O$31,MATCH($J34,$O$23:$O$31,1)+1)-INDEX($O$23:$O$31,MATCH($J34,$O$23:$O$31,1))) -> 3.2 | L34: =INDEX($P$23:$P$31,MATCH($J34,$O$23:$O$31,1))+($J34-INDEX($O$23:$O$31,MATCH($J34,$O$23:$O$31,1)))*(INDEX($P$23:$P$31,MATCH($J34,$O$23:$O$31,1)+1)-INDEX($P$23:$P$31,MATCH($J34,$O$23:$O$31,1)))/(INDEX($O$23:$O$31,MATCH($J34,$O$23:$O$31,1)+1)-INDEX($O$23:$O$31,MATCH($J34,$O$23:$O$31,1))) -> 3.2 | M34: =INDEX($P$23:$P$31,MATCH($J34,$O$23:$O$31,1))+($J34-INDEX($O$23:$O$31,MATCH($J34,$O$23:$O$31,1)))*(INDEX($P$23:$P$31,MATCH($J34,$O$23:$O$31,1)+1)-INDEX($P$23:$P$31,MATCH($J34,$O$23:$O$31,1)))/(INDEX($O$23:$O$31,MATCH($J34,$O$23:$O$31,1)+1)-INDEX($O$23:$O$31,MATCH($J34,$O$23:$O$31,1))) -> 3.2
A35: 170 | F35: =A35/175*100 -> 97.142857 | G35: =INDEX($P$23:$P$31,MATCH($F35,$O$23:$O$31,1))+($F35-INDEX($O$23:$O$31,MATCH($F35,$O$23:$O$31,1)))*(INDEX($P$23:$P$31,MATCH($F35,$O$23:$O$31,1)+1)-INDEX($P$23:$P$31,MATCH($F35,$O$23:$O$31,1)))/(INDEX($O$23:$O$31,MATCH($F35,$O$23:$O$31,1)+1)-INDEX($O$23:$O$31,MATCH($F35,$O$23:$O$31,1))) -> 2.6571429 | H35: =INDEX($P$23:$P$31,MATCH($F35,$O$23:$O$31,1))+($F35-INDEX($O$23:$O$31,MATCH($F35,$O$23:$O$31,1)))*(INDEX($P$23:$P$31,MATCH($F35,$O$23:$O$31,1)+1)-INDEX($P$23:$P$31,MATCH($F35,$O$23:$O$31,1)))/(INDEX($O$23:$O$31,MATCH($F35,$O$23:$O$31,1)+1)-INDEX($O$23:$O$31,MATCH($F35,$O$23:$O$31,1))) -> 2.6571429 | I35: =INDEX($P$23:$P$31,MATCH($F35,$O$23:$O$31,1))+($F35-INDEX($O$23:$O$31,MATCH($F35,$O$23:$O$31,1)))*(INDEX($P$23:$P$31,MATCH($F35,$O$23:$O$31,1)+1)-INDEX($P$23:$P$31,MATCH($F35,$O$23:$O$31,1)))/(INDEX($O$23:$O$31,MATCH($F35,$O$23:$O$31,1)+1)-INDEX($O$23:$O$31,MATCH($F35,$O$23:$O$31,1))) -> 2.6571429 | J35: =A35/200*100 -> 85 | K35: =INDEX($P$23:$P$31,MATCH($J35,$O$23:$O$31,1))+($J35-INDEX($O$23:$O$31,MATCH($J35,$O$23:$O$31,1)))*(INDEX($P$23:$P$31,MATCH($J35,$O$23:$O$31,1)+1)-INDEX($P$23:$P$31,MATCH($J35,$O$23:$O$31,1)))/(INDEX($O$23:$O$31,MATCH($J35,$O$23:$O$31,1)+1)-INDEX($O$23:$O$31,MATCH($J35,$O$23:$O$31,1))) -> 3 | L35: =INDEX($P$23:$P$31,MATCH($J35,$O$23:$O$31,1))+($J35-INDEX($O$23:$O$31,MATCH($J35,$O$23:$O$31,1)))*(INDEX($P$23:$P$31,MATCH($J35,$O$23:$O$31,1)+1)-INDEX($P$23:$P$31,MATCH($J35,$O$23:$O$31,1)))/(INDEX($O$23:$O$31,MATCH($J35,$O$23:$O$31,1)+1)-INDEX($O$23:$O$31,MATCH($J35,$O$23:$O$31,1))) -> 3 | M35: =INDEX($P$23:$P$31,MATCH($J35,$O$23:$O$31,1))+($J35-INDEX($O$23:$O$31,MATCH($J35,$O$23:$O$31,1)))*(INDEX($P$23:$P$31,MATCH($J35,$O$23:$O$31,1)+1)-INDEX($P$23:$P$31,MATCH($J35,$O$23:$O$31,1)))/(INDEX($O$23:$O$31,MATCH($J35,$O$23:$O$31,1)+1)-INDEX($O$23:$O$31,MATCH($J35,$O$23:$O$31,1))) -> 3
A36: 180 | J36: =A36/200*100 -> 90 | K36: =INDEX($P$23:$P$31,MATCH($J36,$O$23:$O$31,1))+($J36-INDEX($O$23:$O$31,MATCH($J36,$O$23:$O$31,1)))*(INDEX($P$23:$P$31,MATCH($J36,$O$23:$O$31,1)+1)-INDEX($P$23:$P$31,MATCH($J36,$O$23:$O$31,1)))/(INDEX($O$23:$O$31,MATCH($J36,$O$23:$O$31,1)+1)-INDEX($O$23:$O$31,MATCH($J36,$O$23:$O$31,1))) -> 2.8 | L36: =INDEX($P$23:$P$31,MATCH($J36,$O$23:$O$31,1))+($J36-INDEX($O$23:$O$31,MATCH($J36,$O$23:$O$31,1)))*(INDEX($P$23:$P$31,MATCH($J36,$O$23:$O$31,1)+1)-INDEX($P$23:$P$31,MATCH($J36,$O$23:$O$31,1)))/(INDEX($O$23:$O$31,MATCH($J36,$O$23:$O$31,1)+1)-INDEX($O$23:$O$31,MATCH($J36,$O$23:$O$31,1))) -> 2.8 | M36: =INDEX($P$23:$P$31,MATCH($J36,$O$23:$O$31,1))+($J36-INDEX($O$23:$O$31,MATCH($J36,$O$23:$O$31,1)))*(INDEX($P$23:$P$31,MATCH($J36,$O$23:$O$31,1)+1)-INDEX($P$23:$P$31,MATCH($J36,$O$23:$O$31,1)))/(INDEX($O$23:$O$31,MATCH($J36,$O$23:$O$31,1)+1)-INDEX($O$23:$O$31,MATCH($J36,$O$23:$O$31,1))) -> 2.8
A37: 190 | J37: =A37/200*100 -> 95 | K37: =INDEX($P$23:$P$31,MATCH($J37,$O$23:$O$31,1))+($J37-INDEX($O$23:$O$31,MATCH($J37,$O$23:$O$31,1)))*(INDEX($P$23:$P$31,MATCH($J37,$O$23:$O$31,1)+1)-INDEX($P$23:$P$31,MATCH($J37,$O$23:$O$31,1)))/(INDEX($O$23:$O$31,MATCH($J37,$O$23:$O$31,1)+1)-INDEX($O$23:$O$31,MATCH($J37,$O$23:$O$31,1))) -> 2.7 | L37: =INDEX($P$23:$P$31,MATCH($J37,$O$23:$O$31,1))+($J37-INDEX($O$23:$O$31,MATCH($J37,$O$23:$O$31,1)))*(INDEX($P$23:$P$31,MATCH($J37,$O$23:$O$31,1)+1)-INDEX($P$23:$P$31,MATCH($J37,$O$23:$O$31,1)))/(INDEX($O$23:$O$31,MATCH($J37,$O$23:$O$31,1)+1)-INDEX($O$23:$O$31,MATCH($J37,$O$23:$O$31,1))) -> 2.7 | M37: =INDEX($P$23:$P$31,MATCH($J37,$O$23:$O$31,1))+($J37-INDEX($O$23:$O$31,MATCH($J37,$O$23:$O$31,1)))*(INDEX($P$23:$P$31,MATCH($J37,$O$23:$O$31,1)+1)-INDEX($P$23:$P$31,MATCH($J37,$O$23:$O$31,1)))/(INDEX($O$23:$O$31,MATCH($J37,$O$23:$O$31,1)+1)-INDEX($O$23:$O$31,MATCH($J37,$O$23:$O$31,1))) -> 2.7
A38: 200 | J38: 99 | K38: =INDEX($P$23:$P$31,MATCH($J38,$O$23:$O$31,1))+($J38-INDEX($O$23:$O$31,MATCH($J38,$O$23:$O$31,1)))*(INDEX($P$23:$P$31,MATCH($J38,$O$23:$O$31,1)+1)-INDEX($P$23:$P$31,MATCH($J38,$O$23:$O$31,1)))/(INDEX($O$23:$O$31,MATCH($J38,$O$23:$O$31,1)+1)-INDEX($O$23:$O$31,MATCH($J38,$O$23:$O$31,1))) -> 2.62 | L38: =INDEX($P$23:$P$31,MATCH($J38,$O$23:$O$31,1))+($J38-INDEX($O$23:$O$31,MATCH($J38,$O$23:$O$31,1)))*(INDEX($P$23:$P$31,MATCH($J38,$O$23:$O$31,1)+1)-INDEX($P$23:$P$31,MATCH($J38,$O$23:$O$31,1)))/(INDEX($O$23:$O$31,MATCH($J38,$O$23:$O$31,1)+1)-INDEX($O$23:$O$31,MATCH($J38,$O$23:$O$31,1))) -> 2.62 | M38: =INDEX($P$23:$P$31,MATCH($J38,$O$23:$O$31,1))+($J38-INDEX($O$23:$O$31,MATCH($J38,$O$23:$O$31,1)))*(INDEX($P$23:$P$31,MATCH($J38,$O$23:$O$31,1)+1)-INDEX($P$23:$P$31,MATCH($J38,$O$23:$O$31,1)))/(INDEX($O$23:$O$31,MATCH($J38,$O$23:$O$31,1)+1)-INDEX($O$23:$O$31,MATCH($J38,$O$23:$O$31,1))) -> 2.62
A41: CHART | B41: Small frame | F41: Medium frame | J41: Large frame
A42: Weight | B42: Maturity | C42: F:G low | D42: F:G med | E42: F:G high | F42: Maturity | G42: F:G low | H42: F:G med | I42: F:G high | J42: Maturity | K42: F:G low | L42: F:G med | M42: F:G high
A43: 50 | B43: =A43/145*100 -> 34.482759 | C43: =(C23/100*A23)/C3 -> 9.5812808 | D43: =(D23/100*A23)/D3 -> 6.7068966 | E43: =(E23/100*A23)/E3 -> 4.8777429 | F43: =A43/175*100 -> 28.571429 | G43: =(G23/100*A23)/G3 -> 7.9591837 | H43: =(H23/100*A23)/H3 -> 5.0649351 | I43: =(I23/100*A23)/I3 -> 3.7142857 | J43: =A43/200*100 -> 25 | K43: =(K23/100*A23)/K3 -> 7.1875 | L43: =(L23/100*A23)/L3 -> 4.7916667 | M43: =(M23/100*A23)/M3 -> 3.59375
A44: 60 | B44: =A44/145*100 -> 41.37931 | C44: =(C24/100*A24)/C4 -> 10.289655 | D44: =(D24/100*A24)/D4 -> 7.3497537 | E44: =(E24/100*A24)/E4 -> 5.415608 | F44: =A44/175*100 -> 34.285714 | G44: =(G24/100*A24)/G4 -> 8.952381 | H44: =(H24/100*A24)/H4 -> 5.755102 | I44: =(I24/100*A24)/I4 -> 4.2406015 | J44: =A44/200*100 -> 30 | K44: =(K24/100*A24)/K4 -> 7.8571429 | L44: =(L24/100*A24)/L4 -> 5.3225806 | M44: =(M24/100*A24)/M4 -> 4.0243902
A45: 70 | B45: =A45/145*100 -> 48.275862 | C45: =(C25/100*A25)/C5 -> 10.994438 | D45: =(D25/100*A25)/D5 -> 7.9262229 | E45: =(E25/100*A25)/E5 -> 5.8763377 | F45: =A45/175*100 -> 40 | G45: =(G25/100*A25)/G5 -> 9.5789474 | H45: =(H25/100*A25)/H5 -> 6.2758621 | I45: =(I25/100*A25)/I5 -> 4.6666667 | J45: =A45/200*100 -> 35 | K45: =(K25/100*A25)/K5 -> 8.3222222 | L45: =(L25/100*A25)/L5 -> 5.7615385 | M45: =(M25/100*A25)/M5 -> 4.4058824
A46: 80 | B46: =A46/145*100 -> 55.172414 | C46: =(C26/100*A26)/C6 -> 10.633229 | D46: =(D26/100*A26)/D6 -> 7.7977011 | E46: =(E26/100*A26)/E6 -> 5.8482759 | F46: =A46/175*100 -> 45.714286 | G46: =(G26/100*A26)/G6 -> 10.197802 | H46: =(H26/100*A26)/H6 -> 6.7409201 | I46: =(I26/100*A26)/I6 -> 5.034358 | J46: =A46/200*100 -> 40 | K46: =(K26/100*A26)/K6 -> 9.2444444 | L46: =(L26/100*A26)/L6 -> 6.4 | M46: =(M26/100*A26)/M6 -> 4.8941176
A47: 90 | B47: =A47/145*100 -> 62.068966 | C47: =(C27/100*A27)/C7 -> 9.7413793 | D47: =(D27/100*A27)/D7 -> 7.3060345 | E47: =(E27/100*A27)/E7 -> 5.5665025 | F47: =A47/175*100 -> 51.428571 | G47: =(G27/100*A27)/G7 -> 10.285714 | H47: =(H27/100*A27)/H7 -> 6.9133489 | I47: =(I27/100*A27)/I7 -> 5.2063492 | J47: =A47/200*100 -> 45 | K47: =(K27/100*A27)/K7 -> 9.375 | L47: =(L27/100*A27)/L7 -> 6.6176471 | M47: =(M27/100*A27)/M7 -> 5.1136364
A48: 100 | B48: =A48/145*100 -> 68.965517 | C48: =(C28/100*A28)/C8 -> 9.3466425 | D48: =(D28/100*A28)/D8 -> 7.1034483 | E48: =(E28/100*A28)/E8 -> 5.464191 | F48: =A48/175*100 -> 57.142857 | G48: =(G28/100*A28)/G8 -> 9.833887 | H48: =(H28/100*A28)/H8 -> 6.7120181 | I48: =(I28/100*A28)/I8 -> 5.0946644 | J48: =A48/200*100 -> 50 | K48: =(K28/100*A28)/K8 -> 9.6 | L48: =(L28/100*A28)/L8 -> 6.8571429 | M48: =(M28/100*A28)/M8 -> 5.3333333
A49: 110 | B49: =A49/145*100 -> 75.862069 | C49: =(C29/100*A29)/C9 -> 9.6225045 | D49: =(D29/100*A29)/D9 -> 7.3131034 | E49: =(E29/100*A29)/E9 -> 5.6254642 | F49: =A49/175*100 -> 62.857143 | G49: =(G29/100*A29)/G9 -> 9.4285714 | H49: =(H29/100*A29)/H9 -> 6.5274725 | I49: =(I29/100*A29)/I9 -> 4.9915966 | J49: =A49/200*100 -> 55 | K49: =(K29/100*A29)/K9 -> 8.962963 | L49: =(L29/100*A29)/L9 -> 6.5405405 | M49: =(M29/100*A29)/M9 -> 5.1489362
A50: 120 | B50: =A50/145*100 -> 82.758621 | C50: =(C30/100*A30)/C10 -> 10.298851 | D50: =(D30/100*A30)/D10 -> 7.7241379 | E50: =(E30/100*A30)/E10 -> 5.8850575 | F50: =A50/175*100 -> 68.571429 | G50: =(G30/100*A30)/G10 -> 9.5238095 | H50: =(H30/100*A30)/H10 -> 6.5934066 | I50: =(I30/100*A30)/I10 -> 5.0420168 | J50: =A50/200*100 -> 60 | K50: =(K30/100*A30)/K10 -> 8.7272727 | L50: =(L30/100*A30)/L10 -> 6.4 | M50: =(M30/100*A30)/M10 -> 5.0526316
A51: 130 | B51: =A51/145*100 -> 89.655172 | C51: =(C31/100*A31)/C11 -> 12.193103 | D51: =(D31/100*A31)/D11 -> 8.7093596 | E51: =(E31/100*A31)/E11 -> 6.4174229 | F51: =A51/175*100 -> 74.285714 | G51: =(G31/100*A31)/G11 -> 9.961039 | H51: =(H31/100*A31)/H11 -> 6.8482143 | I51: =(I31/100*A31)/I11 -> 5.2176871 | J51: =A51/200*100 -> 65 | K51: =(K31/100*A31)/K11 -> 8.4051724 | L51: =(L31/100*A31)/L11 -> 6.25 | M51: =(M31/100*A31)/M11 -> 4.9744898
A52: 140 | B52: =A52/145*100 -> 96.551724 | C52: =(C32/100*A32)/C12 -> 16.245877 | D52: =(D32/100*A32)/D12 -> 10.675862 | E52: =(E32/100*A32)/E12 -> 7.4731034 | F52: =A52/175*100 -> 80 | G52: =(G32/100*A32)/G12 -> 10.418605 | H52: =(H32/100*A32)/H12 -> 7.1111111 | I52: =(I32/100*A32)/I12 -> 5.3975904 | J52: =A52/200*100 -> 70 | K52: =(K32/100*A32)/K12 -> 8.1666667 | L52: =(L32/100*A32)/L12 -> 6.125 | M52: =(M32/100*A32)/M12 -> 4.9
A53: 150 | F53: =A53/175*100 -> 85.714286 | G53: =(G33/100*A33)/G13 -> 10.612245 | H53: =(H33/100*A33)/H13 -> 7.1889401 | I53: =(I33/100*A33)/I13 -> 5.4355401 | J53: =A53/200*100 -> 75 | K53: =(K33/100*A33)/K13 -> 8.375 | L53: =(L33/100*A33)/L13 -> 6.28125 | M53: =(M33/100*A33)/M13 -> 5.025
A54: 160 | F54: =A54/175*100 -> 91.428571 | G54: =(G34/100*A34)/G14 -> 11.085714 | H54: =(H34/100*A34)/H14 -> 7.3904762 | I54: =(I34/100*A34)/I14 -> 5.5428571 | J54: =A54/200*100 -> 80 | K54: =(K34/100*A34)/K14 -> 8.8275862 | L54: =(L34/100*A34)/L14 -> 6.5641026 | M54: =(M34/100*A34)/M14 -> 5.2244898
A55: 170 | F55: =A55/175*100 -> 97.142857 | G55: =(G35/100*A35)/G15 -> 15.057143 | H55: =(H35/100*A35)/H15 -> 9.0342857 | I55: =(I35/100*A35)/I15 -> 6.4530612 | J55: =A55/200*100 -> 85 | K55: =(K35/100*A35)/K15 -> 9.8076923 | L55: =(L35/100*A35)/L15 -> 7.0833333 | M55: =(M35/100*A35)/M15 -> 5.5434783
A56: 180 | J56: =A56/200*100 -> 90 | K56: =(K36/100*A36)/K16 -> 10.5 | L56: =(L36/100*A36)/L16 -> 7.4117647 | M56: =(M36/100*A36)/M16 -> 5.7272727
A57: 190 | J57: =A57/200*100 -> 95 | K57: =(K37/100*A37)/K17 -> 12.214286 | L57: =(L37/100*A37)/L17 -> 8.2741935 | M57: =(M37/100*A37)/M17 -> 6.2560976
A58: 200 | J58: =A58/200*100 -> 100 | K58: =(K38/100*A38)/K18 -> 14.971429 | L58: =(L38/100*A38)/L18 -> 9.5272727 | M58: =(M38/100*A38)/M18 -> 6.9866667
A60: NRC | B60: Small frame | F60: Medium frame | J60: Large frame
A61: Weight | B61: Maturity | C61: DMI low | D61: DMI med | E61: DMI high | F61: Maturity | G61: DMI low | H61: DMI med | I61: DMI high | J61: Maturity | K61: DMI low | L61: DMI med | M61: DMI high
A62: 50 | B62: =A62/145*100 -> 34.482759 | C62: =0.04*145/2.204*$B62/100*(1.7-$B62/100)*2.204 -> 2.7103448 | D62: =0.04*145/2.204*$B62/100*(1.7-$B62/100)*2.204 -> 2.7103448 | E62: =0.04*145/2.204*$B62/100*(1.7-$B62/100)*2.204 -> 2.7103448 | F62: =A62/175*100 -> 28.571429 | G62: =0.04*175/2.204*$F62/100*(1.7-$F62/100)*2.204 -> 2.8285714 | H62: =0.04*175/2.204*$F62/100*(1.7-$F62/100)*2.204 -> 2.8285714 | I62: =0.04*175/2.204*$F62/100*(1.7-$F62/100)*2.204 -> 2.8285714 | J62: =A62/200*100 -> 25 | K62: =0.04*200/2.204*$J62/100*(1.7-$J62/100)*2.204 -> 2.9 | L62: =0.04*200/2.204*$J62/100*(1.7-$J62/100)*2.204 -> 2.9 | M62: =0.04*200/2.204*$J62/100*(1.7-$J62/100)*2.204 -> 2.9
A63: 60 | B63: =A63/145*100 -> 41.37931 | C63: =0.04*145/2.204*$B63/100*(1.7-$B63/100)*2.204 -> 3.0868966 | D63: =0.04*145/2.204*$B63/100*(1.7-$B63/100)*2.204 -> 3.0868966 | E63: =0.04*145/2.204*$B63/100*(1.7-$B63/100)*2.204 -> 3.0868966 | F63: =A63/175*100 -> 34.285714 | G63: =0.04*175/2.204*$F63/100*(1.7-$F63/100)*2.204 -> 3.2571429 | H63: =0.04*175/2.204*$F63/100*(1.7-$F63/100)*2.204 -> 3.2571429 | I63: =0.04*175/2.204*$F63/100*(1.7-$F63/100)*2.204 -> 3.2571429 | J63: =A63/200*100 -> 30 | K63: =0.04*200/2.204*$J63/100*(1.7-$J63/100)*2.204 -> 3.36 | L63: =0.04*200/2.204*$J63/100*(1.7-$J63/100)*2.204 -> 3.36 | M63: =0.04*200/2.204*$J63/100*(1.7-$J63/100)*2.204 -> 3.36
A64: 70 | B64: =A64/145*100 -> 48.275862 | C64: =0.04*145/2.204*$B64/100*(1.7-$B64/100)*2.204 -> 3.4082759 | D64: =0.04*145/2.204*$B64/100*(1.7-$B64/100)*2.204 -> 3.4082759 | E64: =0.04*145/2.204*$B64/100*(1.7-$B64/100)*2.204 -> 3.4082759 | F64: =A64/175*100 -> 40 | G64: =0.04*175/2.204*$F64/100*(1.7-$F64/100)*2.204 -> 3.64 | H64: =0.04*175/2.204*$F64/100*(1.7-$F64/100)*2.204 -> 3.64 | I64: =0.04*175/2.204*$F64/100*(1.7-$F64/100)*2.204 -> 3.64 | J64: =A64/200*100 -> 35 | K64: =0.04*200/2.204*$J64/100*(1.7-$J64/100)*2.204 -> 3.78 | L64: =0.04*200/2.204*$J64/100*(1.7-$J64/100)*2.204 -> 3.78 | M64: =0.04*200/2.204*$J64/100*(1.7-$J64/100)*2.204 -> 3.78
A65: 80 | B65: =A65/145*100 -> 55.172414 | C65: =0.04*145/2.204*$B65/100*(1.7-$B65/100)*2.204 -> 3.6744828 | D65: =0.04*145/2.204*$B65/100*(1.7-$B65/100)*2.204 -> 3.6744828 | E65: =0.04*145/2.204*$B65/100*(1.7-$B65/100)*2.204 -> 3.6744828 | F65: =A65/175*100 -> 45.714286 | G65: =0.04*175/2.204*$F65/100*(1.7-$F65/100)*2.204 -> 3.9771429 | H65: =0.04*175/2.204*$F65/100*(1.7-$F65/100)*2.204 -> 3.9771429 | I65: =0.04*175/2.204*$F65/100*(1.7-$F65/100)*2.204 -> 3.9771429 | J65: =A65/200*100 -> 40 | K65: =0.04*200/2.204*$J65/100*(1.7-$J65/100)*2.204 -> 4.16 | L65: =0.04*200/2.204*$J65/100*(1.7-$J65/100)*2.204 -> 4.16 | M65: =0.04*200/2.204*$J65/100*(1.7-$J65/100)*2.204 -> 4.16
A66: 90 | B66: =A66/145*100 -> 62.068966 | C66: =0.04*145/2.204*$B66/100*(1.7-$B66/100)*2.204 -> 3.8855172 | D66: =0.04*145/2.204*$B66/100*(1.7-$B66/100)*2.204 -> 3.8855172 | E66: =0.04*145/2.204*$B66/100*(1.7-$B66/100)*2.204 -> 3.8855172 | F66: =A66/175*100 -> 51.428571 | G66: =0.04*175/2.204*$F66/100*(1.7-$F66/100)*2.204 -> 4.2685714 | H66: =0.04*175/2.204*$F66/100*(1.7-$F66/100)*2.204 -> 4.2685714 | I66: =0.04*175/2.204*$F66/100*(1.7-$F66/100)*2.204 -> 4.2685714 | J66: =A66/200*100 -> 45 | K66: =0.04*200/2.204*$J66/100*(1.7-$J66/100)*2.204 -> 4.5 | L66: =0.04*200/2.204*$J66/100*(1.7-$J66/100)*2.204 -> 4.5 | M66: =0.04*200/2.204*$J66/100*(1.7-$J66/100)*2.204 -> 4.5
A67: 100 | B67: =A67/145*100 -> 68.965517 | C67: =0.04*145/2.204*$B67/100*(1.7-$B67/100)*2.204 -> 4.0413793 | D67: =0.04*145/2.204*$B67/100*(1.7-$B67/100)*2.204 -> 4.0413793 | E67: =0.04*145/2.204*$B67/100*(1.7-$B67/100)*2.204 -> 4.0413793 | F67: =A67/175*100 -> 57.142857 | G67: =0.04*175/2.204*$F67/100*(1.7-$F67/100)*2.204 -> 4.5142857 | H67: =0.04*175/2.204*$F67/100*(1.7-$F67/100)*2.204 -> 4.5142857 | I67: =0.04*175/2.204*$F67/100*(1.7-$F67/100)*2.204 -> 4.5142857 | J67: =A67/200*100 -> 50 | K67: =0.04*200/2.204*$J67/100*(1.7-$J67/100)*2.204 -> 4.8 | L67: =0.04*200/2.204*$J67/100*(1.7-$J67/100)*2.204 -> 4.8 | M67: =0.04*200/2.204*$J67/100*(1.7-$J67/100)*2.204 -> 4.8
A68: 110 | B68: =A68/145*100 -> 75.862069 | C68: =0.04*145/2.204*$B68/100*(1.7-$B68/100)*2.204 -> 4.142069 | D68: =0.04*145/2.204*$B68/100*(1.7-$B68/100)*2.204 -> 4.142069 | E68: =0.04*145/2.204*$B68/100*(1.7-$B68/100)*2.204 -> 4.142069 | F68: =A68/175*100 -> 62.857143 | G68: =0.04*175/2.204*$F68/100*(1.7-$F68/100)*2.204 -> 4.7142857 | H68: =0.04*175/2.204*$F68/100*(1.7-$F68/100)*2.204 -> 4.7142857 | I68: =0.04*175/2.204*$F68/100*(1.7-$F68/100)*2.204 -> 4.7142857 | J68: =A68/200*100 -> 55 | K68: =0.04*200/2.204*$J68/100*(1.7-$J68/100)*2.204 -> 5.06 | L68: =0.04*200/2.204*$J68/100*(1.7-$J68/100)*2.204 -> 5.06 | M68: =0.04*200/2.204*$J68/100*(1.7-$J68/100)*2.204 -> 5.06
A69: 120 | B69: =A69/145*100 -> 82.758621 | C69: =0.04*145/2.204*$B69/100*(1.7-$B69/100)*2.204 -> 4.1875862 | D69: =0.04*145/2.204*$B69/100*(1.7-$B69/100)*2.204 -> 4.1875862 | E69: =0.04*145/2.204*$B69/100*(1.7-$B69/100)*2.204 -> 4.1875862 | F69: =A69/175*100 -> 68.571429 | G69: =0.04*175/2.204*$F69/100*(1.7-$F69/100)*2.204 -> 4.8685714 | H69: =0.04*175/2.204*$F69/100*(1.7-$F69/100)*2.204 -> 4.8685714 | I69: =0.04*175/2.204*$F69/100*(1.7-$F69/100)*2.204 -> 4.8685714 | J69: =A69/200*100 -> 60 | K69: =0.04*200/2.204*$J69/100*(1.7-$J69/100)*2.204 -> 5.28 | L69: =0.04*200/2.204*$J69/100*(1.7-$J69/100)*2.204 -> 5.28 | M69: =0.04*200/2.204*$J69/100*(1.7-$J69/100)*2.204 -> 5.28
A70: 130 | B70: =A70/145*100 -> 89.655172 | C70: =0.04*145/2.204*$B70/100*(1.7-$B70/100)*2.204 -> 4.177931 | D70: =0.04*145/2.204*$B70/100*(1.7-$B70/100)*2.204 -> 4.177931 | E70: =0.04*145/2.204*$B70/100*(1.7-$B70/100)*2.204 -> 4.177931 | F70: =A70/175*100 -> 74.285714 | G70: =0.04*175/2.204*$F70/100*(1.7-$F70/100)*2.204 -> 4.9771429 | H70: =0.04*175/2.204*$F70/100*(1.7-$F70/100)*2.204 -> 4.9771429 | I70: =0.04*175/2.204*$F70/100*(1.7-$F70/100)*2.204 -> 4.9771429 | J70: =A70/200*100 -> 65 | K70: =0.04*200/2.204*$J70/100*(1.7-$J70/100)*2.204 -> 5.46 | L70: =0.04*200/2.204*$J70/100*(1.7-$J70/100)*2.204 -> 5.46 | M70: =0.04*200/2.204*$J70/100*(1.7-$J70/100)*2.204 -> 5.46
A71: 140 | B71: =A71/145*100 -> 96.551724 | C71: =0.04*145/2.204*$B71/100*(1.7-$B71/100)*2.204 -> 4.1131034 | D71: =0.04*145/2.204*$B71/100*(1.7-$B71/100)*2.204 -> 4.1131034 | E71: =0.04*145/2.204*$B71/100*(1.7-$B71/100)*2.204 -> 4.1131034 | F71: =A71/175*100 -> 80 | G71: =0.04*175/2.204*$F71/100*(1.7-$F71/100)*2.204 -> 5.04 | H71: =0.04*175/2.204*$F71/100*(1.7-$F71/100)*2.204 -> 5.04 | I71: =0.04*175/2.204*$F71/100*(1.7-$F71/100)*2.204 -> 5.04 | J71: =A71/200*100 -> 70 | K71: =0.04*200/2.204*$J71/100*(1.7-$J71/100)*2.204 -> 5.6 | L71: =0.04*200/2.204*$J71/100*(1.7-$J71/100)*2.204 -> 5.6 | M71: =0.04*200/2.204*$J71/100*(1.7-$J71/100)*2.204 -> 5.6
A72: 150 | F72: =A72/175*100 -> 85.714286 | G72: =0.04*175/2.204*$F72/100*(1.7-$F72/100)*2.204 -> 5.0571429 | H72: =0.04*175/2.204*$F72/100*(1.7-$F72/100)*2.204 -> 5.0571429 | I72: =0.04*175/2.204*$F72/100*(1.7-$F72/100)*2.204 -> 5.0571429 | J72: =A72/200*100 -> 75 | K72: =0.04*200/2.204*$J72/100*(1.7-$J72/100)*2.204 -> 5.7 | L72: =0.04*200/2.204*$J72/100*(1.7-$J72/100)*2.204 -> 5.7 | M72: =0.04*200/2.204*$J72/100*(1.7-$J72/100)*2.204 -> 5.7
A73: 160 | F73: =A73/175*100 -> 91.428571 | G73: =0.04*175/2.204*$F73/100*(1.7-$F73/100)*2.204 -> 5.0285714 | H73: =0.04*175/2.204*$F73/100*(1.7-$F73/100)*2.204 -> 5.0285714 | I73: =0.04*175/2.204*$F73/100*(1.7-$F73/100)*2.204 -> 5.0285714 | J73: =A73/200*100 -> 80 | K73: =0.04*200/2.204*$J73/100*(1.7-$J73/100)*2.204 -> 5.76 | L73: =0.04*200/2.204*$J73/100*(1.7-$J73/100)*2.204 -> 5.76 | M73: =0.04*200/2.204*$J73/100*(1.7-$J73/100)*2.204 -> 5.76
A74: 170 | F74: =A74/175*100 -> 97.142857 | G74: =0.04*175/2.204*$F74/100*(1.7-$F74/100)*2.204 -> 4.9542857 | H74: =0.04*175/2.204*$F74/100*(1.7-$F74/100)*2.204 -> 4.9542857 | I74: =0.04*175/2.204*$F74/100*(1.7-$F74/100)*2.204 -> 4.9542857 | J74: =A74/200*100 -> 85 | K74: =0.04*200/2.204*$J74/100*(1.7-$J74/100)*2.204 -> 5.78 | L74: =0.04*200/2.204*$J74/100*(1.7-$J74/100)*2.204 -> 5.78 | M74: =0.04*200/2.204*$J74/100*(1.7-$J74/100)*2.204 -> 5.78
A75: 180 | J75: =A75/200*100 -> 90 | K75: =0.04*200/2.204*$J75/100*(1.7-$J75/100)*2.204 -> 5.76 | L75: =0.04*200/2.204*$J75/100*(1.7-$J75/100)*2.204 -> 5.76 | M75: =0.04*200/2.204*$J75/100*(1.7-$J75/100)*2.204 -> 5.76
A76: 190 | J76: =A76/200*100 -> 95 | K76: =0.04*200/2.204*$J76/100*(1.7-$J76/100)*2.204 -> 5.7 | L76: =0.04*200/2.204*$J76/100*(1.7-$J76/100)*2.204 -> 5.7 | M76: =0.04*200/2.204*$J76/100*(1.7-$J76/100)*2.204 -> 5.7
A77: 200 | J77: 99 | K77: =0.04*200/2.204*$J77/100*(1.7-$J77/100)*2.204 -> 5.6232 | L77: =0.04*200/2.204*$J77/100*(1.7-$J77/100)*2.204 -> 5.6232 | M77: =0.04*200/2.204*$J77/100*(1.7-$J77/100)*2.204 -> 5.6232
A79: NRC | B79: Small frame | F79: Medium frame | J79: Large frame
A80: Weight | B80: Maturity | C80: F:G low | D80: F:G med | E80: F:G high | F80: Maturity | G80: F:G low | H80: F:G med | I80: F:G high | J80: Maturity | K80: F:G low | L80: F:G med | M80: F:G high
A81: 50 | B81: =A81/145*100 -> 34.482759 | C81: =C62/C3 -> 9.679803 | D81: =D62/D3 -> 6.7758621 | E81: =E62/E3 -> 4.9278997 | F81: =A81/175*100 -> 28.571429 | G81: =G62/G3 -> 8.0816327 | H81: =H62/H3 -> 5.1428571 | I81: =I62/I3 -> 3.7714286 | J81: =A81/200*100 -> 25 | K81: =K62/K3 -> 7.25 | L81: =L62/L3 -> 4.8333333 | M81: =M62/M3 -> 3.625
A82: 60 | B82: =A82/145*100 -> 41.37931 | C82: =C63/C4 -> 10.289655 | D82: =D63/D4 -> 7.3497537 | E82: =E63/E4 -> 5.415608 | F82: =A82/175*100 -> 34.285714 | G82: =G63/G4 -> 9.047619 | H82: =H63/H4 -> 5.8163265 | I82: =I63/I4 -> 4.2857143 | J82: =A82/200*100 -> 30 | K82: =K63/K4 -> 8 | L82: =L63/L4 -> 5.4193548 | M82: =M63/M4 -> 4.097561
A83: 70 | B83: =A83/145*100 -> 48.275862 | C83: =C64/C5 -> 10.994438 | D83: =D64/D5 -> 7.9262229 | E83: =E64/E5 -> 5.8763377 | F83: =A83/175*100 -> 40 | G83: =G64/G5 -> 9.5789474 | H83: =H64/H5 -> 6.2758621 | I83: =I64/I5 -> 4.6666667 | J83: =A83/200*100 -> 35 | K83: =K64/K5 -> 8.4 | L83: =L64/L5 -> 5.8153846 | M83: =M64/M5 -> 4.4470588
A84: 80 | B84: =A84/145*100 -> 55.172414 | C84: =C65/C6 -> 11.134796 | D84: =D65/D6 -> 8.1655172 | E84: =E65/E6 -> 6.1241379 | F84: =A84/175*100 -> 45.714286 | G84: =G65/G6 -> 10.197802 | H84: =H65/H6 -> 6.7409201 | I84: =I65/I6 -> 5.034358 | J84: =A84/200*100 -> 40 | K84: =K65/K6 -> 9.2444444 | L84: =L65/L6 -> 6.4 | M84: =M65/M6 -> 4.8941176
A85: 90 | B85: =A85/145*100 -> 62.068966 | C85: =C66/C7 -> 10.793103 | D85: =D66/D7 -> 8.0948276 | E85: =E66/E7 -> 6.1674877 | F85: =A85/175*100 -> 51.428571 | G85: =G66/G7 -> 10.41115 | H85: =H66/H7 -> 6.9976581 | I85: =I66/I7 -> 5.2698413 | J85: =A85/200*100 -> 45 | K85: =K66/K7 -> 9.375 | L85: =L66/L7 -> 6.6176471 | M85: =M66/M7 -> 5.1136364
A86: 100 | B86: =A86/145*100 -> 68.965517 | C86: =C67/C8 -> 10.635209 | D86: =D67/D8 -> 8.0827586 | E86: =E67/E8 -> 6.2175066 | F86: =A86/175*100 -> 57.142857 | G86: =G67/G8 -> 10.498339 | H86: =H67/H8 -> 7.1655329 | I86: =I67/I8 -> 5.4388985 | J86: =A86/200*100 -> 50 | K86: =K67/K8 -> 9.6 | L86: =L67/L8 -> 6.8571429 | M86: =M67/M8 -> 5.3333333
A87: 110 | B87: =A87/145*100 -> 75.862069 | C87: =C68/C9 -> 10.900181 | D87: =D68/D9 -> 8.2841379 | E87: =E68/E9 -> 6.3724138 | F87: =A87/175*100 -> 62.857143 | G87: =G68/G9 -> 10.47619 | H87: =H68/H9 -> 7.2527473 | I87: =I68/I9 -> 5.5462185 | J87: =A87/200*100 -> 55 | K87: =K68/K9 -> 9.3703704 | L87: =L68/L9 -> 6.8378378 | M87: =M68/M9 -> 5.3829787
A88: 120 | B88: =A88/145*100 -> 82.758621 | C88: =C69/C10 -> 11.632184 | D88: =D69/D10 -> 8.7241379 | E88: =E69/E10 -> 6.6469622 | F88: =A88/175*100 -> 68.571429 | G88: =G69/G10 -> 10.819048 | H88: =H69/H10 -> 7.4901099 | I88: =I69/I10 -> 5.7277311 | J88: =A88/200*100 -> 60 | K88: =K69/K10 -> 9.6 | L88: =L69/L10 -> 7.04 | M88: =M69/M10 -> 5.5578947
A89: 130 | B89: =A89/145*100 -> 89.655172 | C89: =C70/C11 -> 13.926437 | D89: =D70/D11 -> 9.9474548 | E89: =E70/E11 -> 7.3297036 | F89: =A89/175*100 -> 74.285714 | G89: =G70/G11 -> 11.311688 | H89: =H70/H11 -> 7.7767857 | I89: =I70/I11 -> 5.9251701 | J89: =A89/200*100 -> 65 | K89: =K70/K11 -> 9.4137931 | L89: =L70/L11 -> 7 | M89: =M70/M11 -> 5.5714286
A90: 140 | B90: =A90/145*100 -> 96.551724 | C90: =C71/C12 -> 17.883058 | D90: =D71/D12 -> 11.751724 | E90: =E71/E12 -> 8.2262069 | F90: =A90/175*100 -> 80 | G90: =G71/G12 -> 11.72093 | H90: =H71/H12 -> 8 | I90: =I71/I12 -> 6.0722892 | J90: =A90/200*100 -> 70 | K90: =K71/K12 -> 9.3333333 | L90: =L71/L12 -> 7 | M90: =M71/M12 -> 5.6
A91: 150 | F91: =A91/175*100 -> 85.714286 | G91: =G72/G13 -> 12.040816 | H91: =H72/H13 -> 8.156682 | I91: =I72/I13 -> 6.1672474 | J91: =A91/200*100 -> 75 | K91: =K72/K13 -> 9.5 | L91: =L72/L13 -> 7.125 | M91: =M72/M13 -> 5.7
A92: 160 | F92: =A92/175*100 -> 91.428571 | G92: =G73/G14 -> 12.571429 | H92: =H73/H14 -> 8.3809524 | I92: =I73/I14 -> 6.2857143 | J92: =A92/200*100 -> 80 | K92: =K73/K14 -> 9.9310345 | L92: =L73/L14 -> 7.3846154 | M92: =M73/M14 -> 5.877551
A93: 170 | F93: =A93/175*100 -> 97.142857 | G93: =G74/G15 -> 16.514286 | H93: =H74/H15 -> 9.9085714 | I93: =I74/I15 -> 7.077551 | J93: =A93/200*100 -> 85 | K93: =K74/K15 -> 11.115385 | L93: =L74/L15 -> 8.0277778 | M93: =M74/M15 -> 6.2826087
A94: 180 | J94: =A94/200*100 -> 90 | K94: =K75/K16 -> 12 | L94: =L75/L16 -> 8.4705882 | M94: =M75/M16 -> 6.5454545
A95: 190 | J95: =A95/200*100 -> 95 | K95: =K76/K17 -> 13.571429 | L95: =L76/L17 -> 9.1935484 | M95: =M76/M17 -> 6.9512195
A96: 200 | J96: =A96/200*100 -> 100 | K96: =K77/K18 -> 16.066286 | L96: =L77/L18 -> 10.224 | M96: =M77/M18 -> 7.4976
